Workbook

Sheet Daily Cost Calc
A1: DAILY COST OF CARE CALCULATIONS
A2: Total Institutional Costs | B2: ='BILLING RATE CALC'!F23 -> 2.6289755e+08
A3: Daily Cost (Divided by 365 days) | B3: =B2/365 -> 720267.27
A4: Average Daily Institutional Population for Fiscal Year 2016 | B4: ='Inmate Avg Daily Population'!N18 -> 4814
A5: Annual Total Mandays for Fiscal Year 2016 | B5: =B4*365 -> 1757110
A6: Daily Cost per Institutional Prisoner | B6: ='BILLING RATE CALC'!G23 -> 149.61929
A9: Total Community Residential Centers Costs | B9: ='COST ALLOCATION'!J34 -> 24735206
A10: Daily Cost (Divided by 365 days) | B10: =B9/365 -> 67767.688
A11: Average Daily CRC Population for Fiscal Year 2016 | B11: ='Inmate Avg Daily Population'!N20+'Inmate Avg Daily Population'!N21 -> 643.9
A12: Annual Total Mandays for Fiscal Year 2016 | B12: =B11*365 -> 235023.5
A13: Daily Cost Per Community Residential Center Inmate | B13: =B10/B11 -> 105.24567
A16: Total Probation/Parole Costs | B16: ='COST ALLOCATION'!J31+'COST ALLOCATION'!J30 -> 18347154
A17: Daily Cost (Divided by 365 days) | B17: =B16/365 -> 50266.176
A18: Average Daily Probationers/Parole Served for Fiscal Year 2016 | B18: ='Monthly PO Workload Stats'!O280 -> 5359.6667 | C18: ?
A19: Annual Total Mandays for Fiscal Year 2016 | B19: =B18*365 -> 1956278.3
A20: Daily Cost per Probationer/Parolee | B20: =B17/B18 -> 9.3786011
A23: Total Community Jail Costs | B23: ='COST ALLOCATION'!J29 -> 7227523.2
A24: Daily Cost (Divided by 365 days) | B24: =B23/365 -> 19801.433
A25: Average Daily Community Jail Population for Fiscal Year 2016 | B25: ='Avg Daily Community Jails'!H125 -> 77.095342 | C25: ?
A26: Annual Total Mandays for Fiscal Year 2016 | B26: =B25*365 -> 28139.8
A27: Daily Cost per Prisoner | B27: =B24/B25 -> 256.84345
A30: Total Electronic Monitoring Costs | B30: ='COST ALLOCATION'!J33 -> 3383142.3
A31: Daily Cost (Divided by 365 days) | B31: =B30/365 -> 9268.8831
A32: Average Daily Electronic Monitoring Population for Fiscal Year 2016 | B32: ='Inmate Avg Daily Population'!N23 -> 419.08333 | C32: ?
A33: Annual Total Mandays for Fiscal Year 2016 | B33: =B32*365 -> 152965.42
A34: Daily Cost per Prisoner | B34: =B31/B32 -> 22.117041
A37: Total Out-of-State Contractual Costs | B37: ='COST ALLOCATION'!J32 -> 305866.32
A38: Daily Cost (Divided by 365 days) | B38: =B37/365 -> 837.98991
A39: Average Daily Out-of-State Population for Fiscal Year 2016 | B39: ='Inmate Avg Daily Population'!N24+'Inmate Avg Daily Population'!N25 -> 10.416667
A40: Annual Total Mandays for Fiscal Year 2016 | B40: =B39*365 -> 3802.0833
A41: Daily Cost Per Prisoner | B41: =B38/B39 -> 80.447032
A44: Revised 10/11/16 lj

Sheet Sched-A
A1: COST SHEET FOR DETENTION SERVICES
A2: Section I - General Information
A3: Name of Facility: | B3: Department of Corrections | E3: Physical Address of Facility: | H3: Juneau, Alaska
A4: Phone Number: | B4: (907) 465-3460
A5: Section II - Financial Data Summary
A6: Total Operating Cost for Jail:
A7: A. Time Frame | C7: From: | D7: 42552 | E7: To: | F7: 42916
D8: (month/year) | F8: (month/year) | H8: Annual Cost
A9: B. Total Personnel salary/wage costs (Schedule B - Part I) | H9: ='Sched-B1'!B17 -> 90377301
A10: C. Total Personnel Benefits/Other Personnel Services (Schedule B - Part II) | H10: ='Sched-B1'!C17+'Sched-B1'!D17 -> 54163461
A11: D. Total Consultants and Contract Services (Schedule C) | H11: ='Sched-C'!D24 -> 22259630
A12: E. Other Direct Operating costs (Schedule D1 and D2) | H12: ='Sched-D1'!F658+'Sched-D2'!F114 -> 78936316
A13: F. Indirect Costs (Schedule E)* | H13: ='Sched-E'!E4 -> 9450108.3
A14: G. Equipment Depreciation costs (Schedule F) | H14: ='Sched-F-G'!C18 -> 612060.37
A15: H. Building Depreciation Costs (Schedule G) | H15: ='Sched-F-G'!D38 -> 7493031.7
A16: I. Total Operating Costs (Sum of Schedules B-G) | H16: =SUM(H9:H15) -> 2.6329191e+08
A17: Total Actual Operating Cost for Prior Fiscal Year
A19: COST SHEET FOR DETENTION SERVICES (continued)
A20: Section III - Prisoner Population Information
A21: Time Frame of Prisoner Information | E21: FROM: | F21: 42552 | G21: TO: | H21: 42916
A22: (must correspond with time frame on previous page) | F22: (month/year) | H22: (month/year)
A23: Inmate Capacity of Jail: | D23: MALE | F23: FEMALE | H23: TOTAL
D24: - | F24: - | H24: 5274
A25: Average Daily Population: | D25: MALE | F25: FEMALE | H25: TOTAL
A26: Type of Prisoner | C26: Federal | D26: - | F26: -
C27: Local | D27: - | F27: -
C28: State | D28: - | F28: -
C29: Total | D29: =H29-F29 -> 4267 | F29: ='IADP-By Gender'!L23 -> 547 | H29: ='Inmate Avg Daily Population'!N18 -> 4814
A30: Section IV - Per Diem
A31: Proposed Per Diem Rate for Federal Prisoners: | F31: ='BILLING RATE CALC'!G23 -> 149.61929
A32: State Prisoner Per Diem Rate: | F32: ='BILLING RATE CALC'!G23 -> 149.61929
A33: Section V - Local Government Contact
A34: Please provide the name of the individual authorized to represent and to act for the Local Government in jail day rate negotiations.
A35: Name | B35: April Wilkerson | E35: Department/Office | G35: State of Alaska, Dept of Corrections
A36: Title | B36: Director, Admin. Services | E36: Street | G36: PO Box 112000
A37: Phone | B37: (907) 269-7397 | E37: City | F37: Juneau | G37: State/Zip | H37: AK, 99811
A38: Fax | B38: (907) 465-3315
A39: Section VI - Certification Statement
A40: This is to certify that, to the vest of my knowledge and belief, the data furnished in Schedules B through G are accurate, complete and current, and do not include any unallocable, or unallowable costs prohibited by OMB Circular No. A-87 (Cost Principles for State and Local Governments) or any cost not related to the jail facility as discussed on Form USM-243 (Cost Sheet for Detention Services.) The records of this agency are available for review and audit by the authorized representative of the U.S. Government to verify any jail per diem rate negotiated.
A41: Signature | F41: Date
A42: Name | B42: April Wilkerson | F42: Title | G42: Director, Administrative Services

Sheet Sched-B1
A1: TOTAL PERSONAL SERVICES
A2: BY INDIVIDUAL INSTITUTIONS
A3: Facility | B3: Total Wages | C3: Total Benefits | D3: Other Personal Services | E3: Total Personal Services | F3: Number of Employees | G3: General Capacity
A4: Anchorage Complex | B4: 16019909 | C4: 9544857.4 | D4: 11298.94 | E4: =SUM(B4:D4) -> 25576065 | F4: 240 | G4: 829
A5: Anvil Mtn. CC | B5: 3243637.5 | C5: 1762207.4 | D5: 1739.87 | E5: =SUM(B5:D5) -> 5007584.8 | F5: 39 | G5: 126
A6: Comb Hiland Mtn. CC | B6: 6369396.9 | C6: 3820566.8 | D6: -918.16 | E6: =SUM(B6:D6) -> 10189046 | F6: 96 | G6: 395
A7: Fairbanks CC | B7: 5811800.4 | C7: 3445491.5 | D7: 1657.25 | E7: =SUM(B7:D7) -> 9258949.1 | F7: 89 | G7: 248
A8: Goose Creek CC | B8: 19058080 | C8: 12191048 | D8: 15538 | E8: =SUM(B8:D8) -> 31264667 | F8: 333 | G8: 1408
A9: Ketchikan CC | B9: 2539622.9 | C9: 1480168.2 | D9: 2447.77 | E9: =SUM(B9:D9) -> 4022238.9 | F9: 35 | G9: 52
A10: Lemon Creek CC | B10: 5186177.1 | C10: 2989855.5 | D10: 4102.03 | E10: =SUM(B10:D10) -> 8180134.7 | F10: 74 | G10: 226
A11: Mat-Su CC | B11: 2706165.9 | C11: 1572170.4 | D11: -333.83 | E11: =SUM(B11:D11) -> 4278002.5 | F11: 37 | G11: 98
A12: Palmer CC | B12: 6250836.9 | C12: 3794715.4 | D12: 4382.97 | E12: =SUM(B12:D12) -> 10049935 | F12: 101 | G12: =327+176 -> 503
A13: Spring Creek CC | B13: 11434397 | C13: 6801490.3 | D13: 11878.9 | E13: =SUM(B13:D13) -> 18247766 | F13: 171 | G13: 535
A14: Wildwood CC | B14: 7453771.8 | C14: 4459627.2 | D14: 6379.26 | E14: =SUM(B14:D14) -> 11919778 | F14: 115 | G14: =320+110 -> 430
A15: Yukon Kuskokwim CC | B15: 4303505.1 | C15: 2240655.2 | D15: 2434.55 | E15: =SUM(B15:D15) -> 6546594.8 | F15: 41 | G15: 189
A16: Pt. MacKenzie CF | B16: 0 | C16: 0 | D16: 0 | E16: =SUM(B16:D16) -> 0 | F16: 0 | G16: 50
A17: Total | B17: =SUM(B4:B16) -> 90377301 | C17: =SUM(C4:C16) -> 54102854 | D17: =SUM(D4:D16) -> 60607.55 | E17: =SUM(E4:E16) -> 1.4454076e+08 | F17: =SUM(F4:F16) -> 1371 | G17: =SUM(G4:G16) -> 5089
A19: Revised 09/16/16 lj

Sheet Sched-B2
A1: PERSONAL SERVICES BENEFITS BY INDIVIDUAL INSTITUTIONS
A2: Institution | B2: Benefit | C2: %Employer Contribution | D2: Annual Cost | E2: Sub-Total | F2: IRIS Codes
A3: Anchorage Complex | B3: Annual Physical Reimbursement | C3: not a set $ | D3: 288.5 | F3: 1027
B4: AK Supplemental Benefit | C4: 0.0613 | D4: 980569.2 | F4: 1028
B5: Public Employee's Retirement System Defined Benefits | C5: 0.22 | D5: 1728869.2 | F5: 1029
B6: Public Employee's Retirement System Defined Contribution | C6: - | D6: 481548.94 | F6: 1030
B7: Public Employee's Retirement System Defined Cont Health Reim | C7: - | D7: 271980.23 | F7: 1034
B8: Public Employee's Retiremnt Sys Defined Cont Retiree Medical | C8: - | D8: 136739.93 | F8: 1035
B9: Public Employee's Retiremnt Sys Defined Benefit Unfnd Liab | C9: - | D9: 901831.5 | F9: 1037
B10: Unemployment Insurance | C10: 0.004 | D10: 42005.42 | F10: 1039
B11: Group Health Insurance | C11: $1350.25/mo | D11: 3727217.2 | F11: 1040
B12: Basic Life and Travel | C12: $0.00/mo.pp | D12: 9145.77 | F12: 1041
B13: Worker's Compensation Insurance | C13: 0.0004 | D13: 539069.82 | F13: 1042
B14: Leave Cash In Employer Charge | C14: 0.0226 | D14: 329280.91 | F14: 1047
B15: Terminal Leave Employer Charge | C15: 0.0103 | D15: 157837.09 | F15: 1048
B16: ACOA Injury Leave Contribution | C16: $8.00/mo | D16: 14325.13 | F16: 1049
B17: Leave- Holiday | D17: 0
B18: Medicare Tax | C18: 0.0145 | D18: 224148.51 | F18: 1053
B19: Other Personal Services | D19: 11298.94 | F19: 1004 | G19: :Total Object Category
E20: =SUM(D3:D19) -> 9556156.3 | G20: ='Sched-B1'!C4+'Sched-B1'!D4 -> 9556156.3 | H20: =E20-G20 -> 0
A21: Anvil Mtn. CC | B21: Annual Physical Reimbursement | C21: not a set $ | D21: 0
B22: AK Supplemental Benefit | C22: 0.0613 | D22: 198683.19
B23: Public Employee's Retirement System Defined Benefits | C23: 0.22 | D23: 439729.14
B24: Public Employee's Retirement System Defined Contribution | C24: - | D24: 72425.47
B25: Public Employee's Retirement System Defined Cont Health Reim | C25: - | D25: 32808.59
B26: Public Employee's Retiremnt Sys Defined Cont Retiree Medical | C26: - | D26: 20977.73
B27: Public Employee's Retiremnt Sys Defined Benefit Unfnd Liab | C27: - | D27: 148632.1
B28: Unemployment Insurance | C28: =C10 -> 0.004 | D28: 8748.77
B29: Group Health Insurance | C29: =C11 -> $1350.25/mo | D29: 574814
B30: Basic Life & Travel | C30: $0.00/mo.pp | D30: 1385.32
B31: Workman's Compensation | C31: =C13 -> 0.0004 | D31: 110241.67
B32: Leave Cash-in/Payout | C32: =C14 -> 0.0226 | D32: 71297.04
B33: Terminal Leave Charge | C33: =C15 -> 0.0103 | D33: 34259.27
B34: Injury Leave Contribution | C34: =C16 -> $8.00/mo | D34: 2174.34
B35: Medicare Tax | C35: =C18 -> 0.0145 | D35: 46030.82
B36: Other Personal Services | D36: 1739.87
E37: =SUM(D21:D36) -> 1763947.3 | G37: ='Sched-B1'!C5+'Sched-B1'!D5 -> 1763947.3 | H37: =E37-G37 -> 0
A38: Comb Hiland Mt.CC | B38: Annual Physical Reimbursement | C38: not a set $ | D38: 90
B39: AK Supplemental Benefit | C39: 0.0613 | D39: 391518.71
B40: Public Employee's Retirement System Defined Benefits | C40: =C5 -> 0.22 | D40: 890713.87
B41: Public Employee's Retirement System Defined Contribution | C41: - | D41: 139754.59
B42: Public Employee's Retirement System Defined Cont Health Reim | C42: - | D42: 80696.46
B43: Public Employee's Retiremnt Sys Defined Cont Retiree Medical | C43: - | D43: 39565.07
B44: Public Employee's Retiremnt Sys Defined Benefit Unfnd Liab | C44: - | D44: 259388.56
B45: Unemployment Insurance | C45: =C10 -> 0.004 | D45: 16910.62
B46: Group Health Insurance | C46: =C11 -> $1350.25/mo | D46: 1478946.3
B47: Basic Life & Travel | C47: $0.00/mo.pp | D47: 3634.73
B48: Workman's Compensation | C48: =C13 -> 0.0004 | D48: 216158.73
B49: Leave Cash-in/Payout | C49: =C14 -> 0.0226 | D49: 140809
B50: Terminal Leave Charge | C50: =C15 -> 0.0103 | D50: 67553.92
B51: Injury Leave Contribution | C51: $8.00/mo | D51: 6058.83
B52: Medicare Tax | C52: =C18 -> 0.0145 | D52: 88767.46
B53: Other Personal Services | D53: -918.16
E54: =SUM(D38:D53) -> 3819648.7 | G54: ='Sched-B1'!C6+'Sched-B1'!D6 -> 3819648.7 | H54: =E54-G54 -> 0
A55: Fairbanks CC | B55: Annual Physical Reimbursement | C55: not a set $ | D55: 200
B56: AK Supplemental Benefit | C56: 0.0613 | D56: 357887.92
B57: Public Employee's Retirement System Defined Benefits | C57: 0.22 | D57: 684979.69
B58: Public Employee's Retirement System Defined Contribution | C58: - | D58: 159431.91
B59: Public Employee's Retirement System Defined Cont Health Reim | C59: - | D59: 86032.75
B60: Public Employee's Retiremnt Sys Defined Cont Retiree Medical | C60: - | D60: 45270.89
B61: Public Employee's Retiremnt Sys Defined Benefit Unfnd Liab | C61: - | D61: 302613.98
B62: Unemployment Insurance | C62: 0.0036 | D62: 15210.53
B63: Group Health Insurance | C63: =C11 -> $1350.25/mo | D63: 1324677
B64: Basic Life & Travel | C64: $0.00/mo.pp | D64: 3259.94
B65: Workman's Compensation | C65: =C13 -> 0.0004 | D65: 196196.21
B66: Leave Cash-in/Payout | C66: =C14 -> 0.0226 | D66: 123924.65
B67: Terminal Leave Charge | C67: =C15 -> 0.0103 | D67: 59415.64
B68: Injury Leave Contribution | C68: $8.00/mo | D68: 5285.36
B69: Medicare Tax | C69: 0.0145 | D69: 81105.04
B70: Other Personal Services | D70: 1657.25
E71: =SUM(D55:D70) -> 3447148.8 | G71: ='Sched-B1'!C7+'Sched-B1'!D7 -> 3447148.8 | H71: =E71-G71 -> 0
A72: Goose Creek CC | B72: Annual Physical Reimbursement | C72: not a set $ | D72: 0
B73: AK Supplemental Benefit | C73: 0.0613 | D73: 1170198.2
B74: Public Employee's Retirement System Defined Benefits | C74: 0.22 | D74: 991395.04
B75: Public Employee's Retirement System Defined Contribution | C75: - | D75: 862547.14
B76: Public Employee's Retirement System Defined Cont Health Reim | C76: - | D76: 524826.95
B77: Public Employee's Retiremnt Sys Defined Cont Retiree Medical | C77: - | D77: 244903.96
B78: Public Employee's Retiremnt Sys Defined Benefit Unfnd Liab | C78: - | D78: 1578690.4
B79: Unemployment Insurance | C79: 0.0036 | D79: 50522.8
B80: Group Health Insurance | C80: =C11 -> $1350.25/mo | D80: 5193787
B81: Basic Life & Travel | C81: $0.00/mo.pp | D81: 12587.14
B82: Workman's Compensation | C82: =C13 -> 0.0004 | D82: 643470.74
B83: Leave Cash-in/Payout | C83: =C14 -> 0.0226 | D83: 426526.04
B84: Terminal Leave Charge | C84: =C15 -> 0.0103 | D84: 204460.55
B85: Injury Leave Contribution | C85: $8.00/mo | D85: 20367.24
B86: Medicare Tax | C86: 0.0145 | D86: 266765.28
B87: Other Personal Services | D87: 15538
E88: =SUM(D72:D87) -> 12206586 | G88: ='Sched-B1'!C8+'Sched-B1'!D8 -> 12206586 | H88: =E88-G88 -> 0
A89: Ketchikan CC | B89: Annual Physical Reimbursement | C89: not a set $ | D89: 0
B90: AK Supplemental Benefit | C90: 0.0613 | D90: 155719.22
B91: Public Employee's Retirement System Defined Benefits | C91: 0.22 | D91: 358563.95
B92: Public Employee's Retirement System Defined Contribution | C92: - | D92: 54372.04
B93: Public Employee's Retirement System Defined Cont Health Reim | C93: - | D93: 27347.3
B94: Public Employee's Retiremnt Sys Defined Cont Retiree Medical | C94: - | D94: 15204.08
B95: Public Employee's Retiremnt Sys Defined Benefit Unfnd Liab | C95: - | D95: 102361.91
B96: Unemployment Insurance | C96: 0.0036 | D96: 6518.67
B97: Group Health Insurance | C97: =C11 -> $1350.25/mo | D97: 554749
B98: Basic Life & Travel | C98: $0.00/mo.pp | D98: 1362.63
B99: Workman's Compensation | C99: =C13 -> 0.0004 | D99: 84824.01
B100: Leave Cash-in/Payout | C100: =C14 -> 0.0226 | D100: 54888.41
...

Sheet Sched-C
A1: CONSULTANTS & CONTRACT SERVICES
A2: Type of Service | B2: Description of Service | C2: Number of Contracts | D2: Annual Cost | E2: IRIS CODES
A3: MEDICAL | B3: Non-employee contracted | C3: =23+3+9 -> 35 | D3: 16481620 | E3: 3041
B4: physicians/nurses/PAs/X-ray
B5: Non-employee fee for services | C5: -
B6: physicians/nurses/PAs/X-ray
A8: DENTAL | B8: Non-employee contracted | C8: =5 -> 5 | D8: 360719.78 | E8: 3042
B9: dentist/hygienist/assistant
B10: Non-employee fee for service | C10: -
B11: dentist/hygienist/assistant
A13: SOCIAL COUNSELING | B13: Non-employee contracted | C13: =1+1+21 -> 23 | D13: =3391822.48+1312423.12+68500+116200 -> 4888945.6 | E13: 3040 | F13: Batterer's RSA | G13: FY16: 2 RSA's (BIP $ 68,500 /PBP $ 116,200): DPS
B14: substance abuse,batterers &
B15: sex offender treatment
A17: PSYCHOLOGICAL | B17: Non-employee contracted | C17: 12 | D17: =5232590.93-3391822.48-1312423.12 -> 528345.33 | E17: 3040
A18: COUNSELING | B18: mental health,psychiatric &
B19: psychological services
B20: Non-employee fee for service | C20: -
B21: mental health,psychiatric &
B22: psychological services
A24: TOTAL | C24: =SUM(C3:C23) -> 75 | D24: =SUM(D3:D23) -> 22259630
A26: Revised 9/23/16 lj

Sheet Sched-D1
A1: OTHER DIRECT JAIL OPERATING COSTS
A2: Institution | B2: Description of Cost | D2: Annual Cost | F2: Total | G2: IRIS CODES | H2: CK
A3: Anchorage Complex | B3: Travel | E3: 1844.87 | G3: 2000
B4: Non-Interagency Svcs | E4: =SUM(D5:D33) -> 1911535.9
B5: Training/Conferences | D5: 1944 | G5: 3000
B6: Memberships | D6: 3231 | G6: 3002
B7: Penalties And Fines | D7: 1559.16 | G7: 3013
B8: Claim/Judgement Non-Taxable | D8: 2879.6 | G8: 3016
B9: Uncleared 1Card Transactions | D9: 0 | G9: 3019
B10: Utilities | D10: 1475604.9 | G10: 2100 | H10: :From Alder Report by Location
B11: Software Licensing | D11: 304.5 | G11: 3032
B12: Software Maintenance | D12: 76260.3 | G12: 3033
B13: Long Distance | D13: 2123.68 | G13: 3035
B14: Local/Equipment Charges | D14: 11040.12 | G14: 3036
B15: Data/Network | D15: 1362.94 | G15: 3037
B16: Cellular Phones | D16: 315.61 | G16: 3038
B17: Psychiatric | D17: 1200 | G17: 3040
B18: Medical | D18: 1959.78 | G18: 3041
B19: Freight | D19: 3345.33 | G19: 3043
B20: Courier | D20: 8005.92 | G20: 3044
B21: Postage | D21: 12000 | G21: 3045
B22: Water and Sewage | D22: 49794.33 | G22: 3049
... B32: Commission Sales | D32: 4 | G32: 3069
B34: Interagency Services | D34: 529028.09 | E34: =SUM(D34) -> 529028.09 | G34: 3001
B35: Commodities / Supplies | E35: =SUM(D36:D41) -> 2507653.9
C36: Business | D36: 373418.73 | G36: 4000
C37: Agricultural | D37: 0
C38: Household/Institutional | D38: 1848395.8
C39: Scientific & Medical | D39: 7003.68
C40: Safety | D40: 78693.47
C41: Repair/Maintenance Supplies | D41: 200142.25
B42: Capital Outlay
B43: Equipment & Industrial | D43: 0 | E43: =D43 -> 0 | G43: 5000
F44: =SUM(E3:E43) -> 4950062.7 | H44: ='Sched-B1'!B4+'Sched-B2'!E20+'Sched-D1'!F44-29050522.97-1475604.93 -> 3.4924597e-09
A45: Anvil Mtn. Correctional | B45: Travel | E45: 15602.94
B46: Non-Interagency Svcs | E46: =SUM(D47:D78) -> 826735.76 | H46: =E46+24327.27 -> 851063.03
B47: Less: DHSS RSA Youth Meals | D47: -24327.27 | H47: =H46-E46 -> 24327.27
B48: Training/Conferences | D48: 0 | G48: 3000
B49: Memberships | D49: 919 | G49: 3002
B50: Penalties And Fines | D50: 82.85 | G50: 3013
B51: Claim/Judgement Non-Taxable | D51: 0 | G51: 3016
B52: Uncleared 1Card Transactions | D52: 0 | G52: 3019
B53: Utilities | D53: 727378.1
B54: Software Licensing | D54: 0 | G54: 3032
B55: Software Maintenance | D55: 12520.18 | G55: 3033
B56: Television | D56: 701.4 | G56: 3034
B57: Long Distance | D57: 4677.45 | G57: 3035
B58: Local/Equipment Charges | D58: 6738.59 | G58: 3036
B59: Data/Network | D59: 9543.7 | G59: 3037
B60: Cellular Phones | D60: 593.4 | G60: 3038
B61: Psychiatric | D61: 0 | G61: 3040
B62: Medical | D62: 0 | G62: 3041
B63: Freight | D63: 18888.53 | G63: 3043
B64: Courier | D64: 133.68 | G64: 3044
B65: Postage | D65: 4000 | G65: 3045
B66: Electricity | D66: 437.5 | G66: 3048
B67: Water and Sewage | D67: 180 | G67: 3049
B68: Disposal | D68: 5150.75 | G68: 3050
B69: Inspections/Testing | D69: 3063.62 | G69: 3055
B70: Structure, Infrastructure and Land - Rentals/Leases | D70: 459 | G70: 3057
B71: Equipment and Machinery - Repairs/Maintenance | D71: 8468.15 | G71: 3058
B72: Equipment and Machinery - Rentals/Leases | D72: 1253.28 | G72: 3059
B73: Conservation/Enviromental | D73: 1022.5 | G73: 3061
B74: Interpreter | D74: 0 | G74: 3064
B75: Print/Copy/Graphics | D75: 555 | G75: 3066
B76: Honorariums/Stipend | D76: 44118.55 | G76: 3067
B77: Laundry | D77: 0 | G77: 3068
B78: Commission Sales | D78: 177.8 | G78: 3069
B79: Interagency Services | D79: 103456.47 | E79: =SUM(D79) -> 103456.47
B80: Commodities / Supplies | E80: =SUM(D81:D87) -> 498171.05
C81: Business | D81: 122939.72
C82: Agricultural | D82: 495.25
C83: Household/Institutional | D83: 327239.82
C84: Scientific & Medical | D84: 1713.68
C85: Safety | D85: 17919.6
C86: Repair/Maintenance Supplies | D86: 27862.98 | G86: 4005
B87: Capital Outlay | D87: 0
B88: Equipment & Industrial | D88: 0 | E88: =D88 -> 0
F89: =SUM(E45:E89) -> 1443966.2 | H89: ='Sched-B1'!B5+'Sched-B2'!E37+'Sched-D1'!F89-5748500.16-727378.1+24327.27 -> 9.8225428e-11
A90: Hiland Mtn. Correctional | B90: Travel | E90: 0 | G90: 2000
B91: Non-Interagency Svcs | E91: =SUM(D92:D127) -> 1059065
B92: Training/Conferences | D92: 2971 | G92: 3000
B93: Memberships | D93: 3988.75 | G93: 3002
B94: Employee Tuition | D94: 150 | G94: 3003
B95: Penalties And Fines | D95: 3655.5 | G95: 3013
B96: Claim/Judgement Non-Taxable | D96: 211.39 | G96: 3016
B97: Uncleared 1Card Transactions | D97: 0 | G97: 3019
B98: Utilities | D98: 720317.19
B99: Software Licensing | D99: 29213.76 | G99: 3032
B100: Software Maintenance | D100: 0 | G100: 3033
B101: Television | D101: 0 | G101: 3034
B102: Long Distance | D102: 4588.6 | G102: 3035
B103: Local/Equipment Charges | D103: 11607.42 | G103: 3036
B104: Data/Network | D104: 0 | G104: 3037
B105: Cellular Phones | D105: 935.64 | G105: 3038
B106: Psychiatric | D106: 0 | G106: 3040
B107: Medical | D107: 8535.73 | G107: 3041
B108: Freight | D108: 0 | G108: 3043
B109: Courier | D109: 0 | G109: 3044
B110: Postage | D110: 10000 | G110: 3045
...

Sheet Sched-D2
A1: OTHER DIRECT JAIL OPERATING COSTS
A2: Institution | B2: Description of Cost | D2: Annual Cost | F2: Total | G2: IRIS CODES
A3: Prison System | B3: Personnel Services | E3: 0
A4: Expansion | B4: Travel | E4: 0
B5: Other Services & Charges | E5: =SUM(D6:D10) -> 0
C6: Education Services | D6: 0
C7: Telecommunications | D7: 0
C8: Delivery Services | D8: 0
C9: Equipment/Machinery | D9: 0
C10: Other Services | D10: 0
C11: Interagency Services | D11: 0 | E11: =SUM(D11) -> 0
B12: Commodities / Supplies | E12: =SUM(D13:D15) -> 0
C13: Business | D13: 0
C14: Safety | D14: 0
C15: Repair/Maintenance Supplies | D15: 0
B16: Capital Outlay | D16: 0 | E16: =SUM(D16) -> 0
F17: =SUM(E3:E16) -> 0 | H17: =F17-0 -> 0
A18: Facility-CAP Imp Unit | B18: Personnel Services | E18: =313260.38+180846.96+658.5 -> 494765.84 | G18: 1001 | H18: 1002 and 1004
B19: Travel | E19: 1107.85
B20: Non-Interagency Svcs | E20: =SUM(D21:D23) -> 11628.34
B21: Uncleared 1Card Transactions | D21: 141.9 | G21: 3019
B22: Software Maintenance | D22: 11468.36 | G22: 3033
B23: Commission Sales | D23: 18.08 | G23: 3069
B24: Interagency Services | D24: 19234.36 | E24: =SUM(D24) -> 19234.36
B25: Commodities / Supplies | E25: =D26+D27 -> 0
C26: Business | D26: 0
C27: Repair/Maintenance Supplies | D27: 0
F28: =SUM(E18:E26) -> 526736.39
A29: Health & Rehabilitation | B29: Personnel Services | E29: 27180320 | H29: Grand Total of 6 components $ 52,710,253.05 BHC, PHC, HRDirector,Domestic V, Substance, Sex Offender)
A30: Services | B30: Travel | E30: 365146.15
B31: Non-Interagency Svcs | D31: 19878557 | E31: =D31 -> 19878557 | G31: 3000
B32: Interagency Services | D32: 1585662.6 | E32: =D32 -> 1585662.6
B33: Commodities / Supplies | E33: =SUM(D34:D37) -> 3672337.1
C34: Business | D34: 267196.74
C35: Household/Institutional | D35: 7877.29
C36: Scientific & Medical | D36: 3396648.6
C37: Repair/Maintenance Supplies | D37: 614.39
B38: Capital Outlay | D38: 28230.55 | E38: =SUM(D38) -> 28230.55
B39: Less: Reimb from Courts (Mental Health Court) | E39: 0
B40: Less: Reimb. from Federal Public Protection: RSAT Grant | E40: -49325 | H40: From ALDER Revenue Report
B41: Less: Alcohol Tax RSA (SCCC Men's Sub-Acute & Juvenile Offender Pgm) | E41: -52400 | H41: From ALDER Revenue Report
B42: Less: Reimb. from Dept. H&SS RSAT RSA | E42: -70800
H43: =49325+52400+70800 -> 172525 | I43: Total Alder Revenue Report (budgeted RSA's)
F44: =SUM(E29:E44) -> 52537728 | H44: =F44+H43 -> 52710253 | I44: Grand Total (HRS RDU) 6 components $ 52,710,253.05( BHC, PHC, HRDirector,Domestic V, Substance, Sex Offender)
A45: Offender Habilitation | B45: Personnel Services | E45: 163689.11
A46: Programs | B46: Travel | E46: 17108.23
B47: Non-Interagency Svcs | D47: 780576.76 | E47: =D47 -> 780576.76 | G47: 3000
B48: Interagency Services | D48: 77315.56 | E48: =D48 -> 77315.56
B49: Commodities / Supplies | E49: =SUM(D50:D54) -> 369977.25
C50: Business | D50: 233227.91
C51: Agricultural | D51: -332.92 | G51: 4001
C52: Household/Institutional | D52: 28208.9
C53: Safety | D53: 948 | G53: 4004
C54: Repair/Maintenance Supplies | D54: 107925.36
B55: Capital Outlay | D55: 13730.92 | E55: =SUM(D55) -> 13730.92
B57: Less: Reimb. from Dept. Education (Carl Perkings | E57: =-27004.92 -> -27004.92
B58: Less: Reimb. from Dept. Education (MOS) | E58: -16764.69 | H58: 233094.16 | I58: Unbudgeted RSAs (Step C $175,972.16 + Step H $57,122.00)
B59: Less: Reimb. from Dept. Labor (ABE/GED RSA) | E59: -40000 | G59: 70200 | H59: =27004.92+16764.69+40000 -> 83769.61 | I59: Total Alder Revenue Report (budgeted RSA's)
F60: =SUM(E45:E60) -> 1338628.2 | G60: 70200 | H60: Total Alder Revenue Report (budgeted RSA's) | I60: Grand Total (OFH RDU) 2 components $ 1,422,397.83 ( Education Programs & Vocational Education Programs)
A61: IDO | B61: Personnel Services | E61: 1229733.7
B62: Travel | E62: 43746.05
B63: Non-Interagency Svcs | E63: 87827.31
B64: Interagency Services | E64: 343826.89
B65: Commodities / Supplies | E65: =SUM(D66:D68) -> 25097.26
C66: Business | D66: 24694.52 | G66: 4000
C67: Household/Institutional | D67: 363.36 | G67: 4002
C68: Repair/Maintenance Supplies | D68: 39.38 | G68: 4005
B69: Capital Outlay | D69: 0 | E69: =SUM(D69) -> 0
F70: =SUM(E61:E69) -> 1730231.3 | H70: =F70-1730231.25 -> 0
A71: Classification & Furlough | B71: Personnel Services | E71: 982378.46
B72: Travel | E72: 655.4
B73: Non-Interagency Svcs | E73: 8549.09
B74: Interagency Services | E74: 19064.91
B75: Commodities / Supplies | E75: =SUM(D76:D78) -> 6263.21
C76: Business | D76: 6263.21 | G76: 4000
C77: Household/Institutional | D77: 0 | G77: 4002
C78: Repair/Maintenance Supplies | D78: 0 | G78: 4005
B79: Capital Outlay | D79: 0 | E79: =SUM(D79) -> 0
F80: =SUM(E71:E79) -> 1016911.1 | H80: =F80-1016911.07 -> 0
A81: Transportation | B81: Personnel Services | E81: 2116040.9
B82: Travel | E82: 120962.12
B83: Non-Interagency Svcs | E83: 106181.48
B84: Interagency Services | E84: 202368.35
B85: Commodities / Supplies | E85: =SUM(D86:D90) -> 46631.47
C86: Business | D86: 3609.33
C87: Household/Institutional | D87: 97.06
C88: Scientific and Medical | D88: 2866.58
C89: Safety | D89: 39956.38
C90: Repair/Maintenance Supplies | D90: 102.12
B91: Capital Outlay | D91: 6129 | E91: =SUM(D91) -> 6129 | H91: 140000 | I91: RSA
B92: Less: Reimb. from Dept. Public Safety | E92: -140000 | F92: =SUM(E81:E92) -> 2458313.3 | H92: =F92-2598313.28+H91 -> 4.6566129e-10
A93: Point of Arrest | B93: Personnel Services | E93: 0 | G93: 1000
B94: Travel | E94: 755257.34 | G94: 2000
B95: Non-Interagency Svcs | E95: 28182.16 | G95: 3000
B96: Interagency Services | D96: 0 | E96: =SUM(D96) -> 0
B97: Capital Outlay | D97: 168 | E97: =D97 -> 168
F98: =SUM(E94:E98) -> 783607.5 | H98: =F98-783607.5 -> 0
A99: Recidivism Reduction | B99: Personnel Services | D99: 0 | E99: =D99 -> 0
A100: Grants | B100: Travel | D100: 1083.77 | E100: =D100 -> 1083.77
B101: Non-Interagency Svcs | D101: 8 | E101: =D101 -> 8
...

Sheet Sched-E
A1: COST ALLOCATION PLANS / INDIRECT COST PROPOSALS
A2: Organization Providing Service | B2: Appr Type | C2: Total Expenditures | D2: % of Time Spent in Support of Jail Operators | E2: Allowable Indirect Cost
A3: Administration & Support* | B3: JADS / JCOA JCOM / JINT JPAB / JREN JRRE | C3: ='Summary-Sched-E'!C11 -> 11391231 | D3: ='COST ALLOCATION'!H6 -> 0.82959497 | E3: =C3*D3 -> 9450108.3
A4: Sub-Total | E4: =SUM(E3:E3) -> 9450108.3
A5: TOTAL | E5: =SUM(E4:E4) -> 9450108.3
A7: Note*: Includes SF Rent, Correctional Academy, and Parole Board Expenditues
A8: Revised 9/27/16 lj

Sheet Summary-Sched-E
A2: BRU | B2: Appr Type | C2: Total Expenditures of FY2016
A3: Commissioner | B3: JCOM | C3: 1446644.6 | E3: FY2015: Total Exp AR less SB64 PACE RSA, less SB64 1st DUI (JCOM)
A4: Admin Services | B4: JADS | C4: 4103274.4
A5: Info Tech MIS | B5: JINT | C5: 2471719.9
A6: Research & Rcrds | B6: JRRE | C6: 335919.47
A7: Facilities Rent | B7: JREN | C7: 362051.45
A8: Academy | B8: JCOA | C8: 1652699.8
A9: **
A10: Parole Board | B10: JPAB | C10: 1018922
B11: Total | C11: =SUM(C3:C10) -> 11391231
A17: Revised: 09/26/16 lj

Sheet Sched-F-G
A1: EQUIPMENT COST | D1: SCHEDULE F
A2: By Individual Institution
A3: Institutions | B3: Cost of Equipment | C3: Equipment Allowance 6.666%
A4: Anchorage Complex | B4: ='Property Inventory'!D30 -> 1982828.9 | C4: =B4*0.06666 -> 132175.38
A5: Anvil Mt. C.C. | B5: ='Property Inventory'!D21 -> 217067 | C5: =B5*0.06666 -> 14469.686
A6: Comb Hiland Mt.CC | B6: ='Property Inventory'!D29 -> 295858 | C6: =B6*0.06666 -> 19721.894
A7: Fairbanks CC | B7: ='Property Inventory'!D20 -> 423273.64 | C7: =B7*0.06666 -> 28215.421
A8: Goose Creek CC | B8: ='Property Inventory'!D33 -> 1400183 | C8: =B8*0.06666 -> 93336.199
A9: Ketchikan CC | B9: ='Property Inventory'!D42 -> 83614 | C9: =B9*0.06666 -> 5573.7092
A10: Lemon Creek CC | B10: ='Property Inventory'!D41 -> 697651 | C10: =B10*0.06666 -> 46505.416
A11: Mat-Su Pre-Trial | B11: ='Property Inventory'!D28 -> 91523 | C11: =B11*0.06666 -> 6100.9232
A12: Palmer CC | B12: ='Property Inventory'!D27 -> 970070 | C12: =B12*0.06666 -> 64664.866
A13: Pt. MacKenzie Correctional Farm | B13: ='Property Inventory'!D47 -> 519421 | C13: =B13*0.06666 -> 34624.604
A14: Spring Creek CC | B14: ='Property Inventory'!D32 -> 1462092 | C14: =B14*0.06666 -> 97463.053
A15: Wildwood CC | B15: ='Property Inventory'!D31 -> 880516 | C15: =B15*0.06666 -> 58695.197
A16: Yukon Kuskokwim | B16: ='Property Inventory'!D22 -> 157726.14 | C16: =B16*0.06666 -> 10514.024
A18: Total Equipment Cost | B18: =SUM(B4:B17) -> 9181823.7 | C18: =SUM(C4:C17) -> 612060.37
A22: BUILDING DEPRECIATION | D22: SCHEDULE G
A23: By Individual Institution (Based on FY2015 Actuals)
A24: Institutions | B24: All Buildings Construction Cost | C24: Additional Construction Cost | D24: Annual Depreciation @ 2%
A25: Anchorage Complex | B25: 36522437 | C25: 0 | D25: =B25*0.02 -> 730448.74
A26: Anvil Mt. CC | B26: 16192923 | C26: 0 | D26: =B26*0.02 -> 323858.46
A27: Comb Hiland Mt.CC | B27: 45066600 | C27: 0 | D27: =B27*0.02 -> 901332
A28: Fairbanks CC | B28: 34112840 | C28: 0 | D28: =B28*0.02 -> 682256.8
A29: Ketchikan CC | B29: 7691306 | C29: 0 | D29: =B29*0.02 -> 153826.12
A30: Lemon Creek CC | B30: 28845762 | C30: 0 | D30: =B30*0.02 -> 576915.24
A31: Mat-Su Pre-Trial | B31: 10392719 | C31: 0 | D31: =B31*0.02 -> 207854.38
A32: Palmer CC | B32: 41211974 | C32: 0 | D32: =B32*0.02 -> 824239.48
A33: Pt. MacKenzie Correctional Farm | B33: 12269054 | C33: 0 | D33: =B33*0.02 -> 245381.08
A34: Spring Creek CC | B34: 78360986 | C34: 0 | D34: =B34*0.02 -> 1567219.7
A35: Wildwood CC | B35: 51709708 | C35: 0 | D35: =B35*0.02 -> 1034194.2
A36: Yukon Kuskokwim | B36: 12275277 | C36: 0 | D36: =B36*0.02 -> 245505.54
A38: Total Building Depreciation | B38: =SUM(B25:B37) -> 374651586 | C38: =SUM(C25:C37) -> 0 | D38: =SUM(D25:D37) -> 7493031.7
A40: Total Equipment Cost & Building Depreciation | B40: (Schedule F + Schedule G) | D40: =C18+D38 -> 8105092.1
A42: Revised 09/26/16 lj

Sheet Property Inventory
A1: PROPERTY INVENTORY
A2: Division # | B2: Division/Institution | C2: IRIS Unit | D2: Total as of 6/30/16 | E2: Aquired in FY2016 | F2: FY2016 Vehicle Inventory Total | G2: Grand Total
A3: 3 | B3: Commissioner's Office Jnu/Anch | C3: 1000 | D3: 35637 | F3: =9001+2289 -> 11290 | G3: =SUM(D3:F3) -> 46927
A4: 28A | B4: Parole Board | C4: 3000 | D4: 11932 | F4: 4433 | G4: =SUM(D4:F4) -> 16365
B5: Facility Cap Imp Unit | C5: 2250 | D5: 64042 | F5: 4615 | G5: =SUM(D5:F5) -> 68657
B6: Prison System Expansion | C6: 2230 | D6: 5450 | F6: 0 | G6: =SUM(D6:F6) -> 5450
A7: 1 | B7: Juneau Central Office / Admin Svcs | C7: 1100 | D7: 1344355 | F7: =7754+5543 -> 13297 | G7: =SUM(D7:F7) -> 1357652
B8: Information Technology | C8: 1300 | D8: 22779 | F8: 0 | G8: =SUM(D8:F8) -> 22779
A9: 4 | B9: Training Academy | C9: 2260 | D9: 241583 | F9: 14456 | G9: =SUM(D9:F9) -> 256039
B10: Education Programs / Palmer | C10: 2300 | D10: 8512 | F10: 2812 | G10: =SUM(D10:F10) -> 11324
B11: Institution Education Programs | C11: 20661367 | F11: 308 | G11: =SUM(D11:F11) -> 308
A12: 7 | B12: Transportation | C12: 2210 | D12: 25582 | F12: 66831 | G12: =SUM(D12:F12) -> 92413
B13: Classification & Furlough | C13: 20661382 | F13: 5797 | G13: =SUM(D13:F13) -> 5797
B14: Electronic Monitoring | C14: 20661383 | F14: 24947 | G14: =SUM(D14:F14) -> 24947
A15: 36B | B15: Laundry - Lemon Creek | C15: 20661420 | F15: 11073 | G15: =SUM(D15:F15) -> 11073
A16: 37 | B16: Out of State | C16: 2220 | D16: 31189 | F16: 0 | G16: =SUM(D16:F16) -> 31189
B17: Physical Health Care | C17: 4100 | D17: 27202.57 | F17: 5533 | G17: =SUM(D17:F17) -> 32735.57
B18: Research & Records | C18: 1200 | D18: 486947 | F18: 806 | G18: =SUM(D18:F18) -> 487753
B19: IDO Institution Director's Office | C19: 2000 | D19: 13181 | F19: 9211 | G19: =SUM(D19:F19) -> 22392
A20: 14 | B20: FCC | C20: 2103 | D20: 423273.64 | F20: 25363 | G20: =SUM(D20:F20) -> 448636.64
A21: 15 | B21: AMCC | C21: 2101 | D21: 217067 | F21: 43431 | G21: =SUM(D21:F21) -> 260498
A22: 18 | B22: YKCC | C22: 2110 | D22: 157726.14 | F22: 29639 | G22: =SUM(D22:F22) -> 187365.14
A23: 21A | B23: Fairbanks Probation | C23: 2441 | D23: 107990 | F23: 13411 | G23: =SUM(D23:F23) -> 121401
A24: 21C | B24: Nome Probation | C24: 2442 | D24: 10549 | F24: 6067 | G24: =SUM(D24:F24) -> 16616
A25: 21D | B25: Barrow Probation | C25: 2443 | D25: 27400 | F25: 2938 | G25: =SUM(D25:F25) -> 30338
A26: 21E | B26: Kotzebue Probation | C26: 2444 | D26: 4115 | F26: 5023 | G26: =SUM(D26:F26) -> 9138
A27: 13 | B27: PCC | C27: 2107 | D27: 970070 | F27: 263430 | G27: =SUM(D27:F27) -> 1233500
A28: 10 | B28: MSCC | C28: 2106 | D28: 91523 | F28: 17749 | G28: =SUM(D28:F28) -> 109272
A29: 11 | B29: CHMCC | C29: 2102 | D29: 295858 | F29: 87241 | G29: =SUM(D29:F29) -> 383099
A30: 8/9 | B30: ACC Anchorage Complex | C30: 2100 | D30: 1982828.9 | F30: 43358 | G30: =SUM(D30:F30) -> 2026186.9
A31: 30 | B31: WCC | C31: 2109 | D31: 880516 | F31: 137606 | G31: =SUM(D31:F31) -> 1018122
A32: 16 | B32: SCCC | C32: 2108 | D32: 1462092 | F32: 222986 | G32: =SUM(D32:F32) -> 1685078
A33: 39 | B33: GCCC | C33: 2112 | D33: 1400183 | F33: =321179+7178 -> 328357 | G33: =SUM(D33:F33) -> 1728540
B34: Probation Region ONE | C34: 2420 | D34: 709.07 | F34: 0 | G34: =SUM(D34:F34) -> 709.07
A35: 19A | B35: Anchorage Probation | C35: 2421 | D35: 443800 | F35: 39582 | G35: =SUM(D35:F35) -> 483382
A36: 19C | B36: Kenai Probation | C36: 2422 | D36: 34749 | F36: 10412 | G36: =SUM(D36:F36) -> 45161
A37: 19B | B37: Kodiak Probation | F37: 2945 | G37: =SUM(D37:F37) -> 2945
A38: 19D | B38: Palmer Probation | C38: 2424 | D38: 66032 | F38: 22817 | G38: =SUM(D38:F38) -> 88849
A39: 19E | B39: Dillingham Probation | C39: 2425 | D39: 31845 | F39: 3642 | G39: =SUM(D39:F39) -> 35487
A40: 21B | B40: Bethel Probation | C40: 2426 | D40: 38553 | F40: 9385 | G40: =SUM(D40:F40) -> 47938
A41: 6 | B41: LCCC | C41: 2105 | D41: 697651 | F41: 34859 | G41: =SUM(D41:F41) -> 732510
A42: 5 | B42: KCC | C42: 2104 | D42: 83614 | F42: 12928 | G42: =SUM(D42:F42) -> 96542
A43: 20A | B43: Juneau Probation | C43: 2445 | D43: 60370 | F43: 2377 | G43: =SUM(D43:F43) -> 62747
A44: 20B | B44: Ketchikan Probation | C44: 2446 | D44: 31871.14 | F44: 2377 | G44: =SUM(D44:F44) -> 34248.14
A45: 20C | B45: Sitka Probation | C45: 2447 | D45: 35771 | F45: 2488 | G45: =SUM(D45:F45) -> 38259
B46: Probation & Parole Director Ofc | C46: 2400 | D46: 9518 | F46: 3195 | G46: =SUM(D46:F46) -> 12713
A47: 31 | B47: Pt.Mackenzie Correctional Center | C47: 2111 | D47: 519421 | F47: 63398 | G47: =SUM(D47:F47) -> 582819
B48: Procurement | C48: 1500 | D48: 5775.64 | F48: 0 | G48: =SUM(D48:F48) -> 5775.64
B49: Probation Region TWO | C49: 2440 | D49: 1714 | F49: 0 | G49: =SUM(D49:F49) -> 1714
A50: 33A | B50: Community Jails | G50: =SUM(D50:F50) -> 0
A51: 38 | B51: Palmer State Office Building | G51: =SUM(D51:F51) -> 0
A52: UUU | B52: UUU (Unidentified) | G52: =SUM(D52:F52) -> 0
A53: TOTAL | D53: =SUM(D3:D52) -> 12410977 | E53: =SUM(E3:E52) -> 0 | F53: =SUM(F3:F52) -> 1612413 | G53: =SUM(G3:G52) -> 14023390
D55: 12410977 | F55: 1612413
F56: =F53-F55 -> 0
A57: Updated: 9/26/16 lj

Sheet CostReim
A1: Budgeted Revenue Interagency Receipts (I/A)
A2: Division/Institution | B2: Appr Group | C2: ApprType | D2: Total Reimbursement | E2: Outstanding Balance of RSA | F2: Total | G2: Revenue
A3: Commissioner's Office | D3: 0 | F3: =SUM(D3:E3) -> 0
A4: Parole Board | D4: 0 | F4: =SUM(D4:E4) -> 0
A5: Correctional Academy | D5: 0 | F5: =SUM(D5:E5) -> 0
A6: Administrative Services | D6: 0 | F6: =SUM(D6:E6) -> 0
A7: Data & Word Processing | D7: 0 | F7: =SUM(D7:E7) -> 0
A8: Facility-Capital Improvement | D8: 0 | F8: =SUM(D8:E8) -> 0
A9: Health & Rehabilitation Services | B9: JHRS | C9: JSAP | D9: =-'Sched-D2'!E40 -> 49325 | F9: =SUM(D9:E9) -> 49325 | G9: 5002
A10: Health & Rehabilitation Services | B10: JHRS | C10: JSAP | D10: =-'Sched-D2'!E42 -> 70800 | F10: =SUM(D10:E10) -> 70800 | G10: 5007
A11: Health & Rehabilitation Services | B11: JHRS | C11: JBHC | D11: =-'Sched-D2'!E41 -> 52400 | F11: =SUM(D11:E11) -> 52400 | G11: 5007
A12: Offender Habilitation Programs | B12: JOHP | C12: JEDP | D12: =-'Sched-D2'!E57-'Sched-D2'!E58-'Sched-D2'!E59 -> 83769.61 | F12: =SUM(D12:E12) -> 83769.61 | G12: 5007 | H12: (3 budgeted RSA's)
A13: Correctional Academy | D13: 0 | F13: =SUM(D13:E13) -> 0
A14: Institution Director's Office | D14: 0 | F14: =SUM(D14:E14) -> 0
A15: Transportation | B15: JPOP | C15: JTRN | D15: =-'Sched-D2'!E92 -> 140000 | F15: =SUM(D15:E15) -> 140000
A16: Out of State | D16: 0 | F16: =SUM(D16:E16) -> 0
A17: Anchorage Complex
A18: Anvil Mtn. CC | B18: JPOP | C18: JAMC | D18: =-'Sched-D1'!D47 -> 24327.27 | F18: =SUM(D18:E18) -> 24327.27 | G18: 5007
A19: Combined Hiland Mtn. CC | D19: 0 | F19: =SUM(D19:E19) -> 0
A20: Fairbanks CC | D20: 0 | F20: =SUM(D20:E20) -> 0
A21: Goose Creek CC | B21: JPOP | C21: JGCC | D21: =-'Sched-D2'!E104 -> 0 | F21: =SUM(D21:E21) -> 0
A22: Ketchikan CC | D22: 0 | F22: =SUM(D22:E22) -> 0
A23: Lemon Creek CC | B23: JPOP | C23: JLCC | D23: =-'Sched-D1'!D298 -> 302902.03 | F23: =SUM(D23:E23) -> 302902.03
A24: Mat-Su Pre-Trial | D24: 0 | F24: =SUM(D24:E24) -> 0
A25: Palmer CC | D25: 0 | F25: =SUM(D25:E25) -> 0
A26: Spring Creek CC | D26: 0 | F26: =SUM(D26:E26) -> 0
A27: Wildwood CC | D27: 0 | F27: =SUM(D27:E27) -> 0
A28: Yukon Kuskokwim CC | B28: JPOP | C28: JYKC | D28: =-'Sched-D1'!D556 -> 45274.68 | F28: =SUM(D28:E28) -> 45274.68 | G28: 5007
A29: Out-of-State Contractual | D29: 0 | F29: =SUM(D29:E29) -> 0
A30: Point Mackenzie | D30: 0 | F30: =SUM(D30:E30) -> 0
A31: Totals | D31: =SUM(D3:D30) -> 768798.59 | E31: =SUM(E3:E30) -> 0 | F31: =SUM(F3:F30) -> 768798.59
A33: Revised: 9/27/16 lj
F34: 2859227.7 | G34: Total IA
F35: -400566 | G35: CIP I/A
F36: -1394590 | G36: UnBud I/A
F37: =SUM(F34:F36) -> 1064071.6 | G37: Sub-Total
F38: =F37-F31 -> 295273.05 | G38: Difference to Above
F39: -170000 | G39: PPDO / PACE
F40: =F39+F38 -> 125273.05

Sheet COST ALLOCATION
A1: COST ALLOCATION
A2: COMPONENT | E2: Appr Type | F2: TOTAL COSTS | H2: % OF TOTAL | I2: ADMIN & SUPPORT | J2: TOTAL ALL COSTS
A3: INDIRECT COST | I3: TOTAL
B4: Administration & Support RDU | E4: JCOM | F4: -172159.61 | I4: ='Sched-E'!C3 -> 11391231 | K4: Unbudgeted RSA (20-X020 Public Info Officer Sherie D)
A5: DIRECT COST | I5: % by entity
H6: =G7/$G$35 -> 0.82959497 | I6: =SUM($I$4*H6) -> 9450108.3
B7: INSTITUTIONS | G7: =SUM(F4:F28) -> 2.5343655e+08 | J7: =SUM(I6+G7) -> 2.6288665e+08
C8: 13 Institutions | F8: ='Sched-B1'!E17+'Sched-D1'!F658+302902.03+33023.1+69601.95 -> 1.853227e+08 | K8: Decreased by RSAs
C9: Less: DOT/Laundry RSA | E9: JLCC | F9: ='Sched-D1'!D298 -> -302902.03
C10: Less: DNR/MMM&S RSA (Unbudgeted) | E10: JPCC | F10: -33023.1
C11: Less: DHSS two RSAs Youth Meals | E11: JAMC / JYKC | F11: ='Sched-D1'!D47+'Sched-D1'!D556 -> -69601.95
C12: Facility Planning - Capital Improvement Program | E12: JCIM | F12: ='Sched-D2'!F28 -> 526736.39
B13: Health & Rehabilitation Services RDU | E13: JHRS | F13: ='Sched-D2'!F44+49325+52400+70800 -> 52710253
C14: Less: Reimb. from Federal Public Protection: RSAT Grant | E14: JSAP | F14: ='Sched-D2'!E40 -> -49325
C15: Less: Alcohol Tax RSA (SCCC Men's Sub-Acute & Juvenile Offender Pgm) | E15: JBHC | F15: ='Sched-D2'!E41 -> -52400
C16: Less: DH&S/ RSAT RSA | E16: JSAP | F16: ='Sched-D2'!E42 -> -70800
B17: Offender Habilitation Programs RDU | E17: JOFH | F17: ='Sched-D2'!F60+40000+27004.92+16764.69 -> 1422397.8 | K17: Decreased by 3 RSAs (ABE/CARL P/MOS)
C18: Less: 3 Education RSAs | E18: JEDP | F18: ='Sched-D2'!E57+'Sched-D2'!E58+'Sched-D2'!E59 -> -83769.61
C19: Less: 2 Voc Ed Programs RSA's (Unbudgeted) | E19: JVEP | F19: =-175972.16-57122 -> -233094.16 | K19: Decreased by 2 Unbudgeted RSA's (Step C / Step H)
B20: Institutions Director's Office | E20: JIDO | F20: ='Sched-D2'!F70 -> 1730231.3
C21: Less: DPS PREA RSA | F21: 0 | K21: No RSA in FY2016
B22: Prison System Expansion | E22: JPSE | F22: ='Sched-D2'!F17 -> 0
B23: Classification & Furlough | E23: JCLF | F23: ='Sched-D2'!F80 -> 1016911.1
B24: Inmate Transportation Unit | E24: JTRN | F24: ='Sched-D2'!F92+140000 -> 2598313.3 | K24: Decreased by RSA
C25: Less: DPS Transportation RSA | F25: ='Sched-D2'!E92 -> -140000
B26: Point of Arrest | E26: JPOA | F26: ='Sched-D2'!F98 -> 783607.5
B27: Recidivism Reduction Grant | E27: JRRG | F27: ='Sched-D2'!F104 -> 427379.37
B28: Equipment & Building Depreciation | F28: ='Sched-F-G'!D40 -> 8105092.1
B29: Regional & Community Jails | E29: JCOJ | G29: 6967712.1 | H29: =G29/$G$35 -> 0.022807993 | I29: =$I$4*H29 -> 259811.12 | J29: =SUM(I29+G29) -> 7227523.2
B30: Probation & Parole Director's Office | E30: JPPD | G30: 808559.35 | H30: =G30/$G$35 -> 0.0026467247 | I30: =$I$4*H30 -> 30149.454 | J30: =SUM(I30+G30) -> 838708.8
B31: State-wide Probation & Parole | E31: JSPP | G31: 16879061 | H31: =G31/$G$35 -> 0.055251637 | I31: =$I$4*H31 -> 629384.19 | J31: =SUM(I31+G31) -> 17508445 | K31: No RSA in FY2016 | L31: SB64 PACE RSA
B32: Out of State Contractual | E32: JOOS | G32: 294871.2 | H32: =G32/$G$35 -> 0.00096522647 | I32: =$I$4*H32 -> 10995.118 | J32: =SUM(I32+G32) -> 305866.32
B33: Electronic Monitoring | E33: JELM | G33: 3261527 | H33: =G33/$G$35 -> 0.010676228 | I33: =$I$4*H33 -> 121615.38 | J33: =SUM(I33+G33) -> 3383142.3 | K33: No RSA in FY2016 | L33: SB64 1st DUI
B34: Community Residential Centers | E34: JCRC | G34: 23846038 | H34: =G34/$G$35 -> 0.078057225 | I34: =$I$4*H34 -> 889167.91 | J34: =SUM(I34+G34) -> 24735206
A35: TOTAL: | G35: =SUM(G3:G34) -> 3.0549432e+08 | H35: =SUM(H3:H34) -> 1 | I35: =SUM(I6:I34) -> 11391231 | J35: =SUM(J7:J34) -> 3.1688555e+08
C36: Reconciliation to Actuals
C37: DOC Total Cost: ( By Appr Type Alder Report ) | F37: 3.0995451e+08
C38: Add: Depreciation Calculation | F38: =F28 -> 8105092.1
D39: Facilities Maintenance | E39: JFAC | F39: 0 | K39: FY2016 Restricted in full
C40: Subtract: | D40: Budgeted DPS Transport RSA | E40: JTRN | F40: =F25 -> -140000
D41: Youth Meals (2) Budgeted RSAs | E41: =E11 -> JAMC / JYKC | F41: =F11 -> -69601.95
D42: Budgeted DOT/LCCC Laundry RSA | E42: JLCC | F42: =F9 -> -302902.03
D43: Unbudgeted RSA SpecAsst (20-X020) | E43: JCOM | F43: -172159.61
D44: Unbudgeted SB64 RSAs (PACE / 1ST DUI) | F44: 0
D45: Unbudgeted Step C / Step H RSAs | E45: JVEP | F45: =-175972.16-57122 -> -233094.16
D46: Health & Rehab Svcs: RSAT GRANT | E46: JSAP | F46: =F14 -> -49325
D47: Health & Rehab Svcs: SCCC Men's RSA | E47: JBHC | F47: =F15 -> -52400
D48: Health & Rehab Svcs: RSAT RSA | E48: JSAP | F48: =F16 -> -70800
D49: Budg /Un-budg - Offender Programs (3) RSAs | E49: JEDP | F49: =F18 -> -83769.61
A50: TOTAL: | F50: =SUM(F37:F49) -> 3.1688555e+08
F52: =F50-J35 -> 0 | G52: ck
A53: Revised: 9/27/16 lj

Sheet BILLING RATE CALC
A1: BILLING RATE CALCULATION
A2: ANNUAL TOTAL MANDAYS | E2: ='Qtrly''s-Cntsht Book'!Y19 -> 1757110
A3: COMPONENT | C3: TOTAL EXPENSES | E3: LESS REIMB | F3: ADJUSTED COSTS | G3: BILLING RATE
A4: INSTITUTIONS | D4: =SUM(C5:C7) -> 1.853227e+08 | F4: =SUM(D4,E6) -> 1.849502e+08 | G4: =F4/$E$2 -> 105.25818
B5: Institutions | C5: ='COST ALLOCATION'!F8 -> 1.853227e+08
B6: Less: DHSS & DOT RSAs | E6: ='COST ALLOCATION'!F11+'COST ALLOCATION'!F9 -> -372503.98
B7: Alternative Housing | C7: 0
A8: OFFENDER HABILITATION PROGRAMS | C8: ='COST ALLOCATION'!F17 -> 1422397.8 | D8: =SUM(C8:C8) -> 1422397.8 | F8: =SUM(D8,E9) -> 1338628.2 | G8: =F8/$E$2 -> 0.76183518
B9: Education (3) RSAs | E9: ='COST ALLOCATION'!F18 -> -83769.61
A10: HEALTH & REHABILITATION SERVICES | C10: =D10 -> 52710253 | D10: ='COST ALLOCATION'!F13 -> 52710253 | E10: ='COST ALLOCATION'!F14+'COST ALLOCATION'!F15+'COST ALLOCATION'!F16 -> -172525 | F10: =SUM(D10:E10) -> 52537728 | G10: =F10/$E$2 -> 29.900079
A11: ADMIN & SUPPORT | D11: =SUM(C12) -> 9450108.3 | E11: 0 | F11: =SUM(D11:E11) -> 9450108.3 | G11: =F11/$E$2 -> 5.378211
B12: % for Institution Operations | C12: ='COST ALLOCATION'!I6 -> 9450108.3
A13: STATEWIDE DIRECT COSTS | D13: =SUM(C14:C22)+E16 -> 14760892 | F13: =SUM(D13+E20+E22) -> 14620892 | G13: =F13/$E$2 -> 8.3209882
B14: Institutions Director's Office | C14: ='COST ALLOCATION'!F20 -> 1730231.3
B15: Prison System Expansion | C15: ='COST ALLOCATION'!F22 -> 0
B16: Equipment & Bldg. Depreciation | C16: ='COST ALLOCATION'!F28 -> 8105092.1
B17: Facility Planning - CIP | C17: ='COST ALLOCATION'!F12 -> 526736.39
B18: Classification & Furlough | C18: ='COST ALLOCATION'!F23 -> 1016911.1
B19: Transportation | C19: ='COST ALLOCATION'!F24 -> 2598313.3
B20: Less: DPS RSA Transport | E20: ='COST ALLOCATION'!F25 -> -140000
B21: Point of Arrest | C21: ='COST ALLOCATION'!F26 -> 783607.5
A23: BILLING RATE | D23: =SUM(D4:D17) -> 2.6366635e+08 | E23: =SUM(E4:E22) -> -768798.59 | F23: =SUM(F4:F21) -> 2.6289755e+08 | G23: =SUM(G4:G21) -> 149.61929
A24: INDIVIDUAL INSTITUTION RATES
A25: Institutions | C25: Total Cost | D25: Mandays | E25: Inst. Cost | F25: Inmate Programs | G25: Inmate Health Care | H25: Div.of Admin.& Support Cost | I25: Statewide Direct Cost | J25: TOTAL
A26: Anchorage Complex | C26: ='Sched-B1'!E4+'Sched-D1'!F44 -> 30526128 | D26: ='Inmate Avg Daily Population'!O4 -> 301420.04 | E26: =C26/D26 -> 101.27438 | F26: =$G$8 -> 0.76183518 | G26: =$G$10 -> 29.900079 | H26: =$G$11 -> 5.378211 | I26: =$G$13 -> 8.3209882 | J26: =SUM(E26:I26) -> 145.63549
A27: Anvil Mtn. Correctional | C27: ='Sched-B1'!E5+'Sched-D1'!F89 -> 6451551 | D27: ='Inmate Avg Daily Population'!O5 -> 40615.375 | E27: =C27/D27 -> 158.84504 | F27: =$G$8 -> 0.76183518 | G27: =$G$10 -> 29.900079 | H27: =$G$11 -> 5.378211 | I27: =$G$13 -> 8.3209882 | J27: =SUM(E27:I27) -> 203.20616
A28: Fairbanks Correctional | C28: ='Sched-B1'!E7+'Sched-D1'!F190 -> 11556642 | D28: ='Inmate Avg Daily Population'!O6 -> 98918.042 | E28: =C28/D28 -> 116.83048 | F28: =$G$8 -> 0.76183518 | G28: =$G$10 -> 29.900079 | H28: =$G$11 -> 5.378211 | I28: =$G$13 -> 8.3209882 | J28: =SUM(E28:I28) -> 161.19159
A29: Goose Creek Correctional | C29: ='Sched-B1'!E8+'Sched-D1'!F241 -> 44848434 | D29: ='Inmate Avg Daily Population'!O7 -> 459224.75 | E29: =C29/D29 -> 97.661186 | F29: =$G$8 -> 0.76183518 | G29: =$G$10 -> 29.900079 | H29: =$G$11 -> 5.378211 | I29: =$G$13 -> 8.3209882 | J29: =SUM(E29:I29) -> 142.0223
A30: Hiland Mtn. Correctional | C30: ='Sched-B1'!E6+'Sched-D1'!F138 -> 12729366 | D30: ='Inmate Avg Daily Population'!O8 -> 135904.71 | E30: =C30/D30 -> 93.663904 | F30: =$G$8 -> 0.76183518 | G30: =$G$10 -> 29.900079 | H30: =$G$11 -> 5.378211 | I30: =$G$13 -> 8.3209882 | J30: =SUM(E30:I30) -> 138.02502
A31: Ketchikan Correctional | C31: ='Sched-B1'!E9+'Sched-D1'!F295 -> 4646328.2 | D31: ='Inmate Avg Daily Population'!O9 -> 19545.75 | E31: =C31/D31 -> 237.71552 | F31: =$G$8 -> 0.76183518 | G31: =$G$10 -> 29.900079 | H31: =$G$11 -> 5.378211 | I31: =$G$13 -> 8.3209882 | J31: =SUM(E31:I31) -> 282.07664
A32: Lemon Creek Correctional | C32: ='Sched-B1'!E10+'Sched-D1'!F343 -> 9970901.7 | D32: ='Inmate Avg Daily Population'!O10 -> 81647.458 | E32: =C32/D32 -> 122.1214 | F32: =$G$8 -> 0.76183518 | G32: =$G$10 -> 29.900079 | H32: =$G$11 -> 5.378211 | I32: =$G$13 -> 8.3209882 | J32: =SUM(E32:I32) -> 166.48251
A33: Mat-Su Correctional | C33: ='Sched-B1'!E11+'Sched-D1'!F396 -> 5095669.4 | D33: ='Inmate Avg Daily Population'!O11 -> 36630.792 | E33: =C33/D33 -> 139.10891 | F33: =$G$8 -> 0.76183518 | G33: =$G$10 -> 29.900079 | H33: =$G$11 -> 5.378211 | I33: =$G$13 -> 8.3209882 | J33: =SUM(E33:I33) -> 183.47002
A34: Palmer Correctional | C34: ='Sched-B1'!E12+'Sched-D1'!F445 -> 13075635 | D34: ='Inmate Avg Daily Population'!O12 -> 180115.33 | E34: =C34/D34 -> 72.595901 | F34: =$G$8 -> 0.76183518 | G34: =$G$10 -> 29.900079 | H34: =$G$11 -> 5.378211 | I34: =$G$13 -> 8.3209882 | J34: =SUM(E34:I34) -> 116.95701
A35: Pt. MacKenzie Correctional Farm | C35: ='Sched-B1'!E16+'Sched-D1'!F657 -> 206733.59 | D35: ='Inmate Avg Daily Population'!O13 -> 1460 | E35: =C35/D35 -> 141.59835 | F35: =$G$8 -> 0.76183518 | G35: =$G$10 -> 29.900079 | H35: =$G$11 -> 5.378211 | I35: =$G$13 -> 8.3209882 | J35: =SUM(E35:I35) -> 185.95946
A36: Spring Creek Correctional | C36: ='Sched-B1'!E13+'Sched-D1'!F499 -> 22390189 | D36: ='Inmate Avg Daily Population'!O14 -> 187704.29 | E36: =C36/D36 -> 119.28437 | F36: =$G$8 -> 0.76183518 | G36: =$G$10 -> 29.900079 | H36: =$G$11 -> 5.378211 | I36: =$G$13 -> 8.3209882 | J36: =SUM(E36:I36) -> 163.64549
A37: Wildwood Correctional | C37: ='Sched-B1'!E14+'Sched-D1'!F553 -> 15004487 | D37: ='Inmate Avg Daily Population'!O15 -> 146872.96 | E37: =C37/D37 -> 102.15963 | F37: =$G$8 -> 0.76183518 | G37: =$G$10 -> 29.900079 | H37: =$G$11 -> 5.378211 | I37: =$G$13 -> 8.3209882 | J37: =SUM(E37:I37) -> 146.52074
A38: Yukon Kuskokwim Correctional | C38: ='Sched-B1'!E15+'Sched-D1'!F603 -> 8415108.7 | D38: ='Inmate Avg Daily Population'!O16 -> 67050.5 | E38: =C38/D38 -> 125.50404 | F38: =$G$8 -> 0.76183518 | G38: =$G$10 -> 29.900079 | H38: =$G$11 -> 5.378211 | I38: =$G$13 -> 8.3209882 | J38: =SUM(E38:I38) -> 169.86515
A39: Totals | C39: =SUM(C26:C38) -> 1.8491717e+08 | D39: =SUM(D26:D38) -> 1757110 | E39: =G4 -> 105.25818 | F39: =G8 -> 0.76183518 | G39: =G10 -> 29.900079 | H39: =G11 -> 5.378211 | I39: =G13 -> 8.3209882 | J39: =SUM(E39:I39) -> 149.61929
A43: Revised: 9/28/16 lj

Sheet Inmate Avg Daily Population
A1: ANNUAL TOTAL MANDAYS
B2: AVERAGE DAILY INMATE POPULATION | N2: ANNUAL AVERAGE DAILY POPULATION | O2: ANNUAL TOTAL MANDAYS
A3: Institutions | B3: 42194 | C3: 42225 | D3: 42256 | E3: 42286 | F3: 42317 | G3: 42347 | H3: 42378 | I3: 42409 | J3: 42438 | K3: 42469 | L3: 42499 | M3: 42530
A4: Anchorage Complex | B4: ='Qtrly''s-Cntsht Book'!D5 -> 844.8 | C4: ='Qtrly''s-Cntsht Book'!E5 -> 857.9 | D4: ='Qtrly''s-Cntsht Book'!F5 -> 798.3 | E4: ='Qtrly''s-Cntsht Book'!I5 -> 832.8 | F4: ='Qtrly''s-Cntsht Book'!J5 -> 871 | G4: ='Qtrly''s-Cntsht Book'!K5 -> 857.8 | H4: ='Qtrly''s-Cntsht Book'!N5 -> 842 | I4: ='Qtrly''s-Cntsht Book'!O5 -> 819.6 | J4: ='Qtrly''s-Cntsht Book'!P5 -> 797.3 | K4: ='Qtrly''s-Cntsht Book'!S5 -> 806.6 | L4: ='Qtrly''s-Cntsht Book'!T5 -> 770.6 | M4: ='Qtrly''s-Cntsht Book'!U5 -> 811 | N4: =SUM(B4:M4)/12 -> 825.80833 | O4: =N4*365 -> 301420.04
A5: Anvil Mountain CC | B5: ='Qtrly''s-Cntsht Book'!D6 -> 103.5 | C5: ='Qtrly''s-Cntsht Book'!E6 -> 107.7 | D5: ='Qtrly''s-Cntsht Book'!F6 -> 116.4 | E5: ='Qtrly''s-Cntsht Book'!I6 -> 120.5 | F5: ='Qtrly''s-Cntsht Book'!J6 -> 118.1 | G5: ='Qtrly''s-Cntsht Book'!K6 -> 92.5 | H5: ='Qtrly''s-Cntsht Book'!N6 -> 98.8 | I5: ='Qtrly''s-Cntsht Book'!O6 -> 110.4 | J5: ='Qtrly''s-Cntsht Book'!P6 -> 123 | K5: ='Qtrly''s-Cntsht Book'!S6 -> 119.4 | L5: ='Qtrly''s-Cntsht Book'!T6 -> 116.4 | M5: ='Qtrly''s-Cntsht Book'!U6 -> 108.6 | N5: =SUM(B5:M5)/12 -> 111.275 | O5: =N5*365 -> 40615.375
A6: Fairbanks CC | B6: ='Qtrly''s-Cntsht Book'!D7 -> 265.7 | C6: ='Qtrly''s-Cntsht Book'!E7 -> 269.7 | D6: ='Qtrly''s-Cntsht Book'!F7 -> 255.4 | E6: ='Qtrly''s-Cntsht Book'!I7 -> 265.7 | F6: ='Qtrly''s-Cntsht Book'!J7 -> 266.7 | G6: ='Qtrly''s-Cntsht Book'!K7 -> 262.3 | H6: ='Qtrly''s-Cntsht Book'!N7 -> 268.9 | I6: ='Qtrly''s-Cntsht Book'!O7 -> 274.1 | J6: ='Qtrly''s-Cntsht Book'!P7 -> 265.8 | K6: ='Qtrly''s-Cntsht Book'!S7 -> 283.4 | L6: ='Qtrly''s-Cntsht Book'!T7 -> 293.3 | M6: ='Qtrly''s-Cntsht Book'!U7 -> 281.1 | N6: =SUM(B6:M6)/12 -> 271.00833 | O6: =N6*365 -> 98918.042
A7: Goose Creek CC | B7: ='Qtrly''s-Cntsht Book'!D8 -> 1322.1 | C7: ='Qtrly''s-Cntsht Book'!E8 -> 1316.7 | D7: ='Qtrly''s-Cntsht Book'!F8 -> 1359.4 | E7: ='Qtrly''s-Cntsht Book'!I8 -> 1285 | F7: ='Qtrly''s-Cntsht Book'!J8 -> 1290.6 | G7: ='Qtrly''s-Cntsht Book'!K8 -> 1258.9 | H7: ='Qtrly''s-Cntsht Book'!N8 -> 1219.4 | I7: ='Qtrly''s-Cntsht Book'!O8 -> 1263.4 | J7: ='Qtrly''s-Cntsht Book'!P8 -> 1224 | K7: ='Qtrly''s-Cntsht Book'!S8 -> 1220.8 | L7: ='Qtrly''s-Cntsht Book'!T8 -> 1210 | M7: ='Qtrly''s-Cntsht Book'!U8 -> 1127.5 | N7: =SUM(B7:M7)/12 -> 1258.15 | O7: =N7*365 -> 459224.75
A8: Combined Hiland Mtn CC | B8: ='Qtrly''s-Cntsht Book'!D9 -> 407.6 | C8: ='Qtrly''s-Cntsht Book'!E9 -> 397.9 | D8: ='Qtrly''s-Cntsht Book'!F9 -> 408.3 | E8: ='Qtrly''s-Cntsht Book'!I9 -> 384 | F8: ='Qtrly''s-Cntsht Book'!J9 -> 363.6 | G8: ='Qtrly''s-Cntsht Book'!K9 -> 346 | H8: ='Qtrly''s-Cntsht Book'!N9 -> 349.5 | I8: ='Qtrly''s-Cntsht Book'!O9 -> 365.4 | J8: ='Qtrly''s-Cntsht Book'!P9 -> 365.5 | K8: ='Qtrly''s-Cntsht Book'!S9 -> 360.5 | L8: ='Qtrly''s-Cntsht Book'!T9 -> 359.7 | M8: ='Qtrly''s-Cntsht Book'!U9 -> 360.1 | N8: =SUM(B8:M8)/12 -> 372.34167 | O8: =N8*365 -> 135904.71
A9: Ketchikan CC | B9: ='Qtrly''s-Cntsht Book'!D10 -> 57.1 | C9: ='Qtrly''s-Cntsht Book'!E10 -> 59.2 | D9: ='Qtrly''s-Cntsht Book'!F10 -> 56.4 | E9: ='Qtrly''s-Cntsht Book'!I10 -> 57.8 | F9: ='Qtrly''s-Cntsht Book'!J10 -> 49.9 | G9: ='Qtrly''s-Cntsht Book'!K10 -> 46.7 | H9: ='Qtrly''s-Cntsht Book'!N10 -> 47.7 | I9: ='Qtrly''s-Cntsht Book'!O10 -> 54.7 | J9: ='Qtrly''s-Cntsht Book'!P10 -> 55.7 | K9: ='Qtrly''s-Cntsht Book'!S10 -> 55.3 | L9: ='Qtrly''s-Cntsht Book'!T10 -> 51 | M9: ='Qtrly''s-Cntsht Book'!U10 -> 51.1 | N9: =SUM(B9:M9)/12 -> 53.55 | O9: =N9*365 -> 19545.75
A10: Lemon Creek CC | B10: ='Qtrly''s-Cntsht Book'!D11 -> 232.6 | C10: ='Qtrly''s-Cntsht Book'!E11 -> 234.1 | D10: ='Qtrly''s-Cntsht Book'!F11 -> 226.9 | E10: ='Qtrly''s-Cntsht Book'!I11 -> 220.9 | F10: ='Qtrly''s-Cntsht Book'!J11 -> 229 | G10: ='Qtrly''s-Cntsht Book'!K11 -> 227.2 | H10: ='Qtrly''s-Cntsht Book'!N11 -> 229.1 | I10: ='Qtrly''s-Cntsht Book'!O11 -> 234.4 | J10: ='Qtrly''s-Cntsht Book'!P11 -> 224.3 | K10: ='Qtrly''s-Cntsht Book'!S11 -> 210.7 | L10: ='Qtrly''s-Cntsht Book'!T11 -> 206.3 | M10: ='Qtrly''s-Cntsht Book'!U11 -> 208.8 | N10: =SUM(B10:M10)/12 -> 223.69167 | O10: =N10*365 -> 81647.458
A11: Mat-Su CC | B11: ='Qtrly''s-Cntsht Book'!D12 -> 99.5 | C11: ='Qtrly''s-Cntsht Book'!E12 -> 101.7 | D11: ='Qtrly''s-Cntsht Book'!F12 -> 100.2 | E11: ='Qtrly''s-Cntsht Book'!I12 -> 102.6 | F11: ='Qtrly''s-Cntsht Book'!J12 -> 99.6 | G11: ='Qtrly''s-Cntsht Book'!K12 -> 99.3 | H11: ='Qtrly''s-Cntsht Book'!N12 -> 104.3 | I11: ='Qtrly''s-Cntsht Book'!O12 -> 103.5 | J11: ='Qtrly''s-Cntsht Book'!P12 -> 96.3 | K11: ='Qtrly''s-Cntsht Book'!S12 -> 101.9 | L11: ='Qtrly''s-Cntsht Book'!T12 -> 100.3 | M11: ='Qtrly''s-Cntsht Book'!U12 -> 95.1 | N11: =SUM(B11:M11)/12 -> 100.35833 | O11: =N11*365 -> 36630.792
A12: Palmer CC | B12: ='Qtrly''s-Cntsht Book'!D13 -> 476.8 | C12: ='Qtrly''s-Cntsht Book'!E13 -> 487.9 | D12: ='Qtrly''s-Cntsht Book'!F13 -> 497.9 | E12: ='Qtrly''s-Cntsht Book'!I13 -> 496.9 | F12: ='Qtrly''s-Cntsht Book'!J13 -> 488.4 | G12: ='Qtrly''s-Cntsht Book'!K13 -> 489.5 | H12: ='Qtrly''s-Cntsht Book'!N13 -> 492.4 | I12: ='Qtrly''s-Cntsht Book'!O13 -> 501 | J12: ='Qtrly''s-Cntsht Book'!P13 -> 499.6 | K12: ='Qtrly''s-Cntsht Book'!S13 -> 499.6 | L12: ='Qtrly''s-Cntsht Book'!T13 -> 499.7 | M12: ='Qtrly''s-Cntsht Book'!U13 -> 491.9 | N12: =SUM(B12:M12)/12 -> 493.46667 | O12: =N12*365 -> 180115.33
A13: Pt. MacKenzie | B13: ='Qtrly''s-Cntsht Book'!D14 -> 0 | C13: ='Qtrly''s-Cntsht Book'!E14 -> 0 | D13: ='Qtrly''s-Cntsht Book'!F14 -> 0 | E13: ='Qtrly''s-Cntsht Book'!I14 -> 0 | F13: ='Qtrly''s-Cntsht Book'!J14 -> 0 | G13: ='Qtrly''s-Cntsht Book'!K14 -> 0 | H13: ='Qtrly''s-Cntsht Book'!N14 -> 0 | I13: ='Qtrly''s-Cntsht Book'!O14 -> 0 | J13: ='Qtrly''s-Cntsht Book'!P14 -> 0 | K13: ='Qtrly''s-Cntsht Book'!S14 -> 0 | L13: ='Qtrly''s-Cntsht Book'!T14 -> 0 | M13: ='Qtrly''s-Cntsht Book'!U14 -> 48 | N13: =SUM(B13:M13)/12 -> 4 | O13: =N13*365 -> 1460
A14: Spring Creek CC | B14: ='Qtrly''s-Cntsht Book'!D15 -> 523.4 | C14: ='Qtrly''s-Cntsht Book'!E15 -> 519.2 | D14: ='Qtrly''s-Cntsht Book'!F15 -> 522.8 | E14: ='Qtrly''s-Cntsht Book'!I15 -> 515 | F14: ='Qtrly''s-Cntsht Book'!J15 -> 505.2 | G14: ='Qtrly''s-Cntsht Book'!K15 -> 497.1 | H14: ='Qtrly''s-Cntsht Book'!N15 -> 503.1 | I14: ='Qtrly''s-Cntsht Book'!O15 -> 511.1 | J14: ='Qtrly''s-Cntsht Book'!P15 -> 514.5 | K14: ='Qtrly''s-Cntsht Book'!S15 -> 514.4 | L14: ='Qtrly''s-Cntsht Book'!T15 -> 523.7 | M14: ='Qtrly''s-Cntsht Book'!U15 -> 521.6 | N14: =SUM(B14:M14)/12 -> 514.25833 | O14: =N14*365 -> 187704.29
A15: Combined Wildwood CC | B15: ='Qtrly''s-Cntsht Book'!D16 -> 433.7 | C15: ='Qtrly''s-Cntsht Book'!E16 -> 440.1 | D15: ='Qtrly''s-Cntsht Book'!F16 -> 425.4 | E15: ='Qtrly''s-Cntsht Book'!I16 -> 409.7 | F15: ='Qtrly''s-Cntsht Book'!J16 -> 403.8 | G15: ='Qtrly''s-Cntsht Book'!K16 -> 384.4 | H15: ='Qtrly''s-Cntsht Book'!N16 -> 397.8 | I15: ='Qtrly''s-Cntsht Book'!O16 -> 392.4 | J15: ='Qtrly''s-Cntsht Book'!P16 -> 378 | K15: ='Qtrly''s-Cntsht Book'!S16 -> 385.9 | L15: ='Qtrly''s-Cntsht Book'!T16 -> 380.6 | M15: ='Qtrly''s-Cntsht Book'!U16 -> 396.9 | N15: =SUM(B15:M15)/12 -> 402.39167 | O15: =N15*365 -> 146872.96
... A17: Tents | B17: ='Qtrly''s-Cntsht Book'!D18 -> 0 | C17: ='Qtrly''s-Cntsht Book'!E18 -> 0 | D17: ='Qtrly''s-Cntsht Book'!F18 -> 0 | E17: ='Qtrly''s-Cntsht Book'!I18 -> 0 | F17: ='Qtrly''s-Cntsht Book'!J18 -> 0 | G17: ='Qtrly''s-Cntsht Book'!K18 -> 0 | H17: ='Qtrly''s-Cntsht Book'!N18 -> 0 | I17: ='Qtrly''s-Cntsht Book'!O18 -> 0 | J17: ='Qtrly''s-Cntsht Book'!P18 -> 0 | K17: ='Qtrly''s-Cntsht Book'!S18 -> - | L17: ='Qtrly''s-Cntsht Book'!T18 -> - | M17: ='Qtrly''s-Cntsht Book'!U18 -> - | N17: =SUM(B17:M17)/12 -> 0 | O17: =N17*365 -> 0
A18: TOTAL INSTITUTIONS | B18: =SUM(B4:B17) -> 4938.7 | C18: =SUM(C4:C17) -> 4977.9 | D18: =SUM(D4:D17) -> 4958.1 | E18: =SUM(E4:E17) -> 4887.4 | F18: =SUM(F4:F17) -> 4876.1 | G18: =SUM(G4:G17) -> 4748.9 | H18: =SUM(H4:H17) -> 4747.2 | I18: =SUM(I4:I17) -> 4812.8 | ... M18: =SUM(M4:M17) -> 4673.8 | N18: =SUM(B18:M18)/12 -> 4814 | O18: =SUM(O4:O17) -> 1757110
A19: Other
A20: CRC's | B20: ='Qtrly''s-Cntsht Book'!D21 -> 672.81 | C20: ='Qtrly''s-Cntsht Book'!E21 -> 677.1 | D20: ='Qtrly''s-Cntsht Book'!F21 -> 681.9 | E20: ='Qtrly''s-Cntsht Book'!I21 -> 648 | F20: ='Qtrly''s-Cntsht Book'!J21 -> 633.63 | G20: ='Qtrly''s-Cntsht Book'!K21 -> 647.29 | H20: ='Qtrly''s-Cntsht Book'!N21 -> 625.64 | I20: ='Qtrly''s-Cntsht Book'!O21 -> 607.83 | J20: ='Qtrly''s-Cntsht Book'!P21 -> 650 | K20: ='Qtrly''s-Cntsht Book'!S21 -> 627.2 | L20: ='Qtrly''s-Cntsht Book'!T21 -> 587.65 | M20: ='Qtrly''s-Cntsht Book'!U21 -> 561.73 | N20: =SUM(B20:M20)/12 -> 635.065 | O20: =N20*365 -> 231798.72
A21: CRC Offender Supervision | B21: ='Qtrly''s-Cntsht Book'!D22 -> 5 | C21: ='Qtrly''s-Cntsht Book'!E22 -> 7.23 | D21: ='Qtrly''s-Cntsht Book'!F22 -> 9 | E21: ='Qtrly''s-Cntsht Book'!I22 -> 9.1 | F21: ='Qtrly''s-Cntsht Book'!J22 -> 9.1 | G21: ='Qtrly''s-Cntsht Book'!K22 -> 9.71 | H21: ='Qtrly''s-Cntsht Book'!N22 -> 9 | I21: ='Qtrly''s-Cntsht Book'!O22 -> 8.31 | J21: ='Qtrly''s-Cntsht Book'!P22 -> 8 | K21: ='Qtrly''s-Cntsht Book'!S22 -> 8.07 | L21: ='Qtrly''s-Cntsht Book'!T22 -> 10 | M21: ='Qtrly''s-Cntsht Book'!U22 -> 13.5 | N21: =SUM(B21:M21)/12 -> 8.835 | O21: =N21*365 -> 3224.775
A22: Treatment Beds | B22: ='Qtrly''s-Cntsht Book'!D23 -> 15 | C22: ='Qtrly''s-Cntsht Book'!E23 -> 17 | D22: ='Qtrly''s-Cntsht Book'!F23 -> 16 | E22: ='Qtrly''s-Cntsht Book'!I23 -> 17 | F22: ='Qtrly''s-Cntsht Book'!J23 -> 17 | G22: ='Qtrly''s-Cntsht Book'!K23 -> 16 | H22: ='Qtrly''s-Cntsht Book'!N23 -> 19 | I22: ='Qtrly''s-Cntsht Book'!O23 -> 18 | J22: ='Qtrly''s-Cntsht Book'!P23 -> 17 | K22: ='Qtrly''s-Cntsht Book'!S23 -> 15 | L22: ='Qtrly''s-Cntsht Book'!T23 -> 16 | M22: ='Qtrly''s-Cntsht Book'!U23 -> 16 | N22: =SUM(B22:M22)/12 -> 16.583333 | O22: =N22*365 -> 6052.9167
A23: Electronic Monitoring | B23: ='Qtrly''s-Cntsht Book'!D24 -> 437 | C23: ='Qtrly''s-Cntsht Book'!E24 -> 420 | D23: ='Qtrly''s-Cntsht Book'!F24 -> 429 | E23: ='Qtrly''s-Cntsht Book'!I24 -> 447 | F23: ='Qtrly''s-Cntsht Book'!J24 -> 466 | G23: ='Qtrly''s-Cntsht Book'!K24 -> 437 | H23: ='Qtrly''s-Cntsht Book'!N24 -> 419 | I23: ='Qtrly''s-Cntsht Book'!O24 -> 404 | J23: ='Qtrly''s-Cntsht Book'!P24 -> 410 | K23: ='Qtrly''s-Cntsht Book'!S24 -> 404 | L23: ='Qtrly''s-Cntsht Book'!T24 -> 383 | M23: ='Qtrly''s-Cntsht Book'!U24 -> 373 | N23: =SUM(B23:M23)/12 -> 419.08333 | O23: =N23*365 -> 152965.42
A24: Colorado | B24: ='Qtrly''s-Cntsht Book'!D25 -> N/A | C24: ='Qtrly''s-Cntsht Book'!E25 -> N/A | D24: ='Qtrly''s-Cntsht Book'!F25 -> N/A | E24: ='Qtrly''s-Cntsht Book'!I25 -> N/A | F24: ='Qtrly''s-Cntsht Book'!J25 -> N/A | G24: ='Qtrly''s-Cntsht Book'!K25 -> N/A | H24: ='Qtrly''s-Cntsht Book'!N25 -> N/A | I24: ='Qtrly''s-Cntsht Book'!O25 -> N/A | J24: ='Qtrly''s-Cntsht Book'!P25 -> N/A | K24: ='Qtrly''s-Cntsht Book'!S25 -> N/A | L24: ='Qtrly''s-Cntsht Book'!T25 -> N/A | M24: ='Qtrly''s-Cntsht Book'!U25 -> N/A | N24: =SUM(B24:M24)/3 -> 0 | O24: =N24*365 -> 0
A25: Other Out Of State | B25: ='Qtrly''s-Cntsht Book'!D26 -> 12 | C25: ='Qtrly''s-Cntsht Book'!E26 -> 12 | D25: ='Qtrly''s-Cntsht Book'!F26 -> 12 | E25: ='Qtrly''s-Cntsht Book'!I26 -> 12 | F25: ='Qtrly''s-Cntsht Book'!J26 -> 11 | G25: ='Qtrly''s-Cntsht Book'!K26 -> 11 | H25: ='Qtrly''s-Cntsht Book'!N26 -> 10 | I25: ='Qtrly''s-Cntsht Book'!O26 -> 9 | J25: ='Qtrly''s-Cntsht Book'!P26 -> 9 | K25: ='Qtrly''s-Cntsht Book'!S26 -> 9 | L25: ='Qtrly''s-Cntsht Book'!T26 -> 9 | M25: ='Qtrly''s-Cntsht Book'!U26 -> 9 | N25: =SUM(B25:M25)/12 -> 10.416667 | O25: =N25*365 -> 3802.0833
A26: TOTAL OTHER | B26: =SUM(B20:B25) -> 1141.81 | C26: =SUM(C20:C25) -> 1133.33 | D26: =SUM(D20:D25) -> 1147.9 | E26: =SUM(E20:E25) -> 1133.1 | F26: =SUM(F20:F25) -> 1136.73 | G26: =SUM(G20:G25) -> 1121 | H26: =SUM(H20:H25) -> 1082.64 | I26: =SUM(I20:I25) -> 1047.14 | ... O26: =SUM(O20:O25) -> 397843.92
A27: GRAND TOTAL | B27: =B18+B26 -> 6080.51 | C27: =C18+C26 -> 6111.23 | D27: =D18+D26 -> 6106 | E27: =E18+E26 -> 6020.5 | F27: =F18+F26 -> 6012.83 | G27: =G18+G26 -> 5869.9 | H27: =H18+H26 -> 5829.84 | I27: =I18+I26 -> 5859.94 | ... M27: =M18+M26 -> 5647.03 | N27: =SUM(B27:M27)/12 -> 5903.9833 | O27: =O18+O26 -> 2154953.9
A33: Updated: 9/23/15 lj

Sheet Avg Daily Community Jails
A1: JULY 2012 TO JUNE 2013-NUMBER OF PERSONS
A3: BEDS | B3: 4 | C3: 6 | D3: 7 | E3: 8 | F3: 6 | G3: 7 | H3: 22 | I3: 14 | J3: 9 | K3: 12 | L3: 14 | M3: 15 | N3: 10 | O3: 13 | P3: 12 | Q3: =SUM(B3:P3) -> 159
B4: Bristol Bay | C4: Cordova | D4: Craig | E4: Dillingham | F4: Haines | G4: Homer | H4: Kodiak | I4: Kotzebue | J4: NSB | K4: Petersburg | L4: Seward | M4: Sitka | N4: Unalaska | O4: Valdez | P4: Wrangell
A5: July | B5: 27 | C5: 19 | D5: 28 | E5: 53 | F5: 9 | G5: 59 | H5: 79 | I5: 106 | J5: 74 | K5: 9 | L5: 79 | M5: 63 | N5: 23 | O5: 31 | P5: 11
A6: August | B6: 18 | C6: 7 | D6: 33 | E6: 64 | F6: 12 | G6: 53 | H6: 77 | I6: 64 | J6: 73 | K6: 9 | L6: 28 | M6: 60 | N6: 16 | O6: 29 | P6: 12
A7: September | B7: 10 | C7: 9 | D7: 29 | E7: 54 | F7: 4 | G7: 41 | H7: 83 | I7: 83 | J7: 66 | K7: 7 | L7: 19 | M7: 59 | N7: 27 | O7: 20 | P7: 24
A8: October | B8: 16 | C8: 6 | D8: 35 | E8: 23 | F8: 7 | G8: 45 | H8: 77 | I8: 87 | J8: 70 | K8: 4 | L8: 26 | M8: 57 | N8: 21 | O8: 17 | P8: 21
A9: November | B9: 25 | C9: 2 | D9: 22 | E9: 38 | F9: 12 | G9: 47 | H9: 87 | I9: 70 | J9: 70 | K9: 3 | L9: 31 | M9: 48 | N9: 25 | O9: 27 | P9: 10
A10: December | B10: 9 | C10: 7 | D10: 17 | E10: 38 | F10: 2 | G10: 46 | H10: 81 | I10: 67 | J10: 69 | K10: 3 | L10: 14 | M10: 45 | N10: 6 | O10: 25 | P10: 12
A11: January | B11: 7 | C11: 4 | D11: 26 | E11: 43 | F11: 8 | G11: 51 | H11: 79 | I11: 67 | J11: 76 | K11: 10 | L11: 28 | M11: 61 | N11: 5 | O11: 24 | P11: 15
A12: February | B12: 10 | C12: 5 | D12: 15 | E12: 41 | F12: 5 | G12: 35 | H12: 88 | I12: 80 | J12: 59 | K12: 1 | L12: 34 | M12: 46 | N12: 17 | O12: 14 | P12: 16
A13: March | B13: 9 | C13: 2 | D13: 27 | E13: 45 | F13: 7 | G13: 41 | H13: 98 | I13: 50 | J13: 65 | K13: 7 | L13: 33 | M13: 43 | N13: 23 | O13: 22 | P13: 12
A14: April | B14: 11 | C14: 7 | D14: 25 | E14: 60 | F14: 6 | G14: 49 | H14: 98 | I14: 74 | J14: 60 | K14: 3 | L14: 38 | M14: 39 | N14: 21 | O14: 22 | P14: 14
A15: May | B15: 14 | C15: 6 | D15: 13 | E15: 70 | F15: 7 | G15: 61 | H15: 100 | I15: 91 | J15: 60 | K15: 2 | L15: 34 | M15: 35 | N15: 13 | O15: 27 | P15: 20
A16: June | B16: 13 | C16: 11 | D16: 25 | E16: 65 | F16: 6 | G16: 67 | H16: 83 | I16: 95 | J16: 82 | K16: 9 | L16: 41 | M16: 66 | N16: 20 | O16: 25 | P16: 9 | Q16: Total
B17: =SUM(B5:B16) -> 169 | C17: =SUM(C5:C16) -> 85 | D17: =SUM(D5:D16) -> 295 | E17: =SUM(E5:E16) -> 594 | F17: =SUM(F5:F16) -> 85 | G17: =SUM(G5:G16) -> 595 | H17: =SUM(H5:H16) -> 1030 | I17: =SUM(I5:I16) -> 934 | ... P17: =SUM(P5:P16) -> 176 | Q17: Persons
Q18: =SUM(B17:P17) -> 6381
A19: JULY 2012 TO JUNE 2013--NUMBER OF MAN-DAYS
A21: CAP DAYS | B21: 15 | C21: 7 | D21: 15 | E21: 20 | F21: 14 | G21: 10 | H21: 30 | I21: 30 | J21: 30 | K21: 15 | L21: 30 | M21: 10 | N21: 30 | O21: 10 | P21: 30
B22: Bristol Bay | C22: Cordova | D22: Craig | E22: Dillingham | F22: Haines | G22: Homer | H22: Kodiak | I22: Kotzebue | J22: NSB | K22: Petersburg | L22: Seward | M22: Sitka | N22: Unalaska | O22: Valdez | P22: Wrangell
A23: July | B23: 80 | C23: 43.5 | D23: 154.5 | E23: 125 | F23: 18 | G23: 59.5 | H23: 424 | I23: 312 | J23: 400.5 | K23: 45 | L23: 157 | M23: 200 | N23: 81 | O23: 137.5 | P23: 99
A24: August | B24: 58 | C24: 21.5 | D24: 106 | E24: 208 | F24: 42 | G24: 94.5 | H24: 536 | I24: 206 | J24: 422 | K24: 55.5 | L24: 106 | M24: 153.5 | N24: 121 | O24: 99 | P24: 32
A25: September | B25: 36 | C25: 24 | D25: 129.5 | E25: 242 | F25: 9 | G25: 57 | H25: 604.5 | I25: 244.5 | J25: 330 | K25: 32 | L25: 58 | M25: 271 | N25: 140 | O25: 83.5 | P25: 194
A26: October | B26: 53 | C26: 13 | D26: 162 | E26: 129 | F26: 18 | G26: 77 | H26: 525 | I26: 242 | J26: 298.5 | K26: 14 | L26: 80 | M26: 270 | N26: 93 | O26: 89 | P26: 209
A27: November | B27: 123 | C27: 7 | D27: 146 | E27: 175 | F27: 34 | G27: 75.5 | H27: 524.5 | I27: 172 | J27: 394.5 | K27: 6.5 | L27: 128.5 | M27: 185.5 | N27: 123 | O27: 103 | P27: 66
A28: December | B28: 33 | C28: 14.5 | D28: 76 | E28: 211 | F28: 2 | G28: 78.5 | H28: 617.5 | I28: 249.5 | J28: 353.5 | K28: 7 | L28: 44 | M28: 211 | N28: 38 | O28: 112 | P28: 103
A29: January | B29: 20.5 | C29: 10 | D29: 107 | E29: 200 | F29: 9 | G29: 106 | H29: 542.5 | I29: 243 | J29: 345.5 | K29: 26 | L29: 84.5 | M29: 262 | N29: 47 | O29: 171 | P29: 93
A30: February | B30: 31 | C30: 7.5 | D30: 71 | E30: 163 | F30: 14 | G30: 76.5 | H30: 591.5 | I30: 207.5 | J30: 377 | K30: 0.5 | L30: 114 | M30: 188 | N30: 61.5 | O30: 55.5 | P30: 163
A31: March | B31: 16 | C31: 2 | D31: 120.5 | E31: 220 | F31: 24 | G31: 110.5 | H31: 578.5 | I31: 209.5 | J31: 448.5 | K31: 13.5 | L31: 89 | M31: 224.5 | N31: 77 | O31: 62.5 | P31: 59
A32: April | B32: 48 | C32: 22.5 | D32: 87 | E32: 186 | F32: 8 | G32: 107.5 | H32: 571 | I32: 234.5 | J32: 363.5 | K32: 37 | L32: 134 | M32: 156.6 | N32: 65 | O32: 130 | P32: 90
A33: May | B33: 43 | C33: 4.5 | D33: 45 | E33: 193 | F33: 36 | G33: 101 | H33: 540 | I33: 296 | J33: 309 | K33: 3.5 | L33: 112.5 | M33: 111.5 | N33: 43 | O33: 155 | P33: 173
A34: June | B34: 32 | C34: 31.5 | D34: 114 | E34: 164 | F34: 24 | G34: 114.5 | H34: 430 | I34: 289.5 | J34: 358 | K34: 11.5 | L34: 115.5 | M34: 168.5 | N34: 87 | O34: 68 | P34: 139 | Q34: Total
B35: =SUM(B23:B34) -> 573.5 | C35: =SUM(C23:C34) -> 201.5 | D35: =SUM(D23:D34) -> 1318.5 | E35: =SUM(E23:E34) -> 2216 | F35: =SUM(F23:F34) -> 238 | G35: =SUM(G23:G34) -> 1058 | H35: =SUM(H23:H34) -> 6485 | I35: =SUM(I23:I34) -> 2906 | ... P35: =SUM(P23:P34) -> 1420 | Q35: Man-days
Q36: =SUM(B35:P35) -> 26936.6
A37: COC 2014 | B37: =Q36/365 -> 73.798904
A38: Average Daily Community Jail Population for Fiscal Year 2013 | H38: 70
A41: JULY 2013 TO JUNE 2014 - NUMBER OF MAN-DAYS
A43: CAP DAYS | B43: 15 | C43: 7 | D43: 15 | E43: 20 | F43: 14 | G43: 10 | H43: 30 | I43: 30 | J43: 30 | K43: 15 | L43: 30 | M43: 10 | N43: 30 | O43: 10 | P43: 30
B44: Bristol Bay | C44: Cordova | D44: Craig | E44: Dillingham | F44: Haines | G44: Homer | H44: Kodiak | I44: Kotzebue | J44: NSB | K44: Petersburg | L44: Seward | M44: Sitka | N44: Unalaska | O44: Valdez | P44: Wrangell
A45: July | B45: 73 | C45: 30 | D45: 98 | E45: 237 | F45: 1 | G45: 92 | H45: 623 | I45: 319 | J45: 370 | K45: 101 | L45: 140.5 | M45: 213.5 | N45: 135 | O45: 155.5 | P45: 31
A46: August | B46: 50.5 | C46: 11.5 | D46: 99.5 | E46: 162 | F46: 7 | G46: 120 | H46: 685.5 | I46: 337 | J46: 402 | K46: 32.5 | L46: 69 | M46: 173 | N46: 66 | O46: 96 | P46: 91
A47: September | B47: 50 | C47: 13.5 | D47: 165 | E47: 158 | F47: 20 | G47: 112.5 | H47: 684.5 | I47: 333 | J47: 418.5 | K47: 86.5 | L47: 117.5 | M47: 191.5 | N47: 80 | O47: 96 | P47: 119
A48: October | B48: 55.5 | C48: 9.5 | D48: 140.5 | E48: 255 | F48: 2 | G48: 123.5 | H48: 696.5 | I48: 316 | J48: 361 | K48: 27.5 | L48: 96 | M48: 276.5 | N48: 154 | O48: 112 | P48: 141
A49: November | B49: 30 | C49: 15 | D49: 101 | E49: 161 | F49: 41 | G49: 100.5 | H49: 542 | I49: 250.5 | J49: 292.5 | K49: 51.5 | L49: 112.5 | M49: 198.5 | N49: 52 | O49: 134.5 | P49: 127
A50: December | B50: 44 | C50: 3.5 | D50: 153 | E50: 192 | F50: 29 | G50: 52.5 | H50: 574 | I50: 267 | J50: 281.5 | K50: 36 | L50: 102.5 | M50: 163 | N50: 77.5 | O50: 47 | P50: 60
A51: January | B51: 24 | C51: 17 | D51: 148.5 | E51: 145 | F51: 3 | G51: 103 | H51: 686.5 | I51: 340.5 | J51: 325.5 | K51: 40 | L51: 116.5 | M51: 221 | N51: 160 | O51: 157.5 | P51: 57
A52: February | B52: 14 | C52: 2 | D52: 153 | E52: 118 | F52: 2 | G52: 93.5 | H52: 685.5 | I52: 275.5 | J52: 320.5 | K52: 52 | L52: 83 | M52: 172 | N52: 84 | O52: 129 | P52: 29
A53: March | B53: 30 | C53: 17 | D53: 198 | E53: 238 | F53: 1 | G53: 50.5 | H53: 667 | I53: 317.5 | J53: 394 | K53: 34 | L53: 10.5 | M53: 194.5 | N53: 141.5 | O53: 117.5 | P53: 145
A54: April | B54: 34 | C54: 8.5 | D54: 123.5 | E54: 231 | F54: 17 | G54: 95.5 | H54: 741 | I54: 334.5 | J54: 247.5 | K54: 57.5 | L54: 87.5 | M54: 215 | N54: 147 | O54: 61 | P54: 92
A55: May | B55: 27.5 | C55: 6.5 | D55: 159 | E55: 154 | F55: 14 | G55: 85.5 | H55: 826 | I55: 297 | J55: 369 | K55: 30.5 | L55: 94 | M55: 94.5 | N55: 139.5 | O55: 58 | P55: 46
A56: June | B56: 56 | C56: 20.5 | D56: 130 | E56: 214 | F56: 5 | G56: 65.5 | H56: 678.5 | I56: 276 | J56: 365 | K56: 32 | L56: 89.5 | M56: 103 | N56: 90.5 | O56: 43 | P56: 71 | Q56: Total
B57: =SUM(B45:B56) -> 488.5 | C57: =SUM(C45:C56) -> 154.5 | D57: =SUM(D45:D56) -> 1669 | E57: =SUM(E45:E56) -> 2265 | F57: =SUM(F45:F56) -> 142 | G57: =SUM(G45:G56) -> 1094.5 | H57: =SUM(H45:H56) -> 8090 | I57: =SUM(I45:I56) -> 3663.5 | ... P57: =SUM(P45:P56) -> 1009 | Q57: Man-days
A58: =SUM(B58:P58) -> 79.926027 | B58: =B57/365 -> 1.3383562 | C58: =C57/365 -> 0.42328767 | D58: =D57/365 -> 4.5726027 | E58: =E57/365 -> 6.2054795 | F58: =F57/365 -> 0.3890411 | G58: =G57/365 -> 2.9986301 | H58: =H57/365 -> 22.164384 | I58: =I57/365 -> 10.036986 | ... P58: =P57/365 -> 2.7643836 | Q58: =SUM(B57:P57) -> 29173
A60: COC 2015 | B60: =Q58/365 -> 79.926027
A61: Average Daily Community Jail Population for Fiscal Year 2014 | H61: 80
A63: JULY 2014 TO JUNE 2015--NUMBER OF MAN-DAYS
A65: CAP DAYS | B65: 15 | C65: 7 | D65: 15 | E65: 20 | F65: 14 | G65: 10 | H65: 30 | I65: 30 | J65: 30 | K65: 15 | L65: 30 | M65: 10 | N65: 30 | O65: 10 | P65: 30
B66: Bristol Bay | C66: Cordova | D66: Craig | E66: Dillingham | F66: Haines | G66: Homer | H66: Kodiak | I66: Kotzebue | J66: NSB | K66: Petersburg | L66: Seward | M66: Sitka | N66: Unalaska | O66: Valdez | P66: Wrangell
A67: July | B67: 77 | C67: 50.5 | D67: 129 | E67: 274 | F67: 14 | G67: 87.5 | H67: 773.5 | I67: 309 | J67: 452.5 | K67: 91 | L67: 104.5 | M67: 151 | N67: 38 | O67: 118 | P67: 114
A68: August | B68: 50 | C68: 65 | D68: 160.5 | E68: 270 | F68: 24 | G68: 96 | H68: 913 | I68: 305 | J68: 405.5 | K68: 29.5 | L68: 104 | M68: 223 | N68: 82 | O68: 120 | P68: 106
A69: September | B69: 36 | C69: 37 | D69: 203.5 | E69: 230 | F69: 42 | G69: 105.5 | H69: 817 | I69: 148.5 | J69: 361 | K69: 83 | L69: 103.5 | M69: 255 | N69: 74 | O69: 88 | P69: 120
A70: October | B70: 37 | C70: 51.5 | D70: 205.5 | E70: 263 | F70: 6 | G70: 56 | H70: 764.5 | I70: 290.5 | J70: 376 | K70: 25.5 | L70: 247.5 | M70: 247.5 | N70: 59 | O70: 65 | P70: 101
A71: November | B71: 15 | C71: 20.5 | D71: 135.5 | E71: 143 | F71: 6 | G71: 73.5 | H71: 792.5 | I71: 275 | J71: 224.5 | K71: 36 | L71: 120 | M71: 185.5 | N71: 103 | O71: 116.5 | P71: 55
A72: December | B72: 39 | C72: 16 | D72: 95.5 | E72: 183 | F72: 16 | G72: 69 | H72: 865 | I72: 279.5 | J72: 149 | K72: 28 | L72: 153.5 | M72: 170 | N72: 117 | O72: 37 | P72: 51
A73: January | B73: 34.5 | C73: 18 | D73: 157.5 | E73: 261 | F73: 13 | G73: 90 | H73: 876.5 | I73: 263 | J73: 206 | K73: 25.5 | L73: 55.5 | M73: 317.5 | N73: 202 | O73: 53 | P73: 7
A74: February | B74: 18 | C74: 18.5 | D74: 171.5 | E74: 195 | F74: 2 | G74: 56 | H74: 914.5 | I74: 307.5 | J74: 223 | K74: 63.5 | L74: 64.5 | M74: 141 | N74: 87.5 | O74: 79 | P74: 59
A75: March | B75: 31 | C75: 49 | D75: 158 | E75: 138 | F75: 4.5 | G75: 54.5 | H75: 866 | I75: 292.5 | J75: 304 | K75: 48.5 | L75: 56.5 | M75: 239 | N75: 106 | O75: 41.5 | P75: 77
A76: April | B76: 14 | C76: 46 | D76: 106.5 | E76: 187 | F76: 31 | G76: 77.5 | H76: 1051.5 | I76: 347.5 | J76: 207 | K76: 36.5 | L76: 91 | M76: 253.5 | N76: 109 | O76: 61 | P76: 66
A77: May | B77: 25.5 | C77: 2 | D77: 117.5 | E77: 182 | F77: 11 | G77: 86 | H77: 929.5 | I77: 386.5 | J77: 260.5 | K77: 24 | L77: 34.5 | M77: 209 | N77: 71.5 | O77: 67 | P77: 79
A78: June | B78: 53 | C78: 25.5 | D78: 87.5 | E78: 191 | F78: 22 | G78: 82 | H78: 841.5 | I78: 284.5 | J78: 340.5 | K78: 8.5 | L78: 59 | M78: 209.5 | N78: 136.5 | O78: 107.5 | P78: 53 | Q78: Total
A79: Total | B79: =SUM(B67:B78) -> 430 | C79: =SUM(C67:C78) -> 399.5 | D79: =SUM(D67:D78) -> 1728 | E79: =SUM(E67:E78) -> 2517 | F79: =SUM(F67:F78) -> 191.5 | G79: =SUM(G67:G78) -> 933.5 | H79: =SUM(H67:H78) -> 10405 | I79: =SUM(I67:I78) -> 3489 | ... P79: =SUM(P67:P78) -> 888 | Q79: Man-days
A80: Average | B80: =AVERAGE(B67:B78) -> 35.833333 | C80: =AVERAGE(C67:C78) -> 33.291667 | D80: =AVERAGE(D67:D78) -> 144 | E80: =AVERAGE(E67:E78) -> 209.75 | F80: =AVERAGE(F67:F78) -> 15.958333 | G80: =AVERAGE(G67:G78) -> 77.791667 | H80: =AVERAGE(H67:H78) -> 867.08333 | I80: =AVERAGE(I67:I78) -> 290.75 | ... P80: =AVERAGE(P67:P78) -> 74 | Q80: =SUM(B79:P79) -> 30925
A82: COC CY2016 | B82: =Q80/365 -> 84.726027
A83: Average Daily Community Jail Population for Fiscal Year 2015 | H83: =B82 -> 84.726027
A86: JULY 2015 TO JUNE 2016-NUMBER OF PERSONS
A88: BEDS | B88: 4 | C88: 6 | D88: 7 | E88: 8 | F88: 6 | G88: 7 | H88: 22 | I88: 12 | J88: 9 | K88: 12 | L88: 14 | M88: 15 | N88: 10 | O88: 13 | P88: 12 | Q88: =SUM(B88:P88) -> 157
B89: Bristol Bay | C89: Cordova | D89: Craig | E89: Dillingham | F89: Haines | G89: Homer | H89: Kodiak | I89: Kotzebue | J89: NSB | K89: Petersburg | L89: Seward | M89: Sitka | N89: Unalaska | O89: Valdez | P89: Wrangell
A90: July | B90: 46 | C90: 8 | D90: 38 | E90: 58 | F90: 2 | G90: 44 | H90: 92 | I90: 93 | J90: 74 | K90: 7 | L90: 47 | M90: 42 | N90: 22 | O90: 25 | P90: 8
A91: August | B91: 10 | C91: 5 | D91: 37 | E91: 71 | F91: 5 | G91: 67 | H91: 86 | I91: 88 | J91: 55 | K91: 17 | L91: 65 | M91: 56 | N91: 23 | O91: 22 | P91: 5
A92: September | B92: 12 | C92: 8 | D92: 33 | E92: 72 | F92: 5 | G92: 39 | H92: 87 | I92: 104 | J92: 72 | K92: 14 | L92: 32 | M92: 63 | N92: 17 | O92: 22 | P92: 6
A93: October | B93: 15 | C93: 4 | D93: 46 | E93: 65 | F93: 5 | G93: 44 | H93: 84 | I93: 114 | J93: 72 | K93: 9 | L93: 21 | M93: 67 | N93: 32 | O93: 24 | P93: 8
A94: November | B94: 3 | C94: 6 | D94: 36 | E94: 40 | F94: 4 | G94: 33 | H94: 71 | I94: 69 | J94: 55 | K94: 4 | L94: 18 | M94: 44 | N94: 31 | O94: 18 | P94: 3
A95: December | B95: 6 | C95: 6 | D95: 17 | E95: 48 | F95: 2 | G95: 37 | H95: 91 | I95: 83 | J95: 59 | K95: 5 | L95: 17 | M95: 51 | N95: 23 | O95: 18 | P95: 10
A96: January | B96: 1 | C96: 5 | D96: 25 | E96: 41 | F96: 4 | G96: 41 | H96: 82 | I96: 97 | J96: 63 | K96: 12 | L96: 18 | M96: 55 | N96: 15 | O96: 16 | P96: 10
A97: February | B97: 9 | C97: 8 | D97: 19 | E97: 34 | F97: 11 | G97: 50 | H97: 62 | I97: 94 | J97: 49 | K97: 1 | L97: 25 | M97: 34 | N97: 25 | O97: 13 | P97: 5
A98: March | B98: 4 | C98: 5 | D98: 25 | E98: 58 | F98: 4 | G98: 38 | H98: 87 | I98: 96 | J98: 61 | K98: 9 | L98: 24 | M98: 49 | N98: 23 | O98: 16 | P98: 6
A99: April | B99: 2 | C99: 7 | D99: 29 | E99: 48 | F99: 8 | G99: 34 | H99: 73 | I99: 101 | J99: 44 | K99: 10 | L99: 33 | M99: 55 | N99: 20 | O99: 11 | P99: 5
A100: May | B100: 5 | C100: 7 | D100: 18 | E100: 60 | F100: 4 | G100: 53 | H100: 60 | I100: 103 | J100: 50 | K100: 8 | L100: 31 | M100: 44 | N100: 15 | O100: 12 | P100: 7
A101: June | B101: 15 | C101: 5 | D101: 18 | E101: 70 | F101: 4 | G101: 49 | H101: 57 | I101: 122 | J101: 65 | K101: 11 | L101: 29 | M101: 41 | N101: 15 | O101: 17 | P101: 6 | Q101: Total
A102: Total | B102: =SUM(B90:B101) -> 128 | C102: =SUM(C90:C101) -> 74 | D102: =SUM(D90:D101) -> 341 | E102: =SUM(E90:E101) -> 665 | F102: =SUM(F90:F101) -> 58 | G102: =SUM(G90:G101) -> 529 | H102: =SUM(H90:H101) -> 932 | I102: =SUM(I90:I101) -> 1164 | ... P102: =SUM(P90:P101) -> 79 | Q102: Persons
A103: Average | B103: =AVERAGE(B90:B101) -> 10.666667 | C103: =AVERAGE(C90:C101) -> 6.1666667 | D103: =AVERAGE(D90:D101) -> 28.416667 | E103: =AVERAGE(E90:E101) -> 55.416667 | F103: =AVERAGE(F90:F101) -> 4.8333333 | G103: =AVERAGE(G90:G101) -> 44.083333 | H103: =AVERAGE(H90:H101) -> 77.666667 | I103: =AVERAGE(I90:I101) -> 97 | ... P103: =AVERAGE(P90:P101) -> 6.5833333 | Q103: =SUM(B102:P102) -> 6232
A105: JULY 2015 TO JUNE 2016--NUMBER OF MAN-DAYS
A107: CAP DAYS | B107: 15 | C107: 7 | D107: 15 | E107: 20 | F107: 14 | G107: 10 | H107: 30 | I107: 30 | J107: 30 | K107: 15 | L107: 30 | M107: 10 | N107: 30 | O107: 10 | P107: 30
B108: Bristol Bay | C108: Cordova | D108: Craig | E108: Dillingham | F108: Haines | G108: Homer | H108: Kodiak | I108: Kotzebue | J108: NSB | K108: Petersburg | L108: Seward | M108: Sitka | N108: Unalaska | O108: Valdez | P108: Wrangell
A109: July | B109: 98 | C109: 19.5 | D109: 136 | E109: 212 | F109: 2 | G109: 57 | H109: 936.5 | I109: 282 | J109: 359.5 | K109: 17.5 | L109: 76.5 | M109: 238 | N109: 124.5 | O109: 106 | P109: 62
A110: August | B110: 55.5 | C110: 19 | D110: 151 | E110: 267 | F110: 28 | G110: 89.5 | H110: 790 | I110: 289.5 | J110: 226.5 | K110: 40.5 | L110: 165.5 | M110: 194.5 | N110: 91.5 | O110: 64 | P110: 47
A111: September | B111: 36.5 | C111: 34.5 | D111: 197.5 | E111: 173 | F111: 8.5 | G111: 65.5 | H111: 848 | I111: 312.5 | J111: 246.5 | K111: 58 | L111: 109.5 | M111: 275 | N111: 120 | O111: 164 | P111: 13
A112: October | B112: 53 | C112: 8 | D112: 184.5 | E112: 226 | F112: 13 | G112: 81.5 | H112: 764 | I112: 357.5 | J112: 320.5 | K112: 25.5 | L112: 80 | M112: 351 | N112: 134.5 | O112: 98.5 | P112: 41
A113: November | B113: 5 | C113: 25.5 | D113: 151 | E113: 182 | F113: 10 | G113: 66 | H113: 647 | I113: 218 | J113: 264 | K113: 32 | L113: 59.5 | M113: 239.5 | N113: 161.5 | O113: 81 | P113: 21
A114: December | B114: 27 | C114: 22.5 | D114: 103.5 | E114: 211 | F114: 3 | G114: 66.5 | H114: 781.5 | I114: 266 | J114: 193 | K114: 19.5 | L114: 64 | M114: 168.5 | N114: 133.5 | O114: 50.5 | P114: 70
...

Sheet IADP-By Gender
A3: FY2016 COST OF CARE SPREADSHEET
A4: FY2016
A5: Location | B5: Misd male sent | C5: Misd male unsent | D5: Misd female sent | E5: Misd female unsent | F5: Felony male sent | G5: Felony male unsent | H5: Felony female sent | I5: Felony female unsent | J5: Grand Total
A6: ANCHORAGE CC EAST | B6: 34 | C6: 87 | D6: 2 | E6: 11 | F6: 81 | G6: 210 | H6: 2 | I6: 15 | J6: 442
A7: ANCHORAGE CC WEST | B7: 9 | C7: 33 | D7: 0 | E7: 0 | F7: 96 | G7: 273 | H7: 0 | I7: 0 | J7: 411
A8: ANVIL MTN CC | B8: 9 | C8: 16 | D8: 1 | E8: 3 | F8: 28 | G8: 50 | H8: 4 | I8: 4 | J8: 115
A9: FAIRBANKS CC | B9: 16 | C9: 60 | D9: 3 | E9: 11 | F9: 22 | G9: 150 | H9: 3 | I9: 16 | J9: 281
A10: GOOSE CREEK CC | B10: 85 | C10: 39 | D10: 0 | E10: 0 | F10: 893 | G10: 211 | H10: 0 | I10: 0 | J10: 1228
A11: HILAND MTN CC | B11: 0 | C11: 0 | D11: 34 | E11: 37 | F11: 0 | G11: 0 | H11: 207 | I11: 98 | J11: 376
A12: KETCHIKAN CC | B12: 5 | C12: 7 | D12: 1 | E12: 2 | F12: 11 | G12: 24 | H12: 1 | I12: 5 | J12: 56
A13: LEMON CREEK CC | B13: 20 | C13: 20 | D13: 2 | E13: 4 | F13: 110 | G13: 57 | H13: 6 | I13: 9 | J13: 228
A14: MATSU PRETRIAL | B14: 3 | C14: 19 | D14: 1 | E14: 5 | F14: 10 | G14: 60 | H14: 2 | I14: 8 | J14: 108
A15: PALMER-MED CC | B15: 25 | C15: 1 | D15: 0 | E15: 0 | F15: 289 | G15: 4 | H15: 0 | I15: 0 | J15: 319
A16: PALMER-MIN CC | B16: 9 | C16: 0 | D16: 0 | E16: 0 | F16: 167 | G16: 0 | H16: 0 | I16: 0 | J16: 176
A17: PT. MACKENZIE CF | B17: 2 | C17: 0 | D17: 0 | E17: 0 | F17: 35 | G17: 0 | H17: 0 | I17: 0 | J17: 37
A18: SPRING CREEK CC | B18: 19 | C18: 0 | D18: 0 | E18: 0 | F18: 493 | G18: 2 | H18: 0 | I18: 0 | J18: 514
A19: WILDWOOD CC | B19: 13 | C19: 7 | D19: 0 | E19: 0 | F19: 190 | G19: 30 | H19: 0 | I19: 0 | J19: 240 | L19: AVG Daily
A20: WILDWOOD PRETRIAL | B20: 2 | C20: 14 | D20: 3 | E20: 7 | F20: 4 | G20: 53 | H20: 5 | I20: 22 | J20: 110 | L20: Female
A21: WILDWOOD TRANSIT | B21: 6 | C21: 1 | D21: 0 | E21: 0 | F21: 50 | G21: 2 | H21: 0 | I21: 0 | J21: 59 | L21: Population
A22: YUKON-KUSKOKWIM CC | B22: 27 | C22: 37 | D22: 2 | E22: 4 | F22: 15 | G22: 97 | H22: 2 | I22: 5 | J22: 189 | L22: (Sched-A)
A23: INSTITUTION TOTAL | B23: 284 | C23: 341 | D23: 49 | E23: 84 | F23: 2494 | G23: 1223 | H23: 232 | I23: 182 | J23: 4889 | L23: =D23+E23+H23+I23 -> 547
A24: AKEELA HOUSE | B24: 0 | C24: 0 | D24: 0 | E24: 0 | F24: 0 | G24: 0 | H24: 0 | I24: 1 | J24: 1
A25: CLITHEROE | B25: 0 | C25: 0 | D25: 0 | E25: 0 | F25: 2 | G25: 0 | H25: 4 | I25: 0 | J25: 6
A26: CORDOVA CTR | B26: 39 | C26: 18 | D26: 1 | E26: 1 | F26: 46 | G26: 16 | H26: 0 | I26: 0 | J26: 121
A27: GLACIER MANOR | B27: 10 | C27: 3 | D27: 1 | E27: 0 | F27: 32 | G27: 6 | H27: 5 | I27: 0 | J27: 57
A28: GLENNWOOD CTR | B28: 2 | C28: 0 | D28: 2 | E28: 0 | F28: 56 | G28: 0 | H28: 16 | I28: 0 | J28: 76
A29: MIDTOWN CTR - ANCH | B29: 0 | C29: 0 | D29: 11 | E29: 3 | F29: 0 | G29: 0 | H29: 14 | I29: 1 | J29: 29
A30: NORTH STAR CTR | B30: 22 | C30: 10 | D30: 3 | E30: 2 | F30: 35 | G30: 11 | H30: 4 | I30: 3 | J30: 90
A31: PARKVIEW | B31: 34 | C31: 22 | D31: 0 | E31: 0 | F31: 39 | G31: 5 | H31: 0 | I31: 0 | J31: 100
A32: SEASIDE CRC-NOME | B32: 9 | C32: 5 | D32: 2 | E32: 1 | F32: 21 | G32: 3 | H32: 3 | I32: 2 | J32: 46
A33: TUNDRA CTR | B33: 23 | C33: 8 | D33: 4 | E33: 2 | F33: 16 | G33: 5 | H33: 4 | I33: 1 | J33: 63
A34: CRC Total | B34: 139 | C34: 66 | D34: 24 | E34: 9 | F34: 247 | G34: 46 | H34: 50 | I34: 8 | J34: 589
A35: ANCHORAGE EM | B35: 22 | C35: 0 | D35: 14 | E35: 0 | F35: 144 | G35: 5 | H35: 47 | I35: 3 | J35: 235
... A43: EM Total | B43: 48 | C43: 0 | D43: 21 | E43: 0 | F43: 228 | G43: 5 | H43: 74 | I43: 3 | J43: 379
A47: FY2015 COST OF CARE SPREADSHEET
A48: FY2015
A49: body_loc_desc2 | B49: location | C49: Misd male sent | D49: Misd male unsent | E49: Misd female sent | F49: Misd female unsent | G49: Felony male sent | H49: Felony male unsent | I49: Felony female sent | J49: Felony female unsent | K49: misd total | L49: felony total | M49: grand total
A50: ANCHORAGE CC EAST | B50: AK PRISON | C50: 3.1123 | D50: 89.201 | E50: 0.4496 | F50: 9.177 | G50: 20.87 | H50: 304.44 | I50: 0.275 | J50: 19.81 | K50: 101.94 | L50: 345.4 | M50: 447.34
A51: ANCHORAGE CC WEST | B51: AK PRISON | C51: 0 | D51: 11.208 | E51: 0 | F51: 0 | G51: 40.1 | H51: 351.65 | I51: 0 | J51: 0 | K51: 11.208 | L51: 391.75 | M51: 402.95
A52: ANVIL MTN CC | B52: AK PRISON | C52: 4.6639 | D52: 17.085 | E52: 0.6168 | F52: 3.138 | G52: 3.04 | H52: 70.17 | I52: 0.194 | J52: 13.279 | K52: 25.504 | L52: 86.69 | M52: 112.19
A53: FAIRBANKS CC | B53: AK PRISON | C53: 2.2191 | D53: 79.127 | E53: 0.3468 | F53: 12.252 | G53: 10.39 | H53: 150.29 | I53: 2.061 | J53: 12.652 | K53: 93.945 | L53: 175.39 | M53: 269.34
A54: GOOSE CREEK CC | B54: AK PRISON | C54: 19.4917 | D54: 68.557 | E54: 0 | F54: 0.019 | G54: 810.48 | H54: 503.13 | I54: 0 | J54: 0 | K54: 88.068 | L54: 1313.61 | M54: 1401.67
A55: HILAND MTN CC | B55: AK PRISON | C55: 0 | D55: 0.323 | E55: 6.6474 | F55: 40.567 | G55: 0 | H55: 1.14 | I55: 161.161 | J55: 213.819 | K55: 47.538 | L55: 376.12 | M55: 423.66
A56: KETCHIKAN CC | B56: AK PRISON | C56: 1.6698 | D56: 3.308 | E56: 0.2791 | F56: 1.993 | G56: 1.68 | H56: 44.4 | I56: 0.201 | J56: 9.436 | K56: 7.25 | L56: 55.72 | M56: 62.97
A57: LEMON CREEK CC | B57: AK PRISON | C57: 7.4816 | D57: 26.417 | E57: 0.3043 | F57: 6.87 | G57: 64.63 | H57: 106.81 | I57: 3.309 | J57: 20.865 | K57: 41.073 | L57: 195.61 | M57: 236.69
A58: MATSU PRETRIAL | B58: AK PRISON | C58: 0.5174 | D58: 24.119 | E58: 0.0373 | F58: 4.787 | G58: 5.77 | H58: 62.68 | I58: 0.067 | J58: 9.43 | K58: 29.46 | L58: 77.95 | M58: 107.41
A59: PALMER-MED CC | B59: AK PRISON | C59: 6.1944 | D59: 0.633 | E59: 0 | F59: 0 | G59: 303.32 | H59: 16.89 | I59: 0 | J59: 0 | K59: 6.827 | L59: 320.21 | M59: 327.04
A60: PALMER-MIN CC | B60: AK PRISON | C60: 3.2082 | D60: 0 | E60: 0 | F60: 0 | G60: 172.63 | H60: 0 | I60: 0 | J60: 0 | K60: 3.208 | L60: 172.63 | M60: 175.84
A61: PT. MACKENZIE CF | B61: AK PRISON | C61: . | D61: . | E61: . | F61: . | G61: . | H61: . | I61: . | J61: . | K61: . | L61: . | M61: .
A62: SPRING CREEK CC | B62: AK PRISON | C62: 13.36 | D62: 0 | E62: 0 | F62: 0 | G62: 509.45 | H62: 4.93 | I62: 0 | J62: 0 | K62: 13.36 | L62: 514.38 | M62: 527.74
A63: WILDWOOD CC | B63: AK PRISON | C63: 2.9034 | D63: 9.635 | E63: 0 | F63: 0 | G63: 180.12 | H63: 62.36 | I63: 0 | J63: 0 | K63: 12.538 | L63: 242.48 | M63: 255.02
A64: WILDWOOD PRETRIAL | B64: AK PRISON | C64: 0.1238 | D64: 6.637 | E64: 0.8615 | F64: 6.722 | G64: 2.03 | H64: 65.76 | I64: 0.568 | J64: 31.302 | K64: 14.344 | L64: 99.66 | M64: 114 | O64: AVG Daily
A65: WILDWOOD TRANSIT | B65: AK PRISON | C65: 2.558 | D65: 1.85 | E65: 0 | F65: 0 | G65: 51.01 | H65: 6.44 | I65: 0 | J65: 0 | K65: 4.408 | L65: 57.45 | M65: 61.86 | O65: Population/Female
A66: YUKON-KUSKOKWIM CC | B66: AK PRISON | C66: 3.4678 | D66: 35.848 | E66: 0.3777 | F66: 3.842 | G66: 2.82 | H66: 139.61 | I66: 0.45 | J66: 6.862 | K66: 43.535 | L66: 149.74 | M66: 193.28 | O66: (Sched-A)
A67: z_TOTAL | B67: AK PRISON | C67: 69.5214 | D67: 437.437 | E67: 10.8001 | F67: 100.767 | G67: 1834.97 | H67: 2143.43 | I67: 162.351 | J67: 364.385 | K67: 618.526 | L67: 4505.14 | M67: 5123.66 | O67: =E67+F67+I67+J67 -> 638.3031
A68: AKEELA HOUSE | B68: CRC | C68: . | D68: . | E68: . | F68: . | G68: . | H68: . | I68: . | J68: . | K68: . | L68: . | M68: .
A69: CHANLYUT | B69: CRC | C69: 0 | D69: 0 | E69: 0 | F69: 0.701 | G69: 0 | H69: 0 | I69: 0 | J69: 0 | K69: 0.701 | L69: 0 | M69: 0.7
A70: CLITHEROE | B70: CRC | C70: 0 | D70: 0 | E70: 0 | F70: 0 | G70: 0 | H70: 0 | I70: 5.015 | J70: 1.2 | K70: 0 | L70: 6.21 | M70: 6.21
A71: CORDOVA CTR | B71: CRC | C71: 17.7466 | D71: 29.486 | E71: 0.3197 | F71: 0.473 | G71: 11.18 | H71: 96.28 | I71: 0 | J71: 0.248 | K71: 48.025 | L71: 107.71 | M71: 155.74
A72: GLACIER MANOR | B72: CRC | C72: 1.9086 | D72: 13.368 | E72: 0.0243 | F72: 0.073 | G72: 27.21 | H72: 14.81 | I72: 3.283 | J72: 0 | K72: 15.374 | L72: 45.3 | M72: 60.68
A73: GLENNWOOD CTR | B73: CRC | C73: 0.3928 | D73: 0.825 | E73: 2.6615 | F73: 1.62 | G73: 49.23 | H73: 6.96 | I73: 6.511 | J73: 5.932 | K73: 5.5 | L73: 68.64 | M73: 74.14
A74: MIDTOWN CTR - ANCH | B74: CRC | C74: 0.0145 | D74: 0 | E74: 6.0569 | F74: 7.653 | G74: 0 | H74: 0 | I74: 3.193 | J74: 11.983 | K74: 13.725 | L74: 15.18 | M74: 28.9
A75: NORTH STAR CTR | B75: CRC | C75: 2.926 | D75: 36.944 | E75: 1.2479 | F75: 7.407 | G75: 4.58 | H75: 30.02 | I75: 2.324 | J75: 4.506 | K75: 48.525 | L75: 41.43 | M75: 89.95
A76: PARKVIEW | B76: CRC | C76: 5.3851 | D76: 63.099 | E76: 0 | F76: 0.02 | G76: 19.04 | H76: 22.39 | I76: 0 | J76: 0 | K76: 68.505 | L76: 41.43 | M76: 109.93
A77: PHILLIPS AYAGNIRVIK | B77: CRC | C77: 0.1754 | D77: 0 | E77: 0 | F77: 0 | G77: 0 | H77: 0.18 | I77: 0 | J77: 0 | K77: 0.175 | L77: 0.18 | M77: 0.36
A78: SEASIDE CRC-NOME | B78: CRC | C78: 6.2933 | D78: 12.255 | E78: 0.7817 | F78: 4.122 | G78: 5.68 | H78: 12.94 | I78: 0.095 | J78: 3.348 | K78: 23.452 | L78: 22.06 | M78: 45.51
A79: TUNDRA CTR | B79: CRC | C79: 4.0816 | D79: 37.316 | E79: 1.5718 | F79: 7.419 | G79: 5.88 | H79: 8.56 | I79: 0.472 | J79: 5.11 | K79: 50.389 | L79: 20.03 | M79: 70.41
A80: z_TOTAL | B80: CRC | C80: 43.0521 | D80: 191.418 | E80: 13.2859 | F80: 30.969 | G80: 99.39 | H80: 217.57 | I80: 15.178 | J80: 31.906 | K80: 278.725 | L80: 364.04 | M80: 642.77
A81: ANCHORAGE EM | B81: EM | C81: 22.0642 | D81: 3.545 | E81: 14.3899 | F81: 0.753 | G81: 141.61 | H81: 19.83 | I81: 49.099 | J81: 11.556 | K81: 40.752 | L81: 222.1 | M81: 262.85
A82: BARROW EM | B82: EM | C82: . | D82: . | E82: . | F82: . | G82: . | H82: . | I82: . | J82: . | K82: . | L82: . | M82: .
A83: FAIRBANKS EM | B83: EM | C83: 9.6901 | D83: 0.599 | E83: 2.7107 | F83: 0.013 | G83: 29.58 | H83: 0 | I83: 4.829 | J83: 0 | K83: 13.012 | L83: 34.41 | M83: 47.42
A84: JUNEAU EM | B84: EM | C84: 0.7482 | D84: 0 | E84: 0.5851 | F84: 0.034 | G84: 9.73 | H84: 1.58 | I84: 6.554 | J84: 0.056 | K84: 1.367 | L84: 17.92 | M84: 19.29
A85: KENAI EM | B85: EM | C85: 0.5582 | D85: 0 | E85: 0.1272 | F85: 0 | G85: 6.3 | H85: 0.54 | I85: 2.572 | J85: 0 | K85: 0.685 | L85: 9.41 | M85: 10.09
A86: KETCHIKAN EM | B86: EM | C86: 0.2952 | D86: 0 | E86: 0.3977 | F86: 0 | G86: 1.64 | H86: 0 | I86: 1.46 | J86: 0 | K86: 0.693 | L86: 3.1 | M86: 3.79
A87: KODIAK EM | B87: EM | C87: 0.2005 | D87: 0 | E87: 0 | F87: 0 | G87: 0.13 | H87: 0 | I87: 0 | J87: 0 | K87: 0.201 | L87: 0.13 | M87: 0.34
A88: PALMER EM | B88: EM | C88: 10.0359 | D88: 0.573 | E88: 3.1468 | F88: 0 | G88: 30.39 | H88: 0.36 | I88: 15.336 | J88: 0.257 | K88: 13.755 | L88: 46.34 | M88: 60.1
A89: z_TOTAL | B89: EM | C89: 41.9513 | D89: 4.746 | E89: 21.3223 | F89: 0.836 | G89: 218.57 | H89: 23.38 | I89: 80.615 | J89: 12.587 | K89: 68.856 | L89: 335.15 | M89: 404.01
A90: COLORADO STATE PRIS | B90: OUT OF STATE | C90: 0 | D90: 0 | E90: 0 | F90: 0 | G90: 2.47 | H90: 0 | I90: 1 | J90: 0 | K90: 0 | L90: 3.47 | M90: 3.47
A91: FEDERAL BUREAU PRI | B91: OUT OF STATE | C91: 0 | D91: 0 | E91: 0 | F91: 0 | G91: 9 | H91: 0 | I91: 1 | J91: 0 | K91: 0 | L91: 10 | M91: 10
A92: WASHINGTON STATE | B92: OUT OF STATE | C92: . | D92: . | E92: . | F92: . | G92: . | H92: . | I92: . | J92: . | K92: . | L92: . | M92: .
A93: z_TOTAL | B93: OUT OF S | C93: 0 | D93: 0 | E93: 0 | F93: 0 | G93: 13.18 | H93: 0 | I93: 2.297 | J93: 0 | K93: 0 | L93: 15.47 | M93: 15.47
D96: FY14 COST OF CARE SPREADSHEET
A98: INSTITUTION | B98: Misd Male Sent | C98: Misd Male Unsent | D98: Misd Female_Sent | E98: Misd Female Unsent | F98: MISD TOTAL | G98: Felony Male Sent | H98: Felony Male Unsent | I98: Felony Female Sent | J98: Felony Female Unsent | K98: Felony TOTAL | L98: GRAND TOTAL
A99: ANCHORAGE JAIL | B99: 84.605 | C99: 50.7068 | D99: 3.726 | E99: 6.5863 | F99: 145.625 | G99: 129.274 | H99: 184.937 | I99: 1.148 | J99: 4.926 | K99: 320.28 | L99: =F99+K99 -> 465.905
A100: ANVIL MTN CC | B100: 27.575 | C100: 10.3068 | D100: 2.7973 | E100: 3.7671 | F100: 44.447 | G100: 42.833 | H100: 31.449 | I100: 4.523 | J100: 5.068 | K100: 83.87 | L100: =F100+K100 -> 128.317
A101: COOK INLET PRETRIAL | B101: 46.712 | C101: 14.1781 | D101: 0 | E101: 0 | F101: 60.89 | G101: 142.23 | H101: 210.318 | I101: 0 | J101: 0 | K101: 352.55 | L101: =F101+K101 -> 413.44 | S101: =F149+L149 -> 490.931
A102: FAIRBANKS CC | B102: 69.058 | C102: 43.9479 | D102: 10.0521 | E102: 8.9205 | F102: 131.978 | G102: 48.518 | H102: 80.104 | I102: 6.899 | J102: 9.545 | K102: 145.07 | L102: =F102+K102 -> 277.048
A103: GOOSE CREEK CC | B103: 114.893 | C103: 39.9151 | D103: 0 | E103: 0 | F103: 154.808 | G103: 727.597 | H103: 360.879 | I103: 0 | J103: 0 | K103: 1088.48 | L103: =F103+K103 -> 1243.288
A104: HILAND MTN CC | B104: 0 | C104: 0.0055 | D104: 64.2575 | E104: 22.9781 | F104: 87.241 | G104: 0 | H104: 0 | I104: 177.244 | J104: 124.266 | K104: 301.51 | L104: =F104+K104 -> 388.751
A105: KETCHIKAN CC | B105: 11.827 | C105: 6.2877 | D105: 2.1589 | E105: 0.5397 | F105: 20.814 | G105: 16.164 | H105: 23.984 | I105: 2.932 | J105: 5.227 | K105: 48.31 | L105: =F105+K105 -> 69.124
A106: LEMON CREEK CC | B106: 46.345 | C106: 13.0712 | D106: 7.6493 | E106: 4.3753 | F106: 71.441 | G106: 91.137 | H106: 62.082 | I106: 6.279 | J106: 7.814 | K106: 167.31 | L106: =F106+K106 -> 238.751
A107: MATSU PRETRIAL | B107: 14.559 | C107: 14.9041 | D107: 3.3397 | E107: 3.6767 | F107: 36.479 | G107: 25.137 | H107: 41.31 | I107: 3.742 | J107: 7 | K107: 77.19 | L107: =F107+K107 -> 113.669
A108: PALMER-MED CC | B108: 36.942 | C108: 5.9151 | D108: 0 | E108: 0 | F108: 42.858 | G108: 229.359 | H108: 53.279 | I108: 0 | J108: 0 | K108: 282.64 | L108: =F108+K108 -> 325.498
A109: PALMER-MIN CC | B109: 13.345 | C109: 6.1534 | D109: 0 | E109: 0 | F109: 19.499 | G109: 114.781 | H109: 39.625 | I109: 0 | J109: 0 | K109: 154.41 | L109: =F109+K109 -> 173.909
A110: PT. MACKENZIE CF | B110: 5.216 | C110: 2.3068 | D110: 0 | E110: 0 | F110: 7.523 | G110: 57.318 | H110: 22.786 | I110: 0 | J110: 0 | K110: 80.1 | L110: =F110+K110 -> 87.623
A111: SPRING CREEK CC | B111: 37.677 | C111: 12.6986 | D111: 0 | E111: 0 | F111: 50.375 | G111: 334.214 | H111: 73.488 | I111: 0 | J111: 0 | K111: 407.7 | L111: =F111+K111 -> 458.075
A112: WILDWOOD CC | B112: 24.668 | C112: 10.1918 | D112: 0 | E112: 0 | F112: 34.86 | G112: 155.578 | H112: 59.625 | I112: 0 | J112: 0 | K112: 215.2 | L112: =F112+K112 -> 250.06
A113: WILDWOOD PRETRIAL | B113: 13.888 | C113: 10.9616 | D113: 7.0411 | E113: 3.7014 | F113: 35.592 | G113: 18.573 | H113: 41.989 | I113: 10.184 | J113: 19.397 | K113: 90.14 | L113: =F113+K113 -> 125.732 | N113: AVG Daily
A114: WILDWOOD TRANSIT | B114: 8.658 | C114: 2.8027 | D114: 0 | E114: 0 | F114: 11.46 | G114: 37.819 | H114: 12.014 | I114: 0 | J114: 0 | K114: 49.83 | L114: =F114+K114 -> 61.29 | N114: Population/Female
A115: YUKON-KUSKOKWIM CC | B115: 36.584 | C115: 29.7945 | D115: 3.2466 | E115: 3.5205 | F115: 73.145 | G115: 42.082 | H115: 77.679 | I115: 1.17 | J115: 7.419 | K115: 128.35 | L115: =F115+K115 -> 201.495 | N115: (Sched-A)
...

Sheet Monthly PO Workload Stats
A2: Anchorage Probation Office | B2: Year | C2: Jul | D2: Aug | E2: Sep | F2: Oct | G2: Nov | H2: Dec | I2: Jan | J2: Feb | K2: Mar | L2: Apr | M2: May | N2: June | O2: Average Caseload | P2: Average Caseload Difference | Q2: Percent Caseload Difference
B3: FY00 | C3: 1998 | D3: 2016 | E3: 1984 | F3: 2010 | G3: 2067 | H3: 2078 | I3: 2078 | J3: 2085 | K3: 2134 | L3: 2136 | M3: 2135 | N3: 2143 | O3: =SUM(C3:N3)/12 -> 2072
B4: FY01 | C4: 2155 | D4: 2157 | E4: 2172 | F4: 2180 | G4: 2183 | H4: 2205 | I4: 2192 | J4: 2191 | K4: 2183 | L4: 2183 | M4: 2191 | N4: 2189 | O4: =SUM(C4:N4)/12 -> 2181.75 | P4: =SUM(O4-O3) -> 109.75 | Q4: =SUM(P4/O3) -> 0.052968147
B5: FY02 | C5: 2201 | D5: 2233 | E5: 2235 | F5: 2252 | G5: 2259 | H5: 2271 | I5: 2271 | J5: 2307 | K5: 2319 | L5: 2331 | M5: 2343 | N5: 2355 | O5: =SUM(C5:N5)/12 -> 2281.4167 | P5: =SUM(O5-O4) -> 99.666667 | Q5: =SUM(P5/O4) -> 0.045681983
B6: FY03 | C6: 2324 | D6: 2433 | E6: 2266 | F6: 2266 | G6: 2306 | H6: 2306 | I6: 2306 | J6: 2334 | K6: 2230 | L6: 2230 | M6: 2230 | N6: 2230 | O6: =SUM(C6:N6)/12 -> 2288.4167 | P6: =SUM(O6-O5) -> 7 | Q6: =SUM(P6/O5) -> 0.003068269
B7: FY04 | C7: 2408 | D7: 2335 | E7: 2353 | F7: 2353 | G7: 2311 | H7: 2367 | I7: 2367 | J7: 2352 | K7: 2336 | L7: 2336 | M7: 2292 | N7: 2318 | O7: =SUM(C7:N7)/12 -> 2344 | P7: =SUM(O7-O6) -> 55.583333 | Q7: =SUM(P7/O6) -> 0.024288992
B8: FY05 | C8: 2312 | D8: 2305 | E8: 2318 | F8: 2318 | G8: 2350 | H8: 2314 | I8: 2314 | J8: 2426 | K8: 2400 | L8: 2454 | M8: 2536 | N8: 2334 | O8: =SUM(C8:N8)/12 -> 2365.0833 | P8: =SUM(O8-O7) -> 21.083333 | Q8: =SUM(P8/O7) -> 0.0089945961
B9: FY06 | C9: 2357 | D9: 2384 | E9: 2387 | F9: 2410 | G9: 2414 | H9: 2444 | I9: 2444 | J9: 2433 | K9: 2417 | L9: 2424 | M9: 2443 | N9: 2445 | O9: =SUM(C9:N9)/12 -> 2416.8333 | P9: =SUM(O9-O8) -> 51.75 | Q9: =SUM(P9/O8) -> 0.021880836
B10: FY07 | C10: 2453 | D10: 2437 | E10: 2420 | F10: 2487 | G10: 2437 | H10: 2479 | I10: 2466 | J10: 2488 | K10: 2477 | L10: 2562 | M10: 2557 | N10: 2455 | O10: =SUM(C10:N10)/12 -> 2476.5 | P10: =SUM(O10-O9) -> 59.666667 | Q10: =SUM(P10/O9) -> 0.024687953
B11: FY08 | C11: 2495 | D11: 2542 | E11: 2644 | F11: 2580 | G11: 2273 | H11: 2302 | I11: 2395 | J11: 2404 | K11: 2394 | L11: 2426 | M11: 2689 | N11: 2739 | O11: =SUM(C11:N11)/12 -> 2490.25 | P11: =SUM(O11-O10) -> 13.75 | Q11: =SUM(P11/O10) -> 0.0055521906
B12: FY09 | C12: 2704 | D12: 2698 | E12: 2694 | F12: 2677 | G12: 2732 | H12: 2755 | I12: 2778 | J12: 2778 | K12: 2775 | L12: 2782 | M12: 2819 | N12: 2864 | O12: =SUM(C12:N12)/12 -> 2754.6667 | P12: =SUM(O12-O11) -> 264.41667 | Q12: =SUM(P12/O11) -> 0.10618077
B13: FY10 | C13: 2871 | D13: 2904 | E13: 2884 | F13: 2895 | G13: 2826 | H13: 2865 | I13: 2853 | J13: 2903 | K13: 2885 | L13: 2910 | M13: 2930 | N13: 2884 | O13: =SUM(C13:N13)/12 -> 2884.1667 | P13: =SUM(O13-O12) -> 129.5 | Q13: =SUM(P13/O12) -> 0.047011133
B14: FY11 | C14: 2896 | D14: 2980 | E14: 2969 | F14: 2961 | G14: 3022 | H14: 3037 | I14: 3049 | J14: 3076 | K14: 3088 | L14: 3074 | M14: 3058 | N14: 2954 | O14: =SUM(C14:N14)/12 -> 3013.6667 | P14: =SUM(O14-O13) -> 129.5 | Q14: =SUM(P14/O13) -> 0.044900318
B15: FY12 | C15: 3027 | D15: 3039 | E15: 3034 | F15: 3040 | G15: 3022 | H15: 3057 | I15: 3074 | J15: 3088 | K15: 3056 | L15: 3094 | M15: 3138 | N15: 3130 | O15: =SUM(C15:N15)/12 -> 3066.5833 | P15: =SUM(O15-O14) -> 52.916667 | Q15: =SUM(P15/O14) -> 0.017558898
... B19: FY16 | C19: 2607 | D19: 2654 | E19: 2602 | F19: 2660 | G19: 2612 | H19: 2542 | I19: 2515 | J19: 2539 | K19: 2614 | L19: 2633 | M19: 2586 | N19: 2590 | O19: =SUM(C19:N19)/12 -> 2596.1667 | P19: =SUM(O19-O18) -> -211.33333 | Q19: =SUM(P19/O18) -> -0.075274562
A21: Barrow Probation Office | B21: Year | C21: Jul | D21: Aug | E21: Sep | F21: Oct | G21: Nov | H21: Dec | I21: Jan | J21: Feb | K21: Mar | L21: Apr | M21: May | N21: June
B22: FY00 | C22: 83 | D22: 80 | E22: 74 | F22: 78 | G22: 79 | H22: 81 | I22: 82 | J22: 83 | K22: 82 | L22: 83 | M22: 85 | N22: 87 | O22: =SUM(C22:N22)/12 -> 81.416667
B23: FY01 | C23: 92 | D23: 93 | E23: 94 | F23: 97 | G23: 98 | H23: 95 | I23: 89 | J23: 93 | K23: 90 | L23: 97 | M23: 99 | N23: 92 | O23: =SUM(C23:N23)/12 -> 94.083333 | P23: =SUM(O23-O22) -> 12.666667 | Q23: =SUM(P23/O22) -> 0.1555783
B24: FY02 | C24: 90 | D24: 91 | E24: 92 | F24: 100 | G24: 99 | H24: 111 | I24: 102 | J24: 94 | K24: 96 | L24: 98 | M24: 93 | N24: 89 | O24: =SUM(C24:N24)/12 -> 96.25 | P24: =SUM(O24-O23) -> 2.1666667 | Q24: =SUM(P24/O23) -> 0.023029229
B25: FY03 | C25: 72 | D25: 74 | E25: 73 | F25: 73 | G25: 73 | H25: 73 | I25: 73 | J25: 65 | K25: 65 | L25: 65 | M25: 65 | N25: 60 | O25: =SUM(C25:N25)/12 -> 69.25 | P25: =SUM(O25-O24) -> -27 | Q25: =SUM(P25/O24) -> -0.28051948
B26: FY04 | C26: 59 | D26: 58 | E26: 59 | F26: 60 | G26: 56 | H26: 54 | I26: 54 | J26: 51 | K26: 53 | L26: 59 | M26: 64 | N26: 62 | O26: =SUM(C26:N26)/12 -> 57.416667 | P26: =SUM(O26-O25) -> -11.833333 | Q26: =SUM(P26/O25) -> -0.17087846
B27: FY05 | C27: 66 | D27: 68 | E27: 66 | F27: 65 | G27: 63 | H27: 68 | I27: 63 | J27: 57 | K27: 45 | L27: 45 | M27: 47 | N27: 49 | O27: =SUM(C27:N27)/12 -> 58.5 | P27: =SUM(O27-O26) -> 1.0833333 | Q27: =SUM(P27/O26) -> 0.018867925
B28: FY06 | C28: 47 | D28: 45 | E28: 45 | F28: 47 | G28: 47 | H28: 42 | I28: 40 | J28: 42 | K28: 47 | L28: 46 | M28: 41 | N28: 39 | O28: =SUM(C28:N28)/12 -> 44 | P28: =SUM(O28-O27) -> -14.5 | Q28: =SUM(P28/O27) -> -0.24786325
B29: FY07 | C29: 40 | D29: 40 | E29: 40 | F29: 43 | G29: 37 | H29: 38 | I29: 37 | J29: 39 | K29: 41 | L29: 51 | M29: 50 | N29: 37 | O29: =SUM(C29:N29)/12 -> 41.083333 | P29: =SUM(O29-O28) -> -2.9166667 | Q29: =SUM(P29/O28) -> -0.066287879
B30: FY08 | C30: 39 | D30: 39 | E30: 44 | F30: 39 | G30: 42 | H30: 41 | I30: 40 | J30: 37 | K30: 36 | L30: 36 | M30: 40 | N30: 41 | O30: =SUM(C30:N30)/12 -> 39.5 | P30: =SUM(O30-O29) -> -1.5833333 | Q30: =SUM(P30/O29) -> -0.038539554
B31: FY09 | C31: 32 | D31: 34 | E31: 31 | F31: 32 | G31: 33 | H31: 31 | I31: 31 | J31: 31 | K31: 34 | L31: 36 | M31: 40 | N31: 39 | O31: =SUM(C31:N31)/12 -> 33.666667 | P31: =SUM(O31-O30) -> -5.8333333 | Q31: =SUM(P31/O30) -> -0.14767932
B32: FY10 | C32: 43 | D32: 43 | E32: 41 | F32: 0 | G32: 0 | H32: 0 | I32: 35 | J32: 35 | K32: 38 | L32: 36 | M32: 35 | N32: 32 | O32: =SUM(C32:N32)/9 -> 37.555556 | P32: =SUM(O32-O31) -> 3.8888889 | Q32: =SUM(P32/O31) -> 0.11551155
B33: FY11 | C33: 32 | D33: 33 | E33: 46 | F33: 60 | G33: 63 | H33: 62 | I33: 63 | J33: 64 | K33: 61 | L33: 60 | M33: 67 | N33: 70 | O33: =SUM(C33:N33)/12 -> 56.75 | P33: =SUM(O33-O32) -> 19.194444 | Q33: =SUM(P33/O32) -> 0.51109467
B34: FY12 | C34: 68 | D34: 65 | E34: 62 | F34: 61 | G34: 65 | H34: 66 | I34: 68 | J34: 66 | K34: 70 | L34: 68 | M34: 65 | N34: 68 | O34: =SUM(C34:N34)/12 -> 66 | P34: =SUM(O34-O33) -> 9.25 | Q34: =SUM(P34/O33) -> 0.16299559
B35: FY13 | C35: 70 | D35: 71 | E35: 74 | F35: 74 | G35: 74 | H35: 79 | I35: 77 | J35: 80 | K35: 70 | L35: 66 | M35: 65 | N35: 57 | O35: =SUM(C35:N35)/12 -> 71.416667 | P35: =SUM(O35-O34) -> 5.4166667 | Q35: =SUM(P35/O34) -> 0.082070707
B36: FY14 | C36: 55 | D36: 70 | E36: 75 | F36: 77 | G36: 78 | H36: 51 | I36: 46 | J36: 50 | K36: 52 | L36: 52 | M36: 53 | N36: 59 | O36: =SUM(C36:N36)/12 -> 59.833333 | P36: =SUM(O36-O35) -> -11.583333 | Q36: =SUM(P36/O35) -> -0.1621937
B37: FY15 | C37: 56 | D37: 56 | E37: 56 | F37: 60 | G37: 51 | H37: 50 | I37: 54 | J37: 54 | K37: 7 | L37: 7 | M37: 8 | N37: 8 | O37: =SUM(C37:N37)/12 -> 38.916667 | P37: =SUM(O37-O36) -> -20.916667 | Q37: =SUM(P37/O36) -> -0.34958217
B38: FY16 | C38: 8 | D38: 7 | E38: 7 | F38: 6 | G38: 4 | H38: 4 | I38: 5 | J38: 5 | K38: 5 | L38: 5 | M38: 32 | N38: 29 | O38: =SUM(C38:N38)/12 -> 9.75 | P38: =SUM(O38-O37) -> -29.166667 | Q38: =SUM(P38/O37) -> -0.74946467
A40: Bethel Probation Office | B40: Year | C40: Jul | D40: Aug | E40: Sep | F40: Oct | G40: Nov | H40: Dec | I40: Jan | J40: Feb | K40: Mar | L40: Apr | M40: May | N40: June
B41: FY00 | C41: 305 | D41: 299 | E41: 289 | F41: 276 | G41: 277 | H41: 295 | I41: 283 | J41: 273 | K41: 259 | L41: 249 | M41: 241 | N41: 237 | O41: =SUM(C41:N41)/12 -> 273.58333
B42: FY01 | C42: 237 | D42: 230 | E42: 230 | F42: 230 | G42: 231 | H42: 215 | I42: 218 | J42: 212 | K42: 214 | L42: 217 | M42: 220 | N42: 218 | O42: =SUM(C42:N42)/12 -> 222.66667 | P42: =SUM(O42-O41) -> -50.916667 | Q42: =SUM(P42/O41) -> -0.18611027
B43: FY02 | C43: 231 | D43: 230 | E43: 234 | F43: 229 | G43: 230 | H43: 240 | I43: 245 | J43: 250 | K43: 255 | L43: 260 | M43: 265 | N43: 270 | O43: =SUM(C43:N43)/12 -> 244.91667 | P43: =SUM(O43-O42) -> 22.25 | Q43: =SUM(P43/O42) -> 0.09992515
B44: FY03 | C44: 280 | D44: 237 | E44: 253 | F44: 253 | G44: 253 | H44: 253 | I44: 253 | J44: 253 | K44: 253 | L44: 260 | M44: 265 | N44: 270 | O44: =SUM(C44:N44)/12 -> 256.91667 | P44: =SUM(O44-O43) -> 12 | Q44: =SUM(P44/O43) -> 0.048996257
B45: FY04 | C45: 288 | D45: 261 | E45: 258 | F45: 267 | G45: 259 | H45: 267 | I45: 272 | J45: 273 | K45: 300 | L45: 296 | M45: 319 | N45: 317 | O45: =SUM(C45:N45)/12 -> 281.41667 | P45: =SUM(O45-O44) -> 24.5 | Q45: =SUM(P45/O44) -> 0.095361661
B46: FY05 | C46: 297 | D46: 306 | E46: 312 | F46: 311 | G46: 312 | H46: 252 | I46: 312 | J46: 314 | K46: 316 | L46: 235 | M46: 248 | N46: 323 | O46: =SUM(C46:N46)/12 -> 294.83333 | P46: =SUM(O46-O45) -> 13.416667 | Q46: =SUM(P46/O45) -> 0.047675452
B47: FY06 | C47: 322 | D47: 318 | E47: 302 | F47: 299 | G47: 301 | H47: 296 | I47: 286 | J47: 290 | K47: 283 | L47: 284 | M47: 289 | N47: 279 | O47: =SUM(C47:N47)/12 -> 295.75 | P47: =SUM(O47-O46) -> 0.91666667 | Q47: =SUM(P47/O46) -> 0.0031091012
B48: FY07 | C48: 278 | D48: 270 | E48: 262 | F48: 253 | G48: 261 | H48: 259 | I48: 254 | J48: 255 | K48: 249 | L48: 267 | M48: 263 | N48: 250 | O48: =SUM(C48:N48)/12 -> 260.08333 | P48: =SUM(O48-O47) -> -35.666667 | Q48: =SUM(P48/O47) -> -0.12059735
B49: FY08 | C49: 247 | D49: 250 | E49: 240 | F49: 238 | G49: 230 | H49: 228 | I49: 230 | J49: 228 | K49: 226 | L49: 224 | M49: 228 | N49: 233 | O49: =SUM(C49:N49)/12 -> 233.5 | P49: =SUM(O49-O48) -> -26.583333 | Q49: =SUM(P49/O48) -> -0.10221083
B50: FY09 | C50: 212 | D50: 216 | E50: 221 | F50: 228 | G50: 226 | H50: 230 | I50: 222 | J50: 225 | K50: 236 | L50: 242 | M50: 246 | N50: 252 | O50: =SUM(C50:N50)/12 -> 229.66667 | P50: =SUM(O50-O49) -> -3.8333333 | Q50: =SUM(P50/O49) -> -0.016416845
B51: FY10 | C51: 247 | D51: 248 | E51: 247 | F51: 247 | G51: 254 | H51: 258 | I51: 257 | J51: 255 | K51: 252 | L51: 251 | M51: 249 | N51: 259 | O51: =SUM(C51:N51)/12 -> 252 | P51: =SUM(O51-O50) -> 22.333333 | Q51: =SUM(P51/O50) -> 0.09724238
B52: FY11 | C52: 264 | D52: 260 | E52: 262 | F52: 259 | G52: 247 | H52: 238 | I52: 224 | J52: 232 | K52: 239 | L52: 243 | M52: 246 | N52: 247 | O52: =SUM(C52:N52)/12 -> 246.75 | P52: =SUM(O52-O51) -> -5.25 | Q52: =SUM(P52/O51) -> -0.020833333 | R52: 15 SO cases shifted to Kenai
B53: FY12 | C53: 257 | D53: 248 | E53: 250 | F53: 264 | G53: 265 | H53: 270 | I53: 279 | J53: 279 | K53: 266 | L53: 260 | M53: 260 | N53: 272 | O53: =SUM(C53:N53)/12 -> 264.16667 | P53: =SUM(O53-O52) -> 17.416667 | Q53: =SUM(P53/O52) -> 0.070584262
B54: FY13 | C54: 276 | D54: 277 | E54: 283 | F54: 298 | G54: 294 | H54: 295 | I54: 289 | J54: 284 | K54: 288 | L54: 290 | M54: 303 | N54: 300 | O54: =SUM(C54:N54)/12 -> 289.75 | P54: =SUM(O54-O53) -> 25.583333 | Q54: =SUM(P54/O53) -> 0.096845426
B55: FY14 | C55: 305 | D55: 296 | E55: 293 | F55: 294 | G55: 286 | H55: 283 | I55: 274 | J55: 260 | K55: 259 | L55: 266 | M55: 259 | N55: 266 | O55: =SUM(C55:N55)/12 -> 278.41667 | P55: =SUM(O55-O54) -> -11.333333 | Q55: =SUM(P55/O54) -> -0.039114179
B56: FY15 | C56: 256 | D56: 252 | E56: 248 | F56: 249 | G56: 253 | H56: 244 | I56: 234 | J56: 221 | K56: 233 | L56: 230 | M56: 238 | N56: 251 | O56: =SUM(C56:N56)/12 -> 242.41667 | P56: =SUM(O56-O55) -> -36 | Q56: =SUM(P56/O55) -> -0.1293026
B57: FY16 | C57: 254 | D57: 242 | E57: 239 | F57: 236 | G57: 231 | H57: 238 | I57: 229 | J57: 248 | K57: 244 | L57: 254 | M57: 257 | N57: 258 | O57: =SUM(C57:N57)/12 -> 244.16667 | P57: =SUM(O57-O56) -> 1.75 | Q57: =SUM(P57/O56) -> 0.0072189756
A60: Dillingham Probation Office | B60: Year | C60: Jul | D60: Aug | E60: Sep | F60: Oct | G60: Nov | H60: Dec | I60: Jan | J60: Feb | K60: Mar | L60: Apr | M60: May | N60: June
B61: FY00 | C61: 65 | D61: 62 | E61: 57 | F61: 56 | G61: 52 | H61: 51 | I61: 49 | J61: 55 | K61: 59 | L61: 55 | M61: 54 | N61: 66 | O61: =SUM(C61:N61)/12 -> 56.75
B62: FY01 | C62: 67 | D62: 72 | E62: 72 | F62: 73 | G62: 71 | H62: 74 | I62: 74 | J62: 74 | K62: 70 | L62: 66 | M62: 62 | N62: 63 | O62: =SUM(C62:N62)/12 -> 69.833333 | P62: =SUM(O62-O61) -> 13.083333 | Q62: =SUM(P62/O61) -> 0.23054332
B63: FY02 | C63: 68 | D63: 75 | E63: 74 | F63: 79 | G63: 75 | H63: 74 | I63: 64 | J63: 75 | K63: 76 | L63: 78 | M63: 79 | N63: 81 | O63: =SUM(C63:N63)/12 -> 74.833333 | P63: =SUM(O63-O62) -> 5 | Q63: =SUM(P63/O62) -> 0.071599045
B64: FY03 | C64: 76 | D64: 79 | E64: 76 | F64: 74 | G64: 72 | H64: 70 | I64: 68 | J64: 59 | K64: 67 | L64: 66 | M64: 67 | N64: 64 | O64: =SUM(C64:N64)/12 -> 69.833333 | P64: =SUM(O64-O63) -> -5 | Q64: =SUM(P64/O63) -> -0.066815145
B65: FY04 | C65: 67 | D65: 57 | E65: 57 | F65: 58 | G65: 57 | H65: 60 | I65: 55 | J65: 55 | K65: 64 | L65: 61 | M65: 68 | N65: 67 | O65: =SUM(C65:N65)/12 -> 60.5 | P65: =SUM(O65-O64) -> -9.3333333 | Q65: =SUM(P65/O64) -> -0.13365155
B66: FY05 | C66: 71 | D66: 62 | E66: 61 | F66: 59 | G66: 54 | H66: 56 | I66: 56 | J66: 58 | K66: 60 | L66: 65 | M66: 72 | N66: 75 | O66: =SUM(C66:N66)/12 -> 62.416667 | P66: =SUM(O66-O65) -> 1.9166667 | Q66: =SUM(P66/O65) -> 0.031680441
B67: FY06 | C67: 76 | D67: 73 | E67: 67 | F67: 66 | G67: 66 | H67: 68 | I67: 69 | J67: 72 | K67: 69 | L67: 75 | M67: 73 | N67: 74 | O67: =SUM(C67:N67)/12 -> 70.666667 | P67: =SUM(O67-O66) -> 8.25 | Q67: =SUM(P67/O66) -> 0.13217623
B68: FY07 | C68: 72 | D68: 72 | E68: 71 | F68: 73 | G68: 77 | H68: 76 | I68: 76 | J68: 78 | K68: 74 | L68: 88 | M68: 92 | N68: 76 | O68: =SUM(C68:N68)/12 -> 77.083333 | P68: =SUM(O68-O67) -> 6.4166667 | Q68: =SUM(P68/O67) -> 0.090801887
B69: FY08 | C69: 76 | D69: 79 | E69: 94 | F69: 75 | G69: 79 | H69: 77 | I69: 83 | J69: 83 | K69: 86 | L69: 85 | M69: 82 | N69: 89 | O69: =SUM(C69:N69)/12 -> 82.333333 | P69: =SUM(O69-O68) -> 5.25 | Q69: =SUM(P69/O68) -> 0.068108108
B70: FY09 | C70: 92 | D70: 91 | E70: 95 | F70: 93 | G70: 96 | H70: 94 | I70: 91 | J70: 90 | K70: 91 | L70: 95 | M70: 96 | N70: 73 | O70: =SUM(C70:N70)/12 -> 91.416667 | P70: =SUM(O70-O69) -> 9.0833333 | Q70: =SUM(P70/O69) -> 0.11032389
B71: FY10 | C71: 72 | D71: 72 | E71: 65 | F71: 62 | G71: 61 | H71: 65 | I71: 68 | J71: 70 | K71: 68 | L71: 70 | M71: 71 | N71: 73 | O71: =SUM(C71:N71)/12 -> 68.083333 | P71: =SUM(O71-O70) -> -23.333333 | Q71: =SUM(P71/O70) -> -0.25524157
B72: FY11 | C72: 72 | D72: 70 | E72: 73 | F72: 77 | G72: 74 | H72: 74 | I72: 76 | J72: 75 | K72: 77 | L72: 82 | M72: 85 | N72: 88 | O72: =SUM(C72:N72)/12 -> 76.916667 | P72: =SUM(O72-O71) -> 8.8333333 | Q72: =SUM(P72/O71) -> 0.12974296
B73: FY12 | C73: 88 | D73: 84 | E73: 81 | F73: 81 | G73: 79 | H73: 79 | I73: 77 | J73: 82 | K73: 80 | L73: 73 | M73: 76 | N73: 76 | O73: =SUM(C73:N73)/12 -> 79.666667 | P73: =SUM(O73-O72) -> 2.75 | Q73: =SUM(P73/O72) -> 0.035752979
... B77: FY16 | C77: 69 | D77: 66 | E77: 63 | F77: 62 | G77: 65 | H77: 62 | I77: 64 | J77: 63 | K77: 57 | L77: 57 | M77: 57 | N77: 58 | O77: =SUM(C77:N77)/12 -> 61.916667 | P77: =SUM(O77-O76) -> -7 | Q77: =SUM(P77/O76) -> -0.10157195
A79: Fairbanks Probation Office | B79: Year | C79: Jul | D79: Aug | E79: Sep | F79: Oct | G79: Nov | H79: Dec | I79: Jan | J79: Feb | K79: Mar | L79: Apr | M79: May | N79: June
B80: FY00 | C80: 683 | D80: 675 | E80: 696 | F80: 659 | G80: 661 | H80: 650 | I80: 666 | J80: 688 | K80: 667 | L80: 670 | M80: 639 | N80: 653 | O80: =SUM(C80:N80)/12 -> 667.25
B81: FY01 | C81: 624 | D81: 643 | E81: 636 | F81: 670 | G81: 642 | H81: 655 | I81: 650 | J81: 660 | K81: 644 | L81: 672 | M81: 658 | N81: 659 | O81: =SUM(C81:N81)/12 -> 651.08333 | P81: =SUM(O81-O80) -> -16.166667 | Q81: =SUM(P81/O80) -> -0.0242288
B82: FY02 | C82: 661 | D82: 673 | E82: 672 | F82: 632 | G82: 611 | H82: 620 | I82: 633 | J82: 653 | K82: 659 | L82: 665 | M82: 671 | N82: 677 | O82: =SUM(C82:N82)/12 -> 652.25 | P82: =SUM(O82-O81) -> 1.1666667 | Q82: =SUM(P82/O81) -> 0.0017918853
B83: FY03 | C83: 561 | D83: 574 | E83: 593 | F83: 589 | G83: 589 | H83: 589 | I83: 589 | J83: 589 | K83: 589 | L83: 589 | M83: 589 | N83: 623 | O83: =SUM(C83:N83)/12 -> 588.58333 | P83: =SUM(O83-O82) -> -63.666667 | Q83: =SUM(P83/O82) -> -0.097610834
B84: FY04 | C84: 585 | D84: 542 | E84: 535 | F84: 545 | G84: 547 | H84: 584 | I84: 608 | J84: 604 | K84: 592 | L84: 599 | M84: 628 | N84: 595 | O84: =SUM(C84:N84)/12 -> 580.33333 | P84: =SUM(O84-O83) -> -8.25 | Q84: =SUM(P84/O83) -> -0.014016707
B85: FY05 | C85: 601 | D85: 626 | E85: 662 | F85: 646 | G85: 635 | H85: 634 | I85: 628 | J85: 656 | K85: 666 | L85: 657 | M85: 576 | N85: 650 | O85: =SUM(C85:N85)/12 -> 636.41667 | P85: =SUM(O85-O84) -> 56.083333 | Q85: =SUM(P85/O84) -> 0.096639862
B86: FY06 | C86: 648 | D86: 660 | E86: 652 | F86: 651 | G86: 646 | H86: 659 | I86: 646 | J86: 702 | K86: 699 | L86: 703 | M86: 711 | N86: 718 | O86: =SUM(C86:N86)/12 -> 674.58333 | P86: =SUM(O86-O85) -> 38.166667 | Q86: =SUM(P86/O85) -> 0.059971193
B87: FY07 | C87: 731 | D87: 726 | E87: 720 | F87: 696 | G87: 731 | H87: 721 | I87: 713 | J87: 701 | K87: 691 | L87: 789 | M87: 764 | N87: 691 | O87: =SUM(C87:N87)/12 -> 722.83333 | P87: =SUM(O87-O86) -> 48.25 | Q87: =SUM(P87/O86) -> 0.071525633
B88: FY08 | C88: 684 | D88: 691 | E88: 716 | F88: 676 | G88: 671 | H88: 676 | I88: 674 | J88: 667 | K88: 669 | L88: 676 | M88: 714 | N88: 718 | O88: =SUM(C88:N88)/12 -> 686 | P88: =SUM(O88-O87) -> -36.833333 | Q88: =SUM(P88/O87) -> -0.050956883
B89: FY09 | C89: 681 | D89: 689 | E89: 680 | F89: 661 | G89: 661 | H89: 678 | I89: 672 | J89: 687 | K89: 677 | L89: 674 | M89: 674 | N89: 691 | O89: =SUM(C89:N89)/12 -> 677.08333 | P89: =SUM(O89-O88) -> -8.9166667 | Q89: =SUM(P89/O88) -> -0.012998056
B90: FY10 | C90: 685 | D90: 703 | E90: 697 | F90: 714 | G90: 713 | H90: 746 | I90: 722 | J90: 724 | K90: 728 | L90: 696 | M90: 695 | N90: 676 | O90: =SUM(C90:N90)/12 -> 708.25 | P90: =SUM(O90-O89) -> 31.166667 | Q90: =SUM(P90/O89) -> 0.046030769
B91: FY11 | C91: 691 | D91: 666 | E91: 624 | F91: 670 | G91: 672 | H91: 675 | I91: 651 | J91: 642 | K91: 588 | L91: 663 | M91: 660 | N91: 646 | O91: =SUM(C91:N91)/12 -> 654 | P91: =SUM(O91-O90) -> -54.25 | Q91: =SUM(P91/O90) -> -0.076597247
B92: FY12 | C92: 652 | D92: 655 | E92: 667 | F92: 658 | G92: 671 | H92: 681 | I92: 677 | J92: 673 | K92: 663 | L92: 656 | M92: 662 | N92: 679 | O92: =SUM(C92:N92)/12 -> 666.16667 | P92: =SUM(O92-O91) -> 12.166667 | Q92: =SUM(P92/O91) -> 0.018603466
... B96: FY16 | C96: 578 | D96: 579 | E96: 577 | F96: 568 | G96: 572 | H96: 550 | I96: 554 | J96: 550 | K96: 559 | L96: 576 | M96: 548 | N96: 537 | O96: =SUM(C96:N96)/12 -> 562.33333 | P96: =SUM(O96-O95) -> -82.666667 | Q96: =SUM(P96/O95) -> -0.12816537
A98: Juneau Probation Office | B98: Year | C98: Jul | D98: Aug | E98: Sep | F98: Oct | G98: Nov | H98: Dec | I98: Jan | J98: Feb | K98: Mar | L98: Apr | M98: May | N98: June
B99: FY00 | C99: 227 | D99: 238 | E99: 241 | F99: 237 | G99: 237 | H99: 245 | I99: 239 | J99: 232 | K99: 228 | L99: 226 | M99: 226 | N99: 238 | O99: =SUM(C99:N99)/12 -> 234.5
B100: FY01 | C100: 227 | D100: 234 | E100: 235 | F100: 220 | G100: 231 | H100: 222 | I100: 209 | J100: 216 | K100: 219 | L100: 212 | M100: 211 | N100: 211 | O100: =SUM(C100:N100)/12 -> 220.58333 | P100: =SUM(O100-O99) -> -13.916667 | Q100: =SUM(P100/O99) -> -0.059346127
B101: FY02 | C101: 210 | D101: 212 | E101: 205 | F101: 205 | G101: 220 | H101: 221 | I101: 223 | J101: 227 | K101: 230 | L101: 204 | M101: 178 | N101: 152 | O101: =SUM(C101:N101)/12 -> 207.25 | P101: =SUM(O101-O100) -> -13.333333 | Q101: =SUM(P101/O100) -> -0.060445788
B102: FY03 | C102: 257 | D102: 269 | E102: 265 | F102: 244 | G102: 244 | H102: 244 | I102: 244 | J102: 244 | K102: 244 | L102: 244 | M102: 244 | N102: 244 | O102: =SUM(C102:N102)/12 -> 248.91667 | P102: =SUM(O102-O101) -> 41.666667 | Q102: =SUM(P102/O101) -> 0.20104544
B103: FY04 | C103: 239 | D103: 224 | E103: 226 | F103: 219 | G103: 227 | H103: 220 | I103: 214 | J103: 214 | K103: 205 | L103: 216 | M103: 210 | N103: 213 | O103: =SUM(C103:N103)/12 -> 218.91667 | P103: =SUM(O103-O102) -> -30 | Q103: =SUM(P103/O102) -> -0.12052226
B104: FY05 | C104: 214 | D104: 211 | E104: 207 | F104: 229 | G104: 243 | H104: 240 | I104: 243 | J104: 245 | K104: 245 | L104: 259 | M104: 261 | N104: 263 | O104: =SUM(C104:N104)/12 -> 238.33333 | P104: =SUM(O104-O103) -> 19.416667 | Q104: =SUM(P104/O103) -> 0.088694328
B105: FY06 | C105: 264 | D105: 263 | E105: 264 | F105: 259 | G105: 262 | H105: 259 | I105: 244 | J105: 246 | K105: 253 | L105: 249 | M105: 248 | N105: 256 | O105: =SUM(C105:N105)/12 -> 255.58333 | P105: =SUM(O105-O104) -> 17.25 | Q105: =SUM(P105/O104) -> 0.072377622
B106: FY07 | C106: 259 | D106: 269 | E106: 262 | F106: 281 | G106: 292 | H106: 287 | I106: 285 | J106: 271 | K106: 263 | L106: 304 | M106: 301 | N106: 256 | O106: =SUM(C106:N106)/12 -> 277.5 | P106: =SUM(O106-O105) -> 21.916667 | Q106: =SUM(P106/O105) -> 0.085751549
B107: FY08 | C107: 263 | D107: 269 | E107: 260 | F107: 254 | G107: 247 | H107: 251 | I107: 244 | J107: 235 | K107: 233 | L107: 251 | M107: 278 | N107: 279 | O107: =SUM(C107:N107)/12 -> 255.33333 | P107: =SUM(O107-O106) -> -22.166667 | Q107: =SUM(P107/O106) -> -0.07987988
B108: FY09 | C108: 271 | D108: 264 | E108: 264 | F108: 265 | G108: 260 | H108: 261 | I108: 266 | J108: 257 | K108: 261 | L108: 270 | M108: 273 | N108: 267 | O108: =SUM(C108:N108)/12 -> 264.91667 | P108: =SUM(O108-O107) -> 9.5833333 | Q108: =SUM(P108/O107) -> 0.037532637
B109: FY10 | C109: 267 | D109: 266 | E109: 268 | F109: 273 | G109: 266 | H109: 255 | I109: 256 | J109: 248 | K109: 253 | L109: 255 | M109: 251 | N109: 255 | O109: =SUM(C109:N109)/12 -> 259.41667 | P109: =SUM(O109-O108) -> -5.5 | Q109: =SUM(P109/O108) -> -0.020761246
B110: FY11 | C110: 260 | D110: 250 | E110: 251 | F110: 257 | G110: 258 | H110: 252 | I110: 247 | J110: 244 | K110: 299 | L110: 242 | M110: 246 | N110: 247 | O110: =SUM(C110:N110)/12 -> 254.41667 | P110: =SUM(O110-O109) -> -5 | Q110: =SUM(P110/O109) -> -0.019274012
B111: FY12 | C111: 247 | D111: 250 | E111: 259 | F111: 259 | G111: 260 | H111: 269 | I111: 253 | J111: 246 | K111: 259 | L111: 253 | M111: 236 | N111: 227 | O111: =SUM(C111:N111)/12 -> 251.5 | P111: =SUM(O111-O110) -> -2.9166667 | Q111: =SUM(P111/O110) -> -0.011464134
... B115: FY16 | C115: 331 | D115: 343 | E115: 340 | F115: 322 | G115: 332 | H115: 340 | I115: 347 | J115: 325 | K115: 319 | L115: 275 | M115: 268 | N115: 268 | O115: =SUM(C115:N115)/12 -> 317.5 | P115: =SUM(O115-O114) -> 24.916667 | Q115: =SUM(P115/O114) -> 0.085160923
A118: Kenai Probation Office | B118: Year | C118: Jul | D118: Aug | E118: Sep | F118: Oct | G118: Nov | H118: Dec | I118: Jan | J118: Feb | K118: Mar | L118: Apr | M118: May | N118: June
B119: FY00 | C119: 204 | D119: 210 | E119: 215 | F119: 213 | G119: 212 | H119: 207 | I119: 200 | J119: 199 | K119: 192 | L119: 192 | M119: 181 | N119: 189 | O119: =SUM(C119:N119)/12 -> 201.16667
B120: FY01 | C120: 191 | D120: 194 | E120: 194 | F120: 191 | G120: 191 | H120: 198 | I120: 185 | J120: 192 | K120: 188 | L120: 198 | M120: 203 | N120: 203 | O120: =SUM(C120:N120)/12 -> 194 | P120: =SUM(O120-O119) -> -7.1666667 | Q120: =SUM(P120/O119) -> -0.035625518
B121: FY02 | C121: 201 | D121: 196 | E121: 198 | F121: 188 | G121: 188 | H121: 192 | I121: 189 | J121: 200 | K121: 219 | L121: 228 | M121: 234 | N121: 237 | O121: =SUM(C121:N121)/12 -> 205.83333 | P121: =SUM(O121-O120) -> 11.833333 | Q121: =SUM(P121/O120) -> 0.060996564
...

Sheet Qtrly's-Cntsht Book
A2: FY2016 | B2: AVERAGE DAILY INMATE POPULATION
B3: Max | C3: Gen Capacity | G3: AVERAGE QTRLY | H3: Total Quarterly Mandays | L3: AVERAGE QTRLY | M3: Total Quarterly Mandays | Q3: AVERAGE QTRLY | R3: Total Quarterly Mandays | V3: AVERAGE QTRLY | W3: Total Quarterly Mandays | X3: ANNUAL AVERAGE DAILY POPULATION | Y3: ANNUAL TOTAL MANDAYS
A4: Institutions | B4: Capactiy | D4: 42186 | E4: 42217 | F4: 42248 | I4: 42278 | J4: 42309 | K4: 42339 | N4: 42370 | O4: 42401 | P4: 42430 | S4: 42461 | T4: 42491 | U4: 42522
A5: Anchorage Complex | B5: 863 | C5: 829 | D5: 844.8 | E5: 857.9 | F5: 798.3 | G5: =SUM(D5:F5)/3 -> 833.66667 | H5: =G5*92 -> 76697.333 | I5: 832.8 | J5: 871 | K5: 857.8 | L5: =SUM(I5:K5)/3 -> 853.86667 | M5: =L5*92 -> 78555.733 | N5: 842 | O5: 819.6 | P5: 797.3 | Q5: =SUM(N5:P5)/3 -> 819.63333 | R5: =Q5*90 -> 73767 | S5: 806.6 | T5: 770.6 | U5: 811 | V5: =SUM(S5:U5)/3 -> 796.06667 | W5: =V5*91 -> 72442.067 | X5: =SUM(D5+E5+F5+I5+J5+K5+N5+O5+P5+S5+T5+U5)/12 -> 825.80833 | Y5: =X5*365 -> 301420.04
A6: Anvil Mountain CC | B6: 128 | C6: 126 | D6: 103.5 | E6: 107.7 | F6: 116.4 | G6: =SUM(D6:F6)/3 -> 109.2 | H6: =G6*92 -> 10046.4 | I6: 120.5 | J6: 118.1 | K6: 92.5 | L6: =SUM(I6:K6)/3 -> 110.36667 | M6: =L6*92 -> 10153.733 | N6: 98.8 | O6: 110.4 | P6: 123 | Q6: =SUM(N6:P6)/3 -> 110.73333 | R6: =Q6*90 -> 9966 | S6: 119.4 | T6: 116.4 | U6: 108.6 | V6: =SUM(S6:U6)/3 -> 114.8 | W6: =V6*91 -> 10446.8 | X6: =SUM(D6+E6+F6+I6+J6+K6+N6+O6+P6+S6+T6+U6)/12 -> 111.275 | Y6: =X6*365 -> 40615.375
A7: Fairbanks CC | B7: 259 | C7: 248 | D7: 265.7 | E7: 269.7 | F7: 255.4 | G7: =SUM(D7:F7)/3 -> 263.6 | H7: =G7*92 -> 24251.2 | I7: 265.7 | J7: 266.7 | K7: 262.3 | L7: =SUM(I7:K7)/3 -> 264.9 | M7: =L7*92 -> 24370.8 | N7: 268.9 | O7: 274.1 | P7: 265.8 | Q7: =SUM(N7:P7)/3 -> 269.6 | R7: =Q7*90 -> 24264 | S7: 283.4 | T7: 293.3 | U7: 281.1 | V7: =SUM(S7:U7)/3 -> 285.93333 | W7: =V7*91 -> 26019.933 | X7: =SUM(D7+E7+F7+I7+J7+K7+N7+O7+P7+S7+T7+U7)/12 -> 271.00833 | Y7: =X7*365 -> 98918.042
A8: Goose Creek CC | B8: 1472 | C8: 1408 | D8: 1322.1 | E8: 1316.7 | F8: 1359.4 | G8: =SUM(D8:F8)/3 -> 1332.7333 | H8: =G8*92 -> 122611.47 | I8: 1285 | J8: 1290.6 | K8: 1258.9 | L8: =SUM(I8:K8)/3 -> 1278.1667 | M8: =L8*92 -> 117591.33 | N8: 1219.4 | O8: 1263.4 | P8: 1224 | Q8: =SUM(N8:P8)/3 -> 1235.6 | R8: =Q8*90 -> 111204 | S8: 1220.8 | T8: 1210 | U8: 1127.5 | V8: =SUM(S8:U8)/3 -> 1186.1 | W8: =V8*91 -> 107935.1 | X8: =SUM(D8+E8+F8+I8+J8+K8+N8+O8+P8+S8+T8+U8)/12 -> 1258.15 | Y8: =X8*365 -> 459224.75
A9: Combined Hiland Mtn CC | B9: 404 | C9: 395 | D9: 407.6 | E9: 397.9 | F9: 408.3 | G9: =SUM(D9:F9)/3 -> 404.6 | H9: =G9*92 -> 37223.2 | I9: 384 | J9: 363.6 | K9: 346 | L9: =SUM(I9:K9)/3 -> 364.53333 | M9: =L9*92 -> 33537.067 | N9: 349.5 | O9: 365.4 | P9: 365.5 | Q9: =SUM(N9:P9)/3 -> 360.13333 | R9: =Q9*90 -> 32412 | S9: 360.5 | T9: 359.7 | U9: 360.1 | V9: =SUM(S9:U9)/3 -> 360.1 | W9: =V9*91 -> 32769.1 | X9: =SUM(D9+E9+F9+I9+J9+K9+N9+O9+P9+S9+T9+U9)/12 -> 372.34167 | Y9: =X9*365 -> 135904.71
A10: Ketchikan CC | B10: 58 | C10: 52 | D10: 57.1 | E10: 59.2 | F10: 56.4 | G10: =SUM(D10:F10)/3 -> 57.566667 | H10: =G10*92 -> 5296.1333 | I10: 57.8 | J10: 49.9 | K10: 46.7 | L10: =SUM(I10:K10)/3 -> 51.466667 | M10: =L10*92 -> 4734.9333 | N10: 47.7 | O10: 54.7 | P10: 55.7 | Q10: =SUM(N10:P10)/3 -> 52.7 | R10: =Q10*90 -> 4743 | S10: 55.3 | T10: 51 | U10: 51.1 | V10: =SUM(S10:U10)/3 -> 52.466667 | W10: =V10*91 -> 4774.4667 | X10: =SUM(D10+E10+F10+I10+J10+K10+N10+O10+P10+S10+T10+U10)/12 -> 53.55 | Y10: =X10*365 -> 19545.75
A11: Lemon Creek CC | B11: 232 | C11: 226 | D11: 232.6 | E11: 234.1 | F11: 226.9 | G11: =SUM(D11:F11)/3 -> 231.2 | H11: =G11*92 -> 21270.4 | I11: 220.9 | J11: 229 | K11: 227.2 | L11: =SUM(I11:K11)/3 -> 225.7 | M11: =L11*92 -> 20764.4 | N11: 229.1 | O11: 234.4 | P11: 224.3 | Q11: =SUM(N11:P11)/3 -> 229.26667 | R11: =Q11*90 -> 20634 | S11: 210.7 | T11: 206.3 | U11: 208.8 | V11: =SUM(S11:U11)/3 -> 208.6 | W11: =V11*91 -> 18982.6 | X11: =SUM(D11+E11+F11+I11+J11+K11+N11+O11+P11+S11+T11+U11)/12 -> 223.69167 | Y11: =X11*365 -> 81647.458
A12: Mat-Su CC | B12: 102 | C12: 98 | D12: 99.5 | E12: 101.7 | F12: 100.2 | G12: =SUM(D12:F12)/3 -> 100.46667 | H12: =G12*92 -> 9242.9333 | I12: 102.6 | J12: 99.6 | K12: 99.3 | L12: =SUM(I12:K12)/3 -> 100.5 | M12: =L12*92 -> 9246 | N12: 104.3 | O12: 103.5 | P12: 96.3 | Q12: =SUM(N12:P12)/3 -> 101.36667 | R12: =Q12*90 -> 9123 | S12: 101.9 | T12: 100.3 | U12: 95.1 | V12: =SUM(S12:U12)/3 -> 99.1 | W12: =V12*91 -> 9018.1 | X12: =SUM(D12+E12+F12+I12+J12+K12+N12+O12+P12+S12+T12+U12)/12 -> 100.35833 | Y12: =X12*365 -> 36630.792
A13: Combined Palmer CC | B13: =338+176 -> 514 | C13: =327+176 -> 503 | D13: =300.8+176 -> 476.8 | E13: =311.9+176 -> 487.9 | F13: =322.2+175.7 -> 497.9 | G13: =SUM(D13:F13)/3 -> 487.53333 | H13: =G13*92 -> 44853.067 | I13: =320.9+176 -> 496.9 | J13: =312.4+176 -> 488.4 | K13: =313.6+175.9 -> 489.5 | L13: =SUM(I13:K13)/3 -> 491.6 | M13: =L13*92 -> 45227.2 | N13: =316.5+175.9 -> 492.4 | O13: =325.2+175.8 -> 501 | P13: =323.7+175.9 -> 499.6 | Q13: =SUM(N13:P13)/3 -> 497.66667 | R13: =Q13*90 -> 44790 | S13: =323.7+175.9 -> 499.6 | T13: =323.7+176 -> 499.7 | U13: =316.1+175.8 -> 491.9 | V13: =SUM(S13:U13)/3 -> 497.06667 | W13: =V13*91 -> 45233.067 | X13: =SUM(D13+E13+F13+I13+J13+K13+N13+O13+P13+S13+T13+U13)/12 -> 493.46667 | Y13: =X13*365 -> 180115.33
A14: Pt. MacKenzie | B14: 128 | C14: 128 | D14: 0 | E14: 0 | F14: 0 | G14: =SUM(D14:F14)/3 -> 0 | H14: =G14*92 -> 0 | I14: 0 | J14: 0 | K14: 0 | L14: =SUM(I14:K14)/3 -> 0 | M14: =L14*92 -> 0 | N14: 0 | O14: 0 | P14: 0 | Q14: =SUM(N14:P14)/3 -> 0 | R14: =Q14*90 -> 0 | S14: 0 | T14: 0 | U14: 48 | V14: =SUM(S14:U14)/3 -> 16 | W14: =V14*91 -> 1456 | X14: =SUM(D14+E14+F14+I14+J14+K14+N14+O14+P14+S14+T14+U14)/12 -> 4 | Y14: =X14*365 -> 1460
A15: Spring Creek CC | B15: 551 | C15: 535 | D15: 523.4 | E15: 519.2 | F15: 522.8 | G15: =SUM(D15:F15)/3 -> 521.8 | H15: =G15*92 -> 48005.6 | I15: 515 | J15: 505.2 | K15: 497.1 | L15: =SUM(I15:K15)/3 -> 505.76667 | M15: =L15*92 -> 46530.533 | N15: 503.1 | O15: 511.1 | P15: 514.5 | Q15: =SUM(N15:P15)/3 -> 509.56667 | R15: =Q15*90 -> 45861 | S15: 514.4 | T15: 523.7 | U15: 521.6 | V15: =SUM(S15:U15)/3 -> 519.9 | W15: =V15*91 -> 47310.9 | X15: =SUM(D15+E15+F15+I15+J15+K15+N15+O15+P15+S15+T15+U15)/12 -> 514.25833 | Y15: =X15*365 -> 187704.29
A16: Combined Wildwood CC* | B16: =326+115 -> 441 | C16: =320+110 -> 430 | D16: =332.1+101.6 -> 433.7 | E16: =340.5+99.6 -> 440.1 | F16: =322.9+102.5 -> 425.4 | G16: =SUM(D16:F16)/3 -> 433.06667 | H16: =G16*92 -> 39842.133 | I16: =309.3+100.4 -> 409.7 | J16: =295+108.8 -> 403.8 | K16: =279.1+105.3 -> 384.4 | L16: =SUM(I16:K16)/3 -> 399.3 | M16: =L16*92 -> 36735.6 | N16: =289.2+108.6 -> 397.8 | O16: =286.3+106.1 -> 392.4 | P16: =272+106 -> 378 | Q16: =SUM(N16:P16)/3 -> 389.4 | R16: =Q16*90 -> 35046 | S16: =275.3+110.6 -> 385.9 | T16: =280+100.6 -> 380.6 | U16: =278.5+118.4 -> 396.9 | V16: =SUM(S16:U16)/3 -> 387.8 | W16: =V16*91 -> 35289.8 | X16: =SUM(D16+E16+F16+I16+J16+K16+N16+O16+P16+S16+T16+U16)/12 -> 402.39167 | Y16: =X16*365 -> 146872.96
A17: Yukon-Kuskokwim CC | B17: 200 | C17: 189 | D17: 171.9 | E17: 185.8 | F17: 190.7 | G17: =SUM(D17:F17)/3 -> 182.8 | H17: =G17*92 -> 16817.6 | I17: 196.5 | J17: 190.2 | K17: 187.2 | L17: =SUM(I17:K17)/3 -> 191.3 | M17: =L17*92 -> 17599.6 | N17: 194.2 | O17: 182.8 | P17: 180.8 | Q17: =SUM(N17:P17)/3 -> 185.93333 | R17: =Q17*90 -> 16734 | S17: 176.7 | T17: 175.5 | U17: 172.1 | V17: =SUM(S17:U17)/3 -> 174.76667 | W17: =V17*91 -> 15903.767 | X17: =SUM(D17+E17+F17+I17+J17+K17+N17+O17+P17+S17+T17+U17)/12 -> 183.7 | Y17: =X17*365 -> 67050.5
A18: Tents | D18: 0 | E18: 0 | F18: 0 | G18: =SUM(D18:F18)/3 -> 0 | H18: =G18*92 -> 0 | I18: 0 | J18: 0 | K18: 0 | L18: =SUM(I18:K18)/3 -> 0 | M18: =L18*92 -> 0 | N18: 0 | O18: 0 | P18: 0 | Q18: =SUM(N18:P18)/3 -> 0 | R18: =Q18*90 -> 0 | S18: - | T18: - | U18: - | V18: =SUM(S18:U18)/3 -> 0 | W18: =V18*91 -> 0 | X18: 0 | Y18: =X18*365 -> 0
A19: TOTAL INSTITUTIONS | D19: =SUM(D5:D18) -> 4938.7 | E19: =SUM(E5:E18) -> 4977.9 | F19: =SUM(F5:F18) -> 4958.1 | G19: =SUM(D19:F19)/3 -> 4958.2333 | H19: =G19*92 -> 456157.47 | I19: =SUM(I5:I18) -> 4887.4 | J19: =SUM(J5:J18) -> 4876.1 | K19: =SUM(K5:K18) -> 4748.9 | L19: =SUM(I19:K19)/3 -> 4837.4667 | M19: =L19*92 -> 445046.93 | N19: =SUM(N5:N18) -> 4747.2 | O19: =SUM(O5:O18) -> 4812.8 | P19: =SUM(P5:P18) -> 4724.8 | Q19: =SUM(N19:P19)/3 -> 4761.6 | R19: =Q19*90 -> 428544 | S19: =SUM(S5:S18) -> 4735.2 | T19: =SUM(T5:T17) -> 4687.1 | U19: =SUM(U5:U18) -> 4673.8 | V19: =SUM(S19:U19)/3 -> 4698.7 | W19: =V19*91 -> 427581.7 | X19: =SUM(D19+E19+F19+I19+J19+K19+N19+O19+P19+S19+T19+U19)/12 -> 4814 | Y19: =SUM(Y5:Y18) -> 1757110
A20: Other
A21: CRC's | B21: 839 | C21: - | D21: 672.81 | E21: 677.1 | F21: 681.9 | G21: =SUM(D21:F21)/3 -> 677.27 | H21: =G21*92 -> 62308.84 | I21: 648 | J21: 633.63 | K21: 647.29 | L21: =SUM(I21:K21)/3 -> 642.97333 | M21: =L21*92 -> 59153.547 | N21: =547.74+77.9 -> 625.64 | O21: 607.83 | P21: =563.77+86.23 -> 650 | Q21: =SUM(N21:P21)/3 -> 627.82333 | R21: =Q21*90 -> 56504.1 | S21: =552.63+74.57 -> 627.2 | T21: 587.65 | U21: =502.5+59.23 -> 561.73 | V21: =SUM(S21:U21)/3 -> 592.19333 | W21: =V21*91 -> 53889.593 | X21: =SUM(D21+E21+F21+I21+J21+K21+N21+O21+P21+S21+T21+U21)/12 -> 635.065 | Y21: =X21*365 -> 231798.72
A22: CRC Offender Supervision | B22: 35 | C22: - | D22: 5 | E22: 7.23 | F22: =1+8 -> 9 | G22: =SUM(D22:F22)/3 -> 7.0766667 | H22: =G22*92 -> 651.05333 | I22: =1+8.1 -> 9.1 | J22: =1+8.1 -> 9.1 | K22: =1+8.71 -> 9.71 | L22: =SUM(I22:K22)/3 -> 9.3033333 | M22: =L22*92 -> 855.90667 | N22: =1+8 -> 9 | O22: =1+7.31 -> 8.31 | P22: =1+7 -> 8 | Q22: =SUM(N22:P22)/3 -> 8.4366667 | R22: =Q22*90 -> 759.3 | S22: =1+7.07 -> 8.07 | T22: =2.48+7.52 -> 10 | U22: =7.5+6 -> 13.5 | V22: =SUM(S22:U22)/3 -> 10.523333 | W22: =V22*91 -> 957.62333 | X22: =SUM(D22+E22+F22+I22+J22+K22+N22+O22+P22+S22+T22+U22)/12 -> 8.835 | Y22: =X22*365 -> 3224.775
A23: Treatment Beds | B23: 26 | C23: - | D23: 15 | E23: 17 | F23: 16 | G23: =SUM(D23:F23)/3 -> 16 | H23: =G23*92 -> 1472 | I23: 17 | J23: 17 | K23: 16 | L23: =SUM(I23:K23)/3 -> 16.666667 | M23: =L23*92 -> 1533.3333 | N23: 19 | O23: 18 | P23: 17 | Q23: =SUM(N23:P23)/3 -> 18 | R23: =Q23*90 -> 1620 | S23: 15 | T23: 16 | U23: 16 | V23: =SUM(S23:U23)/3 -> 15.666667 | W23: =V23*91 -> 1425.6667 | X23: =SUM(D23+E23+F23+I23+J23+K23+N23+O23+P23+S23+T23+U23)/12 -> 16.583333 | Y23: =X23*365 -> 6052.9167
A24: Electronic Monitoring | B24: n/a | C24: - | D24: 437 | E24: 420 | F24: 429 | G24: =SUM(D24:F24)/3 -> 428.66667 | H24: =G24*92 -> 39437.333 | I24: 447 | J24: 466 | K24: 437 | L24: =SUM(I24:K24)/3 -> 450 | M24: =L24*92 -> 41400 | N24: 419 | O24: 404 | P24: 410 | Q24: =SUM(N24:P24)/3 -> 411 | R24: =Q24*90 -> 36990 | S24: 404 | T24: 383 | U24: 373 | V24: =SUM(S24:U24)/3 -> 386.66667 | W24: =V24*91 -> 35186.667 | X24: =SUM(D24+E24+F24+I24+J24+K24+N24+O24+P24+S24+T24+U24)/12 -> 419.08333 | Y24: =X24*365 -> 152965.42
A25: Colorado | B25: 1050 | C25: - | D25: N/A | E25: N/A | F25: N/A | G25: =SUM(D25:F25)/3 -> 0 | H25: =G25*92 -> 0 | I25: N/A | J25: N/A | K25: N/A | L25: =SUM(I25:K25)/3 -> 0 | M25: =L25*92 -> 0 | N25: N/A | O25: N/A | P25: N/A | Q25: =SUM(N25:P25)/3 -> 0 | R25: =Q25*90 -> 0 | S25: N/A | T25: N/A | U25: N/A | V25: =SUM(S25:U25)/3 -> 0 | W25: =V25*91 -> 0 | X25: 0 | Y25: =X25*365 -> 0
A26: Other Out Of State | B26: n/a | C26: - | D26: 12 | E26: 12 | F26: 12 | G26: =SUM(D26:F26)/3 -> 12 | H26: =G26*92 -> 1104 | I26: 12 | J26: 11 | K26: 11 | L26: =SUM(I26:K26)/3 -> 11.333333 | M26: =L26*92 -> 1042.6667 | N26: 10 | O26: 9 | P26: 9 | Q26: =SUM(N26:P26)/3 -> 9.3333333 | R26: =Q26*90 -> 840 | S26: 9 | T26: 9 | U26: 9 | V26: =SUM(S26:U26)/3 -> 9 | W26: =V26*91 -> 819 | X26: =SUM(D26+E26+F26+I26+J26+K26+N26+O26+P26+S26+T26+U26)/12 -> 10.416667 | Y26: =X26*365 -> 3802.0833
A27: TOTAL OTHER | D27: =SUM(D21:D26) -> 1141.81 | E27: =SUM(E21:E26) -> 1133.33 | F27: =SUM(F21:F26) -> 1147.9 | G27: =SUM(D27:F27)/3 -> 1141.0133 | H27: =G27*92 -> 104973.23 | I27: =SUM(I21:I26) -> 1133.1 | J27: =SUM(J21:J26) -> 1136.73 | K27: =SUM(K21:K26) -> 1121 | L27: =SUM(I27:K27)/3 -> 1130.2767 | M27: =L27*92 -> 103985.45 | N27: =SUM(N21:N26) -> 1082.64 | O27: =SUM(O21:O26) -> 1047.14 | P27: =SUM(P21:P26) -> 1094 | Q27: =SUM(N27:P27)/3 -> 1074.5933 | R27: =Q27*90 -> 96713.4 | S27: =SUM(S21:S26) -> 1063.27 | T27: =SUM(T21:T26) -> 1005.65 | U27: =SUM(U21:U26) -> 973.23 | V27: =SUM(S27:U27)/3 -> 1014.05 | W27: =V27*91 -> 92278.55 | X27: =SUM(X21:X26) -> 1089.9833 | Y27: =SUM(Y21:Y26) -> 397843.92
A28: GRAND TOTAL | D28: =D19+D27 -> 6080.51 | E28: =E19+E27 -> 6111.23 | F28: =F19+F27 -> 6106 | G28: =G19+G27 -> 6099.2467 | H28: =SUM(H19+H27) -> 561130.69 | I28: =I19+I27 -> 6020.5 | J28: =J19+J27 -> 6012.83 | K28: =K19+K27 -> 5869.9 | L28: =SUM(I28:K28)/3 -> 5967.7433 | M28: =SUM(M19+M27) -> 549032.39 | N28: =N19+N27 -> 5829.84 | O28: =O19+O27 -> 5859.94 | P28: =P19+P27 -> 5818.8 | Q28: =SUM(N28:P28)/3 -> 5836.1933 | R28: =SUM(R19+R27) -> 525257.4 | S28: =S19+S27 -> 5798.47 | T28: =T19+T27 -> 5692.75 | U28: =U19+U27 -> 5647.03 | V28: =SUM(S28:U28)/3 -> 5712.75 | W28: =SUM(W19+W27) -> 519860.25 | X28: =X19+X27 -> 5903.9833 | Y28: =Y19+Y27 -> 2154953.9
A29: *Colorado contrat ended Sept 2013
A30: *PT. Mac combined with GCCC June 30
A31: *GCCC Beds ramp-up to 1480 by June 30
A32: *ACCE & ACCW combined totals for FY14
A33: ANNUAL TOTAL MANDAYS
A34: ANNUAL TOTAL MANDAYS
A37: ANNUAL TOTAL MANDAYS
A38: FY2015 | B38: AVERAGE DAILY INMATE POPULATION
B39: Capacity | F39: AVERAGE QTRLY | G39: Total Quarterly Mandays | K39: AVERAGE QTRLY | L39: Total Quarterly Mandays | P39: AVERAGE QTRLY | Q39: Total Quarterly Mandays | U39: AVERAGE QTRLY | V39: Total Quarterly Mandays | W39: ANNUAL AVERAGE DAILY POPULATION | X39: ANNUAL TOTAL MANDAYS
A40: Institutions | B40: GEN/Max | C40: 41821 | D40: 41852 | E40: 41883 | H40: 41913 | I40: 41944 | J40: 41974 | M40: 42005 | N40: 42036 | O40: 42064 | R40: 42095 | S40: 42125 | T40: 42156
A41: Anchorage Complex | B41: 863./829 | C41: 839.9 | D41: 851.6 | E41: 853.9 | F41: =SUM(C41:E41)/3 -> 848.46667 | G41: =F41*92 -> 78058.933 | H41: 843.4 | I41: 852.8 | J41: 853.2 | K41: =SUM(H41:J41)/3 -> 849.8 | L41: =K41*92 -> 78181.6 | M41: 871.8 | N41: 857.3 | O41: 830.4 | P41: =SUM(M41:O41)/3 -> 853.16667 | Q41: =P41*90 -> 76785 | R41: 837.8 | S41: 849.1 | T41: 843.6 | U41: =SUM(R41:T41)/3 -> 843.5 | V41: =U41*91 -> 76758.5 | W41: =SUM(C41+D41+E41+H41+I41+J41+M41+N41+O41+R41+S41+T41)/12 -> 848.73333 | X41: =W41*365 -> 309787.67
A42: Anvil Mountain CC | B42: 128/126 | C42: 121.1 | D42: 118.2 | E42: 119.4 | F42: =SUM(C42:E42)/3 -> 119.56667 | G42: =F42*92 -> 11000.133 | H42: 110.9 | I42: 105.6 | J42: 106.7 | K42: =SUM(H42:J42)/3 -> 107.73333 | L42: =K42*92 -> 9911.4667 | M42: 114.6 | N42: 117.9 | O42: 94.3 | P42: =SUM(M42:O42)/3 -> 108.93333 | Q42: =P42*90 -> 9804 | R42: 95.7 | S42: 126.2 | T42: 114.7 | U42: =SUM(R42:T42)/3 -> 112.2 | V42: =U42*91 -> 10210.2 | W42: =SUM(C42+D42+E42+H42+I42+J42+M42+N42+O42+R42+S42+T42)/12 -> 112.10833 | X42: =W42*365 -> 40919.542
A43: Fairbanks CC | B43: 259/248 | C43: 263.9 | D43: 249.5 | E43: 258.7 | F43: =SUM(C43:E43)/3 -> 257.36667 | G43: =F43*92 -> 23677.733 | H43: 248.3 | I43: 268.3 | J43: 265 | K43: =SUM(H43:J43)/3 -> 260.53333 | L43: =K43*92 -> 23969.067 | M43: 277.5 | N43: 292.3 | O43: 273.3 | P43: =SUM(M43:O43)/3 -> 281.03333 | Q43: =P43*90 -> 25293 | R43: 280.7 | S43: 286.5 | T43: 272.6 | U43: =SUM(R43:T43)/3 -> 279.93333 | V43: =U43*91 -> 25473.933 | W43: =SUM(C43+D43+E43+H43+I43+J43+M43+N43+O43+R43+S43+T43)/12 -> 269.71667 | X43: =W43*365 -> 98446.583
A44: Goose Creek CC | B44: 1472/1408 | C44: 1388.4 | D44: 1411.3 | E44: 1411.3 | F44: =SUM(C44:E44)/3 -> 1403.6667 | G44: =F44*92 -> 129137.33 | H44: 1411.9 | I44: 1424.9 | J44: 1416.8 | K44: =SUM(H44:J44)/3 -> 1417.8667 | L44: =K44*92 -> 130443.73 | M44: 1421 | N44: 1423.6 | O44: 1422.7 | P44: =SUM(M44:O44)/3 -> 1422.4333 | Q44: =P44*90 -> 128019 | R44: 1393 | S44: 1378.3 | T44: 1367.1 | U44: =SUM(R44:T44)/3 -> 1379.4667 | V44: =U44*91 -> 125531.47 | W44: =SUM(C44+D44+E44+H44+I44+J44+M44+N44+O44+R44+S44+T44)/12 -> 1405.8583 | X44: =W44*365 -> 513138.29
A45: Combined Hiland Mtn CC | B45: 404/395 | C45: 414.8 | D45: 409.1 | E45: 439.9 | F45: =SUM(C45:E45)/3 -> 421.26667 | G45: =F45*92 -> 38756.533 | H45: 423.5 | I45: 413.7 | J45: 407.7 | K45: =SUM(H45:J45)/3 -> 414.96667 | L45: =K45*92 -> 38176.933 | M45: 441.6 | N45: 429.2 | O45: 433.3 | P45: =SUM(M45:O45)/3 -> 434.7 | Q45: =P45*90 -> 39123 | R45: 421.7 | S45: 425 | T45: 426 | U45: =SUM(R45:T45)/3 -> 424.23333 | V45: =U45*91 -> 38605.233 | W45: =SUM(C45+D45+E45+H45+I45+J45+M45+N45+O45+R45+S45+T45)/12 -> 423.79167 | X45: =W45*365 -> 154683.96
A46: Ketchikan CC | B46: 58/52 | C46: 66.2 | D46: 72.6 | E46: 69 | F46: =SUM(C46:E46)/3 -> 69.266667 | G46: =F46*92 -> 6372.5333 | H46: 75 | I46: 61.9 | J46: 57.8 | K46: =SUM(H46:J46)/3 -> 64.9 | L46: =K46*92 -> 5970.8 | M46: 59 | N46: 62.9 | O46: 55.2 | P46: =SUM(M46:O46)/3 -> 59.033333 | Q46: =P46*90 -> 5313 | R46: 62.2 | S46: 55.8 | T46: 58.4 | U46: =SUM(R46:T46)/3 -> 58.8 | V46: =U46*91 -> 5350.8 | W46: =SUM(C46+D46+E46+H46+I46+J46+M46+N46+O46+R46+S46+T46)/12 -> 63 | X46: =W46*365 -> 22995
A47: Lemon Creek CC | B47: 232/226 | C47: 231.5 | D47: 231.6 | E47: 225.7 | F47: =SUM(C47:E47)/3 -> 229.6 | G47: =F47*92 -> 21123.2 | H47: 229.4 | I47: 237.3 | J47: 244.4 | K47: =SUM(H47:J47)/3 -> 237.03333 | L47: =K47*92 -> 21807.067 | M47: 253 | N47: 248.4 | O47: 243.2 | P47: =SUM(M47:O47)/3 -> 248.2 | Q47: =P47*90 -> 22338 | R47: 233 | S47: 228.4 | T47: 236.7 | U47: =SUM(R47:T47)/3 -> 232.7 | V47: =U47*91 -> 21175.7 | W47: =SUM(C47+D47+E47+H47+I47+J47+M47+N47+O47+R47+S47+T47)/12 -> 236.88333 | X47: =W47*365 -> 86462.417
A48: Mat-Su CC | B48: 102/98 | C48: 110.1 | D48: 107.3 | E48: 110.1 | F48: =SUM(C48:E48)/3 -> 109.16667 | G48: =F48*92 -> 10043.333 | H48: 112.2 | I48: 112.1 | J48: 105 | K48: =SUM(H48:J48)/3 -> 109.76667 | L48: =K48*92 -> 10098.533 | M48: 108.2 | N48: 110.9 | O48: 103.6 | P48: =SUM(M48:O48)/3 -> 107.56667 | Q48: =P48*90 -> 9681 | R48: 102.6 | S48: 101.1 | T48: 99 | U48: =SUM(R48:T48)/3 -> 100.9 | V48: =U48*91 -> 9181.9 | W48: =SUM(C48+D48+E48+H48+I48+J48+M48+N48+O48+R48+S48+T48)/12 -> 106.85 | X48: =W48*365 -> 39000.25
A49: Combined Palmer CC | B49: 514/503 | C49: =318.4+175.9 -> 494.3 | D49: =333.5+175.9 -> 509.4 | E49: =330+175.9 -> 505.9 | F49: =SUM(C49:E49)/3 -> 503.2 | G49: =F49*92 -> 46294.4 | H49: =333.6+175.6 -> 509.2 | I49: =333.4+175.7 -> 509.1 | J49: =331.5+175.9 -> 507.4 | K49: =SUM(H49:J49)/3 -> 508.56667 | L49: =K49*92 -> 46788.133 | M49: =330+175.9 -> 505.9 | N49: =334.2+176 -> 510.2 | O49: =325.2+175.8 -> 501 | P49: =SUM(M49:O49)/3 -> 505.7 | Q49: =P49*90 -> 45513 | R49: =322.3+175.9 -> 498.2 | S49: =321.4+175.7 -> 497.1 | T49: =310.7+175.6 -> 486.3 | U49: =SUM(R49:T49)/3 -> 493.86667 | V49: =U49*91 -> 44941.867 | W49: =SUM(C49+D49+E49+H49+I49+J49+M49+N49+O49+R49+S49+T49)/12 -> 502.83333 | X49: =W49*365 -> 183534.17
A50: Pt. MacKenzie | B50: 128/128 | C50: 0 | D50: 0 | E50: 0 | F50: 0 | G50: =F50*92 -> 0 | H50: 0 | I50: 0 | J50: 0 | K50: =SUM(H50:J50)/3 -> 0 | L50: =K50*92 -> 0 | M50: 0 | N50: 0 | O50: 0 | P50: =SUM(M50:O50)/3 -> 0 | Q50: =P50*90 -> 0 | R50: 0 | S50: 0 | T50: 0 | U50: =SUM(R50:T50)/3 -> 0 | V50: =U50*91 -> 0 | W50: =SUM(C50+D50+E50+H50+I50+J50+M50+N50+O50+R50+S50+T50)/12 -> 0 | X50: =W50*365 -> 0
A51: Spring Creek CC | B51: 551/535 | C51: 527.5 | D51: 525.8 | E51: 536.1 | F51: =SUM(C51:E51)/3 -> 529.8 | G51: =F51*92 -> 48741.6 | H51: 527.1 | I51: 527 | J51: 523.7 | K51: =SUM(H51:J51)/3 -> 525.93333 | L51: =K51*92 -> 48385.867 | M51: 525 | N51: 523 | O51: 527.5 | P51: =SUM(M51:O51)/3 -> 525.16667 | Q51: =P51*90 -> 47265 | R51: 532 | S51: 529.2 | T51: 529.2 | U51: =SUM(R51:T51)/3 -> 530.13333 | V51: =U51*91 -> 48242.133 | W51: =SUM(C51+D51+E51+H51+I51+J51+M51+N51+O51+R51+S51+T51)/12 -> 527.75833 | X51: =W51*365 -> 192631.79
A52: Combined Wildwood CC* | B52: 441/430 | C52: =311.6+96.8 -> 408.4 | D52: =310.5+102.5 -> 413 | E52: =321.3+111.1 -> 432.4 | F52: =SUM(C52:E52)/3 -> 417.93333 | G52: =F52*92 -> 38449.867 | H52: =315.6+121.3 -> 436.9 | I52: =308+122 -> 430 | J52: =294.8+124.6 -> 419.4 | K52: =SUM(H52:J52)/3 -> 428.76667 | L52: =K52*92 -> 39446.533 | M52: =311.7+127.5 -> 439.2 | N52: =311.1+124.9 -> 436 | O52: =323.3+116.3 -> 439.6 | P52: =SUM(M52:O52)/3 -> 438.26667 | Q52: =P52*90 -> 39444 | R52: =332.3+107.1 -> 439.4 | S52: =343.1+107.9 -> 451 | T52: =326.3+101.3 -> 427.6 | U52: =SUM(R52:T52)/3 -> 439.33333 | V52: =U52*91 -> 39979.333 | W52: =SUM(C52+D52+E52+H52+I52+J52+M52+N52+O52+R52+S52+T52)/12 -> 431.075 | X52: =W52*365 -> 157342.38
A53: Yukon-Kuskokwim CC | B53: 200/189 | C53: 204.2 | D53: 191.2 | E53: 197 | F53: =SUM(C53:E53)/3 -> 197.46667 | G53: =F53*92 -> 18166.933 | H53: 194.9 | I53: 194.2 | J53: 195.5 | K53: =SUM(H53:J53)/3 -> 194.86667 | L53: =K53*92 -> 17927.733 | M53: 204.8 | N53: 191.9 | O53: 199.9 | P53: =SUM(M53:O53)/3 -> 198.86667 | Q53: =P53*90 -> 17898 | R53: 191.4 | S53: 182.6 | T53: 170.3 | U53: =SUM(R53:T53)/3 -> 181.43333 | V53: =U53*91 -> 16510.433 | W53: =SUM(C53+D53+E53+H53+I53+J53+M53+N53+O53+R53+S53+T53)/12 -> 193.15833 | X53: =W53*365 -> 70502.792
A54: Tents | C54: 0 | D54: 0 | E54: 0 | F54: =SUM(C54:E54)/3 -> 0 | G54: =F54*92 -> 0 | H54: 0 | I54: 0 | J54: 0 | K54: =SUM(H54:J54)/3 -> 0 | L54: =K54*92 -> 0 | M54: 0 | N54: 0 | O54: 0 | P54: =SUM(M54:O54)/3 -> 0 | Q54: =P54*90 -> 0 | R54: - | S54: - | T54: - | U54: =SUM(R54:T54)/3 -> 0 | V54: =U54*91 -> 0 | W54: 0 | X54: =W54*365 -> 0
A55: TOTAL INSTITUTIONS | C55: =SUM(C41:C54) -> 5070.3 | D55: =SUM(D41:D54) -> 5090.6 | E55: =SUM(E41:E54) -> 5159.4 | F55: =SUM(C55:E55)/3 -> 5106.7667 | G55: =F55*92 -> 469822.53 | H55: =SUM(H41:H54) -> 5122.7 | I55: =SUM(I41:I54) -> 5136.9 | J55: =SUM(J41:J54) -> 5102.6 | K55: =SUM(H55:J55)/3 -> 5120.7333 | L55: =K55*92 -> 471107.47 | M55: =SUM(M41:M54) -> 5221.6 | N55: =SUM(N41:N54) -> 5203.6 | O55: =SUM(O41:O54) -> 5124 | P55: =SUM(M55:O55)/3 -> 5183.0667 | Q55: =P55*90 -> 466476 | R55: =SUM(R41:R54) -> 5087.7 | S55: =SUM(S41:S54) -> 5110.3 | T55: =SUM(T41:T54) -> 5031.5 | U55: =SUM(R55:T55)/3 -> 5076.5 | V55: =U55*91 -> 461961.5 | W55: =SUM(C55+D55+E55+H55+I55+J55+M55+N55+O55+R55+S55+T55)/12 -> 5121.7667 | X55: =SUM(X41:X54) -> 1869444.8
A56: Other
A57: CRC's | B57: 839 | C57: 739.16 | D57: 734 | E57: 727.13 | F57: =SUM(C57:E57)/3 -> 733.43 | G57: =F57*92 -> 67475.56 | H57: =655.87+53 -> 708.87 | I57: 686.93 | J57: 643 | K57: =SUM(H57:J57)/3 -> 679.6 | L57: =K57*92 -> 62523.2 | M57: 633.03 | N57: 647 | O57: 708.84 | P57: =SUM(M57:O57)/3 -> 662.95667 | Q57: =P57*90 -> 59666.1 | R57: 694.6 | S57: 682.87 | T57: 683.07 | U57: =SUM(R57:T57)/3 -> 686.84667 | V57: =U57*91 -> 62503.047 | W57: =SUM(C57+D57+E57+H57+I57+J57+M57+N57+O57+R57+S57+T57)/12 -> 690.70833 | X57: =W57*365 -> 252108.54
A58: CRC Offender Supervision | B58: 35 | C58: 11 | D58: 10.71 | E58: 9.97 | F58: =SUM(C58:E58)/3 -> 10.56 | G58: =F58*92 -> 971.52 | H58: 10 | I58: 10 | J58: 9.52 | K58: =SUM(H58:J58)/3 -> 9.84 | L58: =K58*92 -> 905.28 | M58: 8.35 | N58: 6 | O58: 5.71 | P58: =SUM(M58:O58)/3 -> 6.6866667 | Q58: =P58*90 -> 601.8 | R58: 5.53 | S58: 5.84 | T58: 5.2 | U58: =SUM(R58:T58)/3 -> 5.5233333 | V58: =U58*91 -> 502.62333 | W58: =SUM(C58+D58+E58+H58+I58+J58+M58+N58+O58+R58+S58+T58)/12 -> 8.1525 | X58: =W58*365 -> 2975.6625
A59: Treatment Beds | B59: 26 | C59: 13 | D59: 14 | E59: 16 | F59: =SUM(C59:E59)/3 -> 14.333333 | G59: =F59*92 -> 1318.6667 | H59: 18 | I59: 19 | J59: 19 | K59: =SUM(H59:J59)/3 -> 18.666667 | L59: =K59*92 -> 1717.3333 | M59: 15 | N59: 13 | O59: 11 | P59: =SUM(M59:O59)/3 -> 13 | Q59: =P59*90 -> 1170 | R59: 11 | S59: 11 | T59: 12 | U59: =SUM(R59:T59)/3 -> 11.333333 | V59: =U59*91 -> 1031.3333 | W59: =SUM(C59+D59+E59+H59+I59+J59+M59+N59+O59+R59+S59+T59)/12 -> 14.333333 | X59: =W59*365 -> 5231.6667
A60: Electronic Monitoring | B60: n/a | C60: 426 | D60: 416 | E60: 425 | F60: =SUM(C60:E60)/3 -> 422.33333 | G60: =F60*92 -> 38854.667 | H60: 428 | I60: 427 | J60: 441 | K60: =SUM(H60:J60)/3 -> 432 | L60: =K60*92 -> 39744 | M60: 452 | N60: 467 | O60: 449 | P60: =SUM(M60:O60)/3 -> 456 | Q60: =P60*90 -> 41040 | R60: 449 | S60: 448 | T60: 455 | U60: =SUM(R60:T60)/3 -> 450.66667 | V60: =U60*91 -> 41010.667 | W60: =SUM(C60+D60+E60+H60+I60+J60+M60+N60+O60+R60+S60+T60)/12 -> 440.25 | X60: =W60*365 -> 160691.25
A61: Colorado | B61: 1050 | C61: N/A | D61: N/A | E61: N/A | F61: =SUM(C61:E61)/3 -> 0 | G61: =F61*92 -> 0 | H61: N/A | I61: N/A | J61: N/A | K61: =SUM(H61:J61)/3 -> 0 | L61: =K61*92 -> 0 | M61: N/A | N61: N/A | O61: N/A | P61: =SUM(M61:O61)/3 -> 0 | Q61: =P61*90 -> 0 | R61: N/A | S61: N/A | T61: N/A | U61: =SUM(R61:T61)/3 -> 0 | V61: =U61*91 -> 0 | W61: 0 | X61: =W61*365 -> 0
A62: Other Out Of State | B62: n/a | C62: 14 | D62: 13 | E62: 13 | F62: =SUM(C62:E62)/3 -> 13.333333 | G62: =F62*92 -> 1226.6667 | H62: 13 | I62: 13 | J62: 12 | K62: =SUM(H62:J62)/3 -> 12.666667 | L62: =K62*92 -> 1165.3333 | M62: 12 | N62: 12 | O62: 12 | P62: =SUM(M62:O62)/3 -> 12 | Q62: =P62*90 -> 1080 | R62: 12 | S62: 12 | T62: 12 | U62: =SUM(R62:T62)/3 -> 12 | V62: =U62*91 -> 1092 | W62: =SUM(C62+D62+E62+H62+I62+J62+M62+N62+O62+R62+S62+T62)/12 -> 12.5 | X62: =W62*365 -> 4562.5
A63: TOTAL OTHER | C63: =SUM(C57:C62) -> 1203.16 | D63: =SUM(D57:D62) -> 1187.71 | E63: =SUM(E57:E62) -> 1191.1 | F63: =SUM(C63:E63)/3 -> 1193.99 | G63: =F63*92 -> 109847.08 | H63: =SUM(H57:H62) -> 1177.87 | I63: =SUM(I57:I62) -> 1155.93 | J63: =SUM(J57:J62) -> 1124.52 | K63: =SUM(H63:J63)/3 -> 1152.7733 | L63: =K63*92 -> 106055.15 | M63: =SUM(M57:M62) -> 1120.38 | N63: =SUM(N57:N62) -> 1145 | O63: =SUM(O57:O62) -> 1186.55 | P63: =SUM(M63:O63)/3 -> 1150.6433 | Q63: =P63*90 -> 103557.9 | R63: =SUM(R57:R62) -> 1172.13 | S63: =SUM(S57:S62) -> 1159.71 | T63: =SUM(T57:T62) -> 1167.27 | U63: =SUM(R63:T63)/3 -> 1166.37 | V63: =U63*91 -> 106139.67 | W63: =SUM(W57:W62) -> 1165.9442 | X63: =SUM(X57:X62) -> 425569.62
A64: GRAND TOTAL | C64: =C55+C63 -> 6273.46 | D64: =D55+D63 -> 6278.31 | E64: =E55+E63 -> 6350.5 | F64: =F55+F63 -> 6300.7567 | G64: =SUM(G55+G63) -> 579669.61 | H64: =H55+H63 -> 6300.57 | I64: =I55+I63 -> 6292.83 | J64: =J55+J63 -> 6227.12 | K64: =SUM(H64:J64)/3 -> 6273.5067 | L64: =SUM(L55+L63) -> 577162.61 | M64: =M55+M63 -> 6341.98 | N64: =N55+N63 -> 6348.6 | O64: =O55+O63 -> 6310.55 | P64: =SUM(M64:O64)/3 -> 6333.71 | Q64: =SUM(Q55+Q63) -> 570033.9 | R64: =R55+R63 -> 6259.83 | S64: =S55+S63 -> 6270.01 | T64: =T55+T63 -> 6198.77 | U64: =SUM(R64:T64)/3 -> 6242.87 | V64: =SUM(V55+V63) -> 568101.17 | W64: =W55+W63 -> 6287.7108 | X64: =X55+X63 -> 2295014.5
A65: *Colorado contrat ended Sept 2013
A66: *PT. Mac combined with GCCC June 30
A67: *GCCC Beds ramp-up to 1480 by June 30
A68: *ACCE & ACCW combined totals for FY14
A71: ANNUAL TOTAL MANDAYS
A72: FY2014 | B72: AVERAGE DAILY INMATE POPULATION
B73: Capacity | F73: AVERAGE QTRLY | G73: Total Quarterly Mandays | K73: AVERAGE QTRLY | L73: Total Quarterly Mandays | P73: AVERAGE QTRLY | Q73: Total Quarterly Mandays | U73: AVERAGE QTRLY | V73: Total Quarterly Mandays | W73: ANNUAL AVERAGE DAILY POPULATION | X73: ANNUAL TOTAL MANDAYS
A74: Institutions | B74: GEN/Max | C74: 41456 | D74: 41487 | E74: 41518 | H74: 41548 | I74: 41579 | J74: 41609 | M74: 41640 | N74: 41671 | O74: 41699 | R74: 41730 | S74: 41760 | T74: 41791
A75: Anchorage Complex | B75: 863./829 | C75: 941.97 | D75: 957.77 | E75: 933.83 | F75: =SUM(C75:E75)/3 -> 944.52333 | G75: =F75*92 -> 86896.147 | H75: 918.42 | I75: 899.6 | J75: 866.23 | K75: =SUM(H75:J75)/3 -> 894.75 | L75: =K75*92 -> 82317 | M75: 899.3 | N75: 927.3 | O75: 896.5 | P75: =SUM(M75:O75)/3 -> 907.7 | Q75: =P75*90 -> 81693 | R75: 793.4 | S75: 764.2 | T75: 819.9 | U75: =SUM(R75:T75)/3 -> 792.5 | V75: =U75*91 -> 72117.5 | W75: =SUM(C75+D75+E75+H75+I75+J75+M75+N75+O75+R75+S75+T75)/12 -> 884.86833 | X75: =W75*365 -> 322976.94
A76: Anvil Mountain CC | B76: 128/126 | C76: 123.42 | D76: 136.23 | E76: 140.37 | F76: =SUM(C76:E76)/3 -> 133.34 | G76: =F76*92 -> 12267.28 | H76: 136.39 | I76: 125.57 | J76: 113.52 | K76: =SUM(H76:J76)/3 -> 125.16 | L76: =K76*92 -> 11514.72 | M76: 114.2 | N76: 120.6 | O76: 108.2 | P76: =SUM(M76:O76)/3 -> 114.33333 | Q76: =P76*90 -> 10290 | R76: 121.4 | S76: 117.1 | T76: 115.3 | U76: =SUM(R76:T76)/3 -> 117.93333 | V76: =U76*91 -> 10731.933 | W76: =SUM(C76+D76+E76+H76+I76+J76+M76+N76+O76+R76+S76+T76)/12 -> 122.69167 | X76: =W76*365 -> 44782.458
A77: Fairbanks CC | B77: 259/248 | C77: 286.65 | D77: 295.1 | E77: 302.03 | F77: =SUM(C77:E77)/3 -> 294.59333 | G77: =F77*92 -> 27102.587 | H77: 277.16 | I77: 255.03 | J77: 254.71 | K77: =SUM(H77:J77)/3 -> 262.3 | L77: =K77*92 -> 24131.6 | M77: 259 | N77: 265.9 | O77: 275 | P77: =SUM(M77:O77)/3 -> 266.63333 | Q77: =P77*90 -> 23997 | R77: 277.8 | S77: 266.8 | T77: 273.1 | U77: =SUM(R77:T77)/3 -> 272.56667 | V77: =U77*91 -> 24803.567 | W77: =SUM(C77+D77+E77+H77+I77+J77+M77+N77+O77+R77+S77+T77)/12 -> 274.02333 | X77: =W77*365 -> 100018.52
A78: Goose Creek CC | B78: 312/312 | C78: 941.71 | D78: 964.48 | E78: 1066.43 | F78: =SUM(C78:E78)/3 -> 990.87333 | G78: =F78*92 -> 91160.347 | H78: 1272.03 | I78: 1329.67 | J78: 1339.94 | K78: =SUM(H78:J78)/3 -> 1313.88 | L78: =K78*92 -> 120876.96 | M78: 1310.9 | N78: 1272.8 | O78: 1299 | P78: =SUM(M78:O78)/3 -> 1294.2333 | Q78: =P78*90 -> 116481 | R78: 1376.6 | S78: 1384.1 | T78: 1359.6 | U78: =SUM(R78:T78)/3 -> 1373.4333 | V78: =U78*91 -> 124982.43 | W78: =SUM(C78+D78+E78+H78+I78+J78+M78+N78+O78+R78+S78+T78)/12 -> 1243.105 | X78: =W78*365 -> 453733.33
A79: Combined Hiland Mtn CC | B79: 404/395 | C79: 411.26 | D79: 427.84 | E79: 413.47 | F79: =SUM(C79:E79)/3 -> 417.52333 | G79: =F79*92 -> 38412.147 | H79: 420.9 | I79: 424.1 | J79: 416.9 | K79: =SUM(H79:J79)/3 -> 420.63333 | L79: =K79*92 -> 38698.267 | M79: 428.3 | N79: 431.7 | O79: 423.3 | P79: =SUM(M79:O79)/3 -> 427.76667 | Q79: =P79*90 -> 38499 | R79: 427.4 | S79: 421.6 | T79: 412.1 | U79: =SUM(R79:T79)/3 -> 420.36667 | V79: =U79*91 -> 38253.367 | W79: =SUM(C79+D79+E79+H79+I79+J79+M79+N79+O79+R79+S79+T79)/12 -> 421.5725 | X79: =W79*365 -> 153873.96
A80: Ketchikan CC | B80: 58/52 | C80: 69.55 | D80: 68.94 | E80: 73.2 | F80: =SUM(C80:E80)/3 -> 70.563333 | G80: =F80*92 -> 6491.8267 | H80: 71.61 | I80: 66.77 | J80: 61.16 | K80: =SUM(H80:J80)/3 -> 66.513333 | L80: =K80*92 -> 6119.2267 | M80: 69.7 | N80: 71 | O80: 60.4 | P80: =SUM(M80:O80)/3 -> 67.033333 | Q80: =P80*90 -> 6033 | R80: 64.8 | S80: 62.6 | T80: 65.1 | U80: =SUM(R80:T80)/3 -> 64.166667 | V80: =U80*91 -> 5839.1667 | W80: =SUM(C80+D80+E80+H80+I80+J80+M80+N80+O80+R80+S80+T80)/12 -> 67.069167 | X80: =W80*365 -> 24480.246
A81: Lemon Creek CC | B81: 232/226 | C81: 236.26 | D81: 236.81 | E81: 240.63 | F81: =SUM(C81:E81)/3 -> 237.9 | G81: =F81*92 -> 21886.8 | H81: 252.13 | I81: 249.3 | J81: 258.16 | K81: =SUM(H81:J81)/3 -> 253.19667 | L81: =K81*92 -> 23294.093 | M81: 250.6 | N81: 214.1 | O81: 228.3 | P81: =SUM(M81:O81)/3 -> 231 | Q81: =P81*90 -> 20790 | R81: 224.4 | S81: 238.2 | T81: 246.8 | U81: =SUM(R81:T81)/3 -> 236.46667 | V81: =U81*91 -> 21518.467 | W81: =SUM(C81+D81+E81+H81+I81+J81+M81+N81+O81+R81+S81+T81)/12 -> 239.64083 | X81: =W81*365 -> 87468.904
A82: Mat-Su CC | B82: 102/98 | C82: 108.48 | D82: 104.16 | E82: 102.9 | F82: =SUM(C82:E82)/3 -> 105.18 | G82: =F82*92 -> 9676.56 | H82: 104.23 | I82: 99.27 | J82: 97.68 | K82: =SUM(H82:J82)/3 -> 100.39333 | L82: =K82*92 -> 9236.1867 | M82: 104.5 | N82: 103.8 | O82: 103.7 | P82: =SUM(M82:O82)/3 -> 104 | Q82: =P82*90 -> 9360 | R82: 107.9 | S82: 105.1 | T82: 107.9 | U82: =SUM(R82:T82)/3 -> 106.96667 | V82: =U82*91 -> 9733.9667 | W82: =SUM(C82+D82+E82+H82+I82+J82+M82+N82+O82+R82+S82+T82)/12 -> 104.135 | X82: =W82*365 -> 38009.275
A83: Combined Palmer CC | B83: 514/503 | C83: =332.55+175.84 -> 508.39 | D83: =324.42+175.81 -> 500.23 | E83: =329.47+175.3 -> 504.77 | F83: =SUM(C83:E83)/3 -> 504.46333 | G83: =F83*92 -> 46410.627 | H83: =327.9+173.16 -> 501.06 | I83: =313.67+171.43 -> 485.1 | J83: =317.03+173.48 -> 490.51 | K83: =SUM(H83:J83)/3 -> 492.22333 | L83: =K83*92 -> 45284.547 | M83: =329.5+175.9 -> 505.4 | N83: =333.1+175.9 -> 509 | O83: =335.5+175.9 -> 511.4 | P83: =SUM(M83:O83)/3 -> 508.6 | Q83: =P83*90 -> 45774 | R83: =326.2+175.7 -> 501.9 | S83: =327.6+175.6 -> 503.2 | T83: =330.1+175.6 -> 505.7 | U83: =SUM(R83:T83)/3 -> 503.6 | V83: =U83*91 -> 45827.6 | W83: =SUM(C83+D83+E83+H83+I83+J83+M83+N83+O83+R83+S83+T83)/12 -> 502.22167 | X83: =W83*365 -> 183310.91
A84: Pt. MacKenzie | B84: 128/128 | C84: 121.23 | D84: 107.94 | E84: 105.6 | F84: =SUM(C84:E84)/3 -> 111.59 | G84: =F84*92 -> 10266.28 | H84: 98.77 | I84: 99.77 | J84: 99.03 | K84: =SUM(H84:J84)/3 -> 99.19 | L84: =K84*92 -> 9125.48 | M84: 90.5 | N84: 95.1 | O84: 85.2 | P84: =SUM(M84:O84)/3 -> 90.266667 | Q84: =P84*90 -> 8124 | R84: 88.4 | S84: 67.4 | T84: 1.4 | U84: =SUM(R84:T84)/3 -> 52.4 | V84: =U84*91 -> 4768.4 | W84: =SUM(C84+D84+E84+H84+I84+J84+M84+N84+O84+R84+S84+T84)/12 -> 88.361667 | X84: =W84*365 -> 32252.008
A85: Spring Creek CC | B85: 557/541 | C85: 299.84 | D85: 332.32 | E85: 393.43 | F85: =SUM(C85:E85)/3 -> 341.86333 | G85: =F85*92 -> 31451.427 | H85: 509.35 | I85: 500.67 | J85: 493.52 | K85: =SUM(H85:J85)/3 -> 501.18 | L85: =K85*92 -> 46108.56 | M85: 485 | N85: 494.8 | O85: 494.3 | P85: =SUM(M85:O85)/3 -> 491.36667 | Q85: =P85*90 -> 44223 | R85: =518.2 -> 518.2 | S85: 495.5 | T85: 517.9 | U85: =SUM(R85:T85)/3 -> 510.53333 | V85: =U85*91 -> 46458.533 | W85: =SUM(C85+D85+E85+H85+I85+J85+M85+N85+O85+R85+S85+T85)/12 -> 461.23583 | X85: =W85*365 -> 168351.08
A86: Combined Wildwood CC* | B86: 473/462 | C86: =329.68+135 -> 464.68 | D86: =322.13+136.55 -> 458.68 | E86: =334.4+135.43 -> 469.83 | F86: =SUM(C86:E86)/3 -> 464.39667 | G86: =F86*92 -> 42724.493 | H86: =338.03+133.74 -> 471.77 | I86: =321.27+127.63 -> 448.9 | J86: =303.55+113.58 -> 417.13 | K86: =SUM(H86:J86)/3 -> 445.93333 | L86: =K86*92 -> 41025.867 | M86: =296.4+119.1 -> 415.5 | N86: =319+12.6 -> 331.6 | O86: =317.5+122.8 -> 440.3 | P86: =SUM(M86:O86)/3 -> 395.8 | Q86: =P86*90 -> 35622 | R86: =318.7+115.7 -> 434.4 | S86: =325.5+101.9 -> 427.4 | T86: =323.5+92.7 -> 416.2 | U86: =SUM(R86:T86)/3 -> 426 | V86: =U86*91 -> 38766 | W86: =SUM(C86+D86+E86+H86+I86+J86+M86+N86+O86+R86+S86+T86)/12 -> 433.0325 | X86: =W86*365 -> 158056.86
A87: Yukon-Kuskokwim CC | B87: 195/190 | C87: 195.52 | D87: 205.48 | E87: 206.43 | F87: =SUM(C87:E87)/3 -> 202.47667 | G87: =F87*92 -> 18627.853 | H87: 190.35 | I87: 190.57 | J87: 178.94 | K87: =SUM(H87:J87)/3 -> 186.62 | L87: =K87*92 -> 17169.04 | M87: 177.7 | N87: 173.3 | O87: 198.1 | P87: =SUM(M87:O87)/3 -> 183.03333 | Q87: =P87*90 -> 16473 | R87: 216.1 | S87: 216.6 | T87: 201.3 | U87: =SUM(R87:T87)/3 -> 211.33333 | V87: =U87*91 -> 19231.333 | W87: =SUM(C87+D87+E87+H87+I87+J87+M87+N87+O87+R87+S87+T87)/12 -> 195.86583 | X87: =W87*365 -> 71491.029
A88: Tents | C88: 0 | D88: 0 | F88: =SUM(C88:E88)/3 -> 0 | G88: =F88*92 -> 0 | K88: =SUM(H88:J88)/3 -> 0 | L88: =K88*92 -> 0 | P88: =SUM(M88:O88)/3 -> 0 | Q88: =P88*90 -> 0 | U88: =SUM(R88:T88)/3 -> 0 | V88: =U88*91 -> 0 | W88: =SUM(C88+D88+E88+H88+I88+J88+M88+N88+O88+R88+S88+T88)/12 -> 0 | X88: =W88*365 -> 0
A89: TOTAL INSTITUTIONS | C89: =SUM(C75:C88) -> 4708.96 | D89: =SUM(D75:D88) -> 4795.98 | E89: =SUM(E75:E88) -> 4952.92 | F89: =SUM(C89:E89)/3 -> 4819.2867 | G89: =F89*92 -> 443374.37 | H89: =SUM(H75:H88) -> 5224.17 | I89: =SUM(I75:I88) -> 5174.32 | J89: =SUM(J75:J88) -> 5087.43 | K89: =SUM(H89:J89)/3 -> 5161.9733 | L89: =K89*92 -> 474901.55 | M89: =SUM(M75:M88) -> 5110.6 | N89: =SUM(N75:N88) -> 5011 | O89: =SUM(O75:O88) -> 5123.7 | P89: =SUM(M89:O89)/3 -> 5081.7667 | Q89: =P89*90 -> 457359 | R89: =SUM(R75:R88) -> 5152.7 | S89: =SUM(S75:S88) -> 5069.8 | T89: =SUM(T75:T88) -> 5042.3 | U89: =SUM(R89:T89)/3 -> 5088.2667 | V89: =U89*91 -> 463032.27 | W89: =SUM(C89+D89+E89+H89+I89+J89+M89+N89+O89+R89+S89+T89)/12 -> 5037.8233 | X89: =SUM(X75:X88) -> 1838805.5
A90: Other | I90: .
A91: CRC's | B91: 839 | C91: 779.06 | D91: 776.29 | E91: 789.97 | F91: =SUM(C91:E91)/3 -> 781.77333 | G91: =F91*92 -> 71923.147 | H91: 756.94 | I91: 766.6 | J91: 741.45 | K91: =SUM(H91:J91)/3 -> 754.99667 | L91: =K91*92 -> 69459.693 | M91: 742.32 | N91: 764 | O91: 776.68 | P91: =SUM(M91:O91)/3 -> 761 | Q91: =P91*90 -> 68490 | R91: 753.07 | S91: 741.45 | T91: 739.17 | U91: =SUM(R91:T91)/3 -> 744.56333 | V91: =U91*91 -> 67755.263 | W91: =SUM(C91+D91+E91+H91+I91+J91+M91+N91+O91+R91+S91+T91)/12 -> 760.58333 | X91: =W91*365 -> 277612.92
A92: CRC Offender Supervision | B92: 35 | C92: 9.94 | D92: 10 | E92: 10.5 | F92: =SUM(C92:E92)/3 -> 10.146667 | G92: =F92*92 -> 933.49333 | H92: 10 | I92: =10+0.37 -> 10.37 | J92: =1+9.13 -> 10.13 | K92: =SUM(H92:J92)/3 -> 10.166667 | L92: =K92*92 -> 935.33333 | M92: =1+11.71 -> 12.71 | N92: =1+11.32 -> 12.32 | O92: =1+10.55 -> 11.55 | P92: =SUM(M92:O92)/3 -> 12.193333 | Q92: =P92*90 -> 1097.4 | R92: =1+11 -> 12 | S92: =1+11 -> 12 | T92: =0.43+11 -> 11.43 | U92: =SUM(R92:T92)/3 -> 11.81 | V92: =U92*91 -> 1074.71 | W92: =SUM(C92+D92+E92+H92+I92+J92+M92+N92+O92+R92+S92+T92)/12 -> 11.079167 | X92: =W92*365 -> 4043.8958
A93: Treatment Beds | B93: 26 | C93: 17 | D93: 19 | E93: 18 | F93: =SUM(C93:E93)/3 -> 18 | G93: =F93*92 -> 1656 | H93: 17 | I93: 18 | J93: 19 | K93: =SUM(H93:J93)/3 -> 18 | L93: =K93*92 -> 1656 | M93: 33 | N93: 26 | O93: 11 | P93: =SUM(M93:O93)/3 -> 23.333333 | Q93: =P93*90 -> 2100 | R93: 11 | S93: 14 | T93: 15 | U93: =SUM(R93:T93)/3 -> 13.333333 | V93: =U93*91 -> 1213.3333 | W93: =SUM(C93+D93+E93+H93+I93+J93+M93+N93+O93+R93+S93+T93)/12 -> 18.166667 | X93: =W93*365 -> 6630.8333
A94: Electronic Monitoring | B94: n/a | C94: 345 | D94: 350 | E94: 355 | F94: =SUM(C94:E94)/3 -> 350 | G94: =F94*92 -> 32200 | H94: 381 | I94: 372 | J94: 371 | K94: =SUM(H94:J94)/3 -> 374.66667 | L94: =K94*92 -> 34469.333 | M94: 375 | N94: 394 | O94: 403 | P94: =SUM(M94:O94)/3 -> 390.66667 | Q94: =P94*90 -> 35160 | R94: 422 | S94: 435 | T94: 431 | U94: =SUM(R94:T94)/3 -> 429.33333 | V94: =U94*91 -> 39069.333 | W94: =SUM(C94+D94+E94+H94+I94+J94+M94+N94+O94+R94+S94+T94)/12 -> 386.16667 | X94: =W94*365 -> 140950.83
A95: Colorado | B95: 1050 | C95: 331 | D95: 327 | E95: 242 | F95: =SUM(C95:E95)/3 -> 300 | G95: =F95*92 -> 27600 | H95: 0 | I95: 0 | J95: 0 | K95: =SUM(H95:J95)/3 -> 0 | L95: =K95*92 -> 0 | M95: 0 | N95: 0 | O95: 0 | P95: =SUM(M95:O95)/3 -> 0 | Q95: =P95*90 -> 0 | R95: 0 | S95: 0 | T95: 0 | U95: =SUM(R95:T95)/3 -> 0 | V95: =U95*91 -> 0 | W95: =SUM(C95+D95+E95+H95+I95+J95+M95+N95+O95+R95+S95+T95)/12 -> 75 | X95: =W95*365 -> 27375
A96: Other Out Of State | B96: n/a | C96: 16 | D96: 16 | E96: 16 | F96: =SUM(C96:E96)/3 -> 16 | G96: =F96*92 -> 1472 | H96: 15 | I96: 15 | J96: 15 | K96: =SUM(H96:J96)/3 -> 15 | L96: =K96*92 -> 1380 | M96: 15 | N96: 15 | O96: 16 | P96: =SUM(M96:O96)/3 -> 15.333333 | Q96: =P96*90 -> 1380 | R96: 16 | S96: 15 | T96: 15 | U96: =SUM(R96:T96)/3 -> 15.333333 | V96: =U96*91 -> 1395.3333 | W96: =SUM(C96+D96+E96+H96+I96+J96+M96+N96+O96+R96+S96+T96)/12 -> 15.416667 | X96: =W96*365 -> 5627.0833
A97: TOTAL OTHER | C97: =SUM(C91:C96) -> 1498 | D97: =SUM(D91:D96) -> 1498.29 | E97: =SUM(E91:E96) -> 1431.47 | F97: =SUM(C97:E97)/3 -> 1475.92 | G97: =F97*92 -> 135784.64 | H97: =SUM(H91:H96) -> 1179.94 | I97: =SUM(I91:I96) -> 1181.97 | J97: =SUM(J91:J96) -> 1156.58 | K97: =SUM(H97:J97)/3 -> 1172.83 | L97: =K97*92 -> 107900.36 | M97: =SUM(M91:M96) -> 1178.03 | N97: =SUM(N91:N96) -> 1211.32 | O97: =SUM(O91:O96) -> 1218.23 | P97: =SUM(M97:O97)/3 -> 1202.5267 | Q97: =P97*90 -> 108227.4 | R97: =SUM(R91:R96) -> 1214.07 | S97: =SUM(S91:S96) -> 1217.45 | T97: =SUM(T91:T96) -> 1211.6 | U97: =SUM(R97:T97)/3 -> 1214.3733 | V97: =U97*91 -> 110507.97 | W97: =SUM(W91:W96) -> 1266.4125 | X97: =SUM(X91:X96) -> 462240.56
A98: GRAND TOTAL | C98: =C89+C97 -> 6206.96 | D98: =D89+D97 -> 6294.27 | E98: =E89+E97 -> 6384.39 | F98: =F89+F97 -> 6295.2067 | G98: =SUM(G89+G97) -> 579159.01 | H98: =H89+H97 -> 6404.11 | I98: =I89+I97 -> 6356.29 | J98: =J89+J97 -> 6244.01 | K98: =SUM(H98:J98)/3 -> 6334.8033 | L98: =SUM(L89+L97) -> 582801.91 | M98: =M89+M97 -> 6288.63 | N98: =N89+N97 -> 6222.32 | O98: =O89+O97 -> 6341.93 | P98: =SUM(M98:O98)/3 -> 6284.2933 | Q98: =SUM(Q89+Q97) -> 565586.4 | R98: =R89+R97 -> 6366.77 | S98: =S89+S97 -> 6287.25 | T98: =T89+T97 -> 6253.9 | U98: =SUM(R98:T98)/3 -> 6302.64 | V98: =SUM(V89+V97) -> 573540.24 | W98: =W89+W97 -> 6304.2358 | X98: =X89+X97 -> 2301046.1
A99: *GCCC Beds ramp-up to 1480 by June 30
A100: *ACCE & ACCW combined totals for FY14
A102: ANNUAL TOTAL MANDAYS
A103: FY13 | B103: AVERAGE DAILY INMATE POPULATION
B104: Capacity | F104: AVERAGE QTRLY | G104: Total Quarterly Mandays | K104: AVERAGE QTRLY | L104: Total Quarterly Mandays | P104: AVERAGE QTRLY | Q104: Total Quarterly Mandays | U104: AVERAGE QTRLY | V104: Total Quarterly Mandays | W104: ANNUAL AVERAGE DAILY POPULATION | X104: ANNUAL TOTAL MANDAYS
A105: Institutions | B105: GEN/Max | C105: 41091 | D105: 41122 | E105: 41153 | H105: 41183 | I105: 41214 | J105: 41244 | M105: 41275 | N105: 41306 | O105: 41334 | R105: 41365 | S105: 41395 | T105: 41426
A106: Anchorage Complex | B106: 863./829 | C106: 921.84 | D106: 874.39 | E106: 884.74 | F106: =SUM(C106:E106)/3 -> 893.65667 | G106: =F106*92 -> 82216.413 | H106: 860.03 | I106: 866.27 | J106: 859.7 | K106: =SUM(H106:J106)/3 -> 862 | L106: =K106*92 -> 79304 | M106: 900.52 | N106: 908.54 | O106: 879.87 | P106: =SUM(M106:O106)/3 -> 896.31 | Q106: =P106*90 -> 80667.9 | R106: 907.7 | S106: 898.9 | T106: 914.4 | U106: =SUM(R106:T106)/3 -> 907 | V106: =U106*91 -> 82537 | W106: =SUM(C106+D106+E106+H106+I106+J106+M106+N106+O106+R106+S106+T106)/12 -> 889.74167 | X106: =W106*365 -> 324755.71
...

Sheet CRC Avg Info by FY
A1: COMMUNITY RESIDENTIAL CENTERS | B1: FY2016 AVERAGE YEAR TO DATE INMATE POPULATION | N1: ANNUAL AVERAGE POPULATION | O1: FY2004 ANNUAL TOTAL MANDAYS
B2: 42194 | C2: 42225 | D2: 42256 | E2: 42286 | F2: 42317 | G2: 42347 | H2: 42378 | I2: 42409 | J2: 42438 | K2: 42469 | L2: 42499 | M2: 42530
A3: Community Residential Centers | B3: ='Qtrly''s-Cntsht Book'!D21 -> 672.81 | C3: ='Qtrly''s-Cntsht Book'!E21 -> 677.1 | D3: ='Qtrly''s-Cntsht Book'!F21 -> 681.9 | E3: ='Qtrly''s-Cntsht Book'!I21 -> 648 | F3: ='Qtrly''s-Cntsht Book'!J21 -> 633.63 | G3: ='Qtrly''s-Cntsht Book'!K21 -> 647.29 | H3: ='Qtrly''s-Cntsht Book'!N21 -> 625.64 | I3: ='Qtrly''s-Cntsht Book'!O21 -> 607.83 | J3: ='Qtrly''s-Cntsht Book'!P21 -> 650 | K3: ='Qtrly''s-Cntsht Book'!S21 -> 627.2 | L3: ='Qtrly''s-Cntsht Book'!T21 -> 587.65 | M3: ='Qtrly''s-Cntsht Book'!U21 -> 561.73 | N3: =SUM(B3:M3)/12 -> 635.065 | O3: ='Qtrly''s-Cntsht Book'!Y21 -> 231798.72
A5: COMMUNITY RESIDENTIAL CENTERS | B5: FY2015 AVERAGE YEAR TO DATE INMATE POPULATION | N5: ANNUAL AVERAGE POPULATION | O5: FY2004 ANNUAL TOTAL MANDAYS
B6: 41829 | C6: 41860 | D6: 41891 | E6: 41921 | F6: 41952 | G6: 41982 | H6: 42013 | I6: 42044 | J6: 42072 | K6: 42103 | L6: 42133 | M6: 42164
A7: Community Residential Centers | B7: ='Qtrly''s-Cntsht Book'!C57 -> 739.16 | C7: ='Qtrly''s-Cntsht Book'!D57 -> 734 | D7: ='Qtrly''s-Cntsht Book'!E57 -> 727.13 | E7: ='Qtrly''s-Cntsht Book'!H57 -> 708.87 | F7: ='Qtrly''s-Cntsht Book'!I57 -> 686.93 | G7: ='Qtrly''s-Cntsht Book'!J57 -> 643 | H7: ='Qtrly''s-Cntsht Book'!M57 -> 633.03 | I7: ='Qtrly''s-Cntsht Book'!N57 -> 647 | J7: ='Qtrly''s-Cntsht Book'!O57 -> 708.84 | K7: ='Qtrly''s-Cntsht Book'!R57 -> 694.6 | L7: ='Qtrly''s-Cntsht Book'!S57 -> 682.87 | M7: ='Qtrly''s-Cntsht Book'!T57 -> 683.07 | N7: =SUM(B7:M7)/12 -> 690.70833 | O7: ='Qtrly''s-Cntsht Book'!X57 -> 252108.54
A9: COMMUNITY RESIDENTIAL CENTERS | B9: FY2014 AVERAGE YEAR TO DATE INMATE POPULATION | N9: ANNUAL AVERAGE POPULATION | O9: FY2004 ANNUAL TOTAL MANDAYS
B10: 41464 | C10: 41495 | D10: 41526 | E10: 41556 | F10: 41587 | G10: 41617 | H10: 41648 | I10: 41679 | J10: 41707 | K10: 41738 | L10: 41768 | M10: 41799
A11: Community Residential Centers | B11: ='Qtrly''s-Cntsht Book'!C91 -> 779.06 | C11: ='Qtrly''s-Cntsht Book'!D91 -> 776.29 | D11: ='Qtrly''s-Cntsht Book'!E91 -> 789.97 | E11: ='Qtrly''s-Cntsht Book'!H91 -> 756.94 | F11: ='Qtrly''s-Cntsht Book'!I91 -> 766.6 | G11: ='Qtrly''s-Cntsht Book'!J91 -> 741.45 | H11: ='Qtrly''s-Cntsht Book'!M91 -> 742.32 | I11: ='Qtrly''s-Cntsht Book'!N91 -> 764 | J11: ='Qtrly''s-Cntsht Book'!O91 -> 776.68 | K11: ='Qtrly''s-Cntsht Book'!R91 -> 753.07 | L11: ='Qtrly''s-Cntsht Book'!S91 -> 741.45 | M11: ='Qtrly''s-Cntsht Book'!T91 -> 739.17 | N11: =SUM(B11:M11)/12 -> 760.58333 | O11: ='Qtrly''s-Cntsht Book'!X91 -> 277612.92
A13: COMMUNITY RESIDENTIAL CENTERS | B13: FY2013 AVERAGE YEAR TO DATE INMATE POPULATION | N13: ANNUAL AVERAGE POPULATION | O13: FY2004 ANNUAL TOTAL MANDAYS
B14: 41099 | C14: 41130 | D14: 41161 | E14: 41191 | F14: 41222 | G14: 41252 | H14: 41283 | I14: 41314 | J14: 41342 | K14: 41373 | L14: 41403 | M14: 41434
A15: Community Residential Centers | B15: ='Qtrly''s-Cntsht Book'!C122 -> 750.68 | C15: ='Qtrly''s-Cntsht Book'!D122 -> 754.87 | D15: ='Qtrly''s-Cntsht Book'!E122 -> 733.8 | E15: ='Qtrly''s-Cntsht Book'!H122 -> 732.16 | F15: ='Qtrly''s-Cntsht Book'!I122 -> 769.5 | G15: ='Qtrly''s-Cntsht Book'!J122 -> 753 | H15: ='Qtrly''s-Cntsht Book'!M122 -> 762.26 | I15: ='Qtrly''s-Cntsht Book'!N122 -> 778.68 | J15: ='Qtrly''s-Cntsht Book'!O122 -> 781.61 | K15: ='Qtrly''s-Cntsht Book'!R122 -> 765.3 | L15: ='Qtrly''s-Cntsht Book'!S122 -> 756.16 | M15: ='Qtrly''s-Cntsht Book'!T122 -> 771.93 | N15: =SUM(B15:M15)/12 -> 759.1625 | O15: ='Qtrly''s-Cntsht Book'!X122 -> 277094.31
A17: COMMUNITY RESIDENTIAL CENTERS | B17: FY2012 AVERAGE YEAR TO DATE INMATE POPULATION | N17: ANNUAL AVERAGE POPULATION | O17: FY2004 ANNUAL TOTAL MANDAYS
B18: 40733 | C18: 40764 | D18: 40795 | E18: 40825 | F18: 40856 | G18: 40886 | H18: 40917 | I18: 40948 | J18: 40977 | K18: 41008 | L18: 41038 | M18: 41069
A19: Community Residential Centers | B19: ='Qtrly''s-Cntsht Book'!C154 -> 740 | C19: ='Qtrly''s-Cntsht Book'!D154 -> 749.84 | D19: ='Qtrly''s-Cntsht Book'!E154 -> 737.57 | E19: ='Qtrly''s-Cntsht Book'!H154 -> 743 | F19: ='Qtrly''s-Cntsht Book'!I154 -> 733.03 | G19: ='Qtrly''s-Cntsht Book'!J154 -> 738 | H19: ='Qtrly''s-Cntsht Book'!M154 -> 727.32 | I19: ='Qtrly''s-Cntsht Book'!N154 -> 744.34 | J19: ='Qtrly''s-Cntsht Book'!O154 -> 748.45 | K19: ='Qtrly''s-Cntsht Book'!R154 -> 744.97 | L19: ='Qtrly''s-Cntsht Book'!S154 -> 744.97 | M19: ='Qtrly''s-Cntsht Book'!T154 -> 740.87 | N19: =SUM(B19:M19)/12 -> 741.03 | O19: ='Qtrly''s-Cntsht Book'!X154 -> 271216.98
A21: COMMUNITY RESIDENTIAL CENTERS | B21: FY2011 AVERAGE YEAR TO DATE INMATE POPULATION | N21: ANNUAL AVERAGE POPULATION | O21: FY2004 ANNUAL TOTAL MANDAYS
B22: 40368 | C22: 40399 | D22: 40430 | E22: 40460 | F22: 40491 | G22: 40521 | H22: 40552 | I22: 40583 | J22: 40611 | K22: 40642 | L22: 40672 | M22: 40703
A23: Community Residential Centers | B23: ='Qtrly''s-Cntsht Book'!C183 -> 734.97 | C23: ='Qtrly''s-Cntsht Book'!D183 -> 733.74 | D23: ='Qtrly''s-Cntsht Book'!E183 -> 732.27 | E23: ='Qtrly''s-Cntsht Book'!H183 -> 737.87 | F23: ='Qtrly''s-Cntsht Book'!I183 -> 714 | G23: ='Qtrly''s-Cntsht Book'!J183 -> 713.77 | H23: ='Qtrly''s-Cntsht Book'!M183 -> 723.81 | I23: ='Qtrly''s-Cntsht Book'!N183 -> 730.89 | J23: ='Qtrly''s-Cntsht Book'!O183 -> 737.55 | K23: ='Qtrly''s-Cntsht Book'!R183 -> 751 | L23: ='Qtrly''s-Cntsht Book'!S183 -> 719.4 | M23: ='Qtrly''s-Cntsht Book'!T183 -> 754 | N23: =SUM(B23:M23)/12 -> 731.93917 | O23: ='Qtrly''s-Cntsht Book'!X183 -> 267157.8
A25: COMMUNITY RESIDENTIAL CENTERS | B25: FY2010 AVERAGE YEAR TO DATE INMATE POPULATION | N25: ANNUAL AVERAGE POPULATION | O25: FY2004 ANNUAL TOTAL MANDAYS
B26: 40003 | C26: 40034 | D26: 40065 | E26: 40095 | F26: 40126 | G26: 40156 | H26: 40179 | I26: 40210 | J26: 40238 | K26: 40269 | L26: 40299 | M26: 40330
A27: Community Residential Centers | B27: ='Qtrly''s-Cntsht Book'!C213 -> 688 | C27: ='Qtrly''s-Cntsht Book'!D213 -> 706 | D27: ='Qtrly''s-Cntsht Book'!E213 -> 719 | E27: ='Qtrly''s-Cntsht Book'!H213 -> 718.35 | F27: ='Qtrly''s-Cntsht Book'!I213 -> 722 | G27: ='Qtrly''s-Cntsht Book'!J213 -> 698.06 | H27: ='Qtrly''s-Cntsht Book'!M213 -> 708.45 | I27: ='Qtrly''s-Cntsht Book'!N213 -> 729.86 | J27: ='Qtrly''s-Cntsht Book'!O213 -> 725.58 | K27: ='Qtrly''s-Cntsht Book'!R213 -> 736.43 | L27: ='Qtrly''s-Cntsht Book'!S213 -> 737.19 | M27: ='Qtrly''s-Cntsht Book'!T213 -> 743.2 | N27: =SUM(B27:M27)/12 -> 719.34333 | O27: ='Qtrly''s-Cntsht Book'!$X$213 -> 262560.32
A29: COMMUNITY RESIDENTIAL CENTERS | B29: FY2009 AVERAGE YEAR TO DATE INMATE POPULATION | N29: ANNUAL AVERAGE POPULATION | O29: FY2004 ANNUAL TOTAL MANDAYS
B30: 39630 | C30: 39661 | D30: 39692 | E30: 39722 | F30: 39753 | G30: 39783 | H30: 39822 | I30: 39853 | J30: 39881 | K30: 39912 | L30: 39934 | M30: 39973
A31: Community Residential Centers | B31: ='Qtrly''s-Cntsht Book'!C243 -> 633 | C31: ='Qtrly''s-Cntsht Book'!D243 -> 646 | D31: ='Qtrly''s-Cntsht Book'!E243 -> 654 | E31: ='Qtrly''s-Cntsht Book'!H243 -> 652 | F31: ='Qtrly''s-Cntsht Book'!I243 -> 653 | G31: ='Qtrly''s-Cntsht Book'!J243 -> 649 | H31: ='Qtrly''s-Cntsht Book'!M243 -> 704 | I31: ='Qtrly''s-Cntsht Book'!N243 -> 702 | J31: ='Qtrly''s-Cntsht Book'!O243 -> 712 | K31: ='Qtrly''s-Cntsht Book'!R243 -> 697 | L31: ='Qtrly''s-Cntsht Book'!S243 -> 687 | M31: ='Qtrly''s-Cntsht Book'!T243 -> 689 | N31: =SUM(B31:M31)/12 -> 673.16667 | O31: ='Qtrly''s-Cntsht Book'!$X$243 -> 245705.83
A33: COMMUNITY RESIDENTIAL CENTERS | B33: FY2008 AVERAGE YEAR TO DATE INMATE POPULATION | N33: ANNUAL AVERAGE POPULATION | O33: FY2004 ANNUAL TOTAL MANDAYS
B34: 39264 | C34: 39295 | D34: 39326 | E34: 39356 | F34: 39387 | G34: 39417 | H34: 39448 | I34: 39479 | J34: 39508 | K34: 39539 | L34: 39569 | M34: 39600
A35: Community Residential Centers | B35: 546 | C35: 550 | D35: 604 | E35: 624 | F35: 648 | G35: 622 | H35: 637 | I35: 647 | J35: 630 | K35: 629 | L35: 612 | M35: 609 | N35: =SUM(B35:M35)/12 -> 613.16667 | O35: ='Qtrly''s-Cntsht Book'!$X$273 -> 224419
A37: COMMUNITY RESIDENTIAL CENTERS | B37: FY2007 AVERAGE YEAR TO DATE INMATE POPULATION | N37: ANNUAL AVERAGE POPULATION | O37: FY2004 ANNUAL TOTAL MANDAYS
B38: 38899 | C38: 38930 | D38: 38961 | E38: 38991 | F38: 39022 | G38: 39052 | H38: 39083 | I38: 39114 | J38: 39142 | K38: 39173 | L38: 39203 | M38: 39234
A39: Community Residential Centers | B39: 507 | C39: 509 | D39: 517 | E39: 505 | F39: 510 | G39: 477 | H39: 511 | I39: 533 | J39: 523 | K39: 536 | L39: 531 | M39: 531 | N39: =SUM(B39:M39)/12 -> 515.83333 | O39: ='Qtrly''s-Cntsht Book'!$X$303 -> 188279.17
A41: COMMUNITY RESIDENTIAL CENTERS | B41: FY2006 AVERAGE YEAR TO DATE INMATE POPULATION | N41: ANNUAL AVERAGE POPULATION | O41: FY2004 ANNUAL TOTAL MANDAYS
B42: 38538 | C42: 38569 | D42: 38600 | E42: 38630 | F42: 38661 | G42: 38691 | H42: 38718 | I42: 38749 | J42: 38777 | K42: 38808 | L42: 38838 | M42: 38869
A43: Community Residential Centers | B43: 615 | C43: 614 | D43: 622 | E43: 671 | F43: 640 | G43: 580 | H43: 607 | I43: 617 | J43: 610 | K43: 639 | L43: 636 | M43: 543 | N43: =SUM(B43:M43)/12 -> 616.16667 | O43: ='Qtrly''s-Cntsht Book'!$X$333 -> 224900.83
A45: COMMUNITY RESIDENTIAL CENTERS | B45: FY2005 AVERAGE YEAR TO DATE INMATE POPULATION | N45: ANNUAL AVERAGE POPULATION | O45: FY2004 ANNUAL TOTAL MANDAYS
B46: 38169 | C46: 38200 | D46: 38231 | E46: 38261 | F46: 38292 | G46: 38322 | H46: 38353 | I46: 38384 | J46: 38412 | K46: 38443 | L46: 38473 | M46: 38504
A47: Community Residential Centers | B47: 636 | C47: 646 | D47: 644 | E47: 674 | F47: 652 | G47: 631 | H47: 641 | I47: 685 | J47: 653 | K47: 622 | L47: 612 | M47: 617 | N47: =SUM(B47:M47)/12 -> 642.75 | O47: ='Qtrly''s-Cntsht Book'!$X$363 -> 234603.75
A49: COMMUNITY RESIDENTIAL CENTERS | B49: FY2004 AVERAGE YEAR TO DATE INMATE POPULATION | N49: ANNUAL AVERAGE POPULATION | O49: FY2003 ANNUAL TOTAL MANDAYS
B50: 37803 | C50: 37834 | D50: 37865 | E50: 37895 | F50: 37926 | G50: 37956 | H50: 37987 | I50: 38018 | J50: 38047 | K50: 38078 | L50: 38108 | M50: 38139
A51: Community Residential Centers | B51: 668 | C51: 661 | D51: 682 | E51: 685 | F51: 686 | G51: 683 | H51: 696 | I51: 707 | J51: 705 | K51: 688 | L51: 684 | M51: 619 | N51: =SUM(B51:M51)/12 -> 680.33333 | O51: ='Qtrly''s-Cntsht Book'!$X$397 -> 248321.67
A53: COMMUNITY RESIDENTIAL CENTERS | B53: FY2003 AVERAGE YEAR TO DATE INMATE POPULATION | N53: ANNUAL AVERAGE POPULATION | O53: FY2003 ANNUAL TOTAL MANDAYS
B54: 37438 | C54: 37469 | D54: 37500 | E54: 37530 | F54: 37561 | G54: 37591 | H54: 37624 | I54: 37655 | J54: 37683 | K54: 37714 | L54: 37744 | M54: 37775
A55: Community Residential Centers | B55: 686 | C55: 686 | D55: 603 | E55: 700 | F55: 705 | G55: 686 | H55: 709 | I55: 709 | J55: 704 | K55: 688 | L55: 690 | M55: 688 | N55: =SUM(B55:M55)/12 -> 687.83333 | O55: ='Qtrly''s-Cntsht Book'!$X$427 -> 251120
A57: COMMUNITY RESIDENTIAL CENTERS | B57: FY2002 AVERAGE YEAR TO DATE INMATE POPULATION | N57: ANNUAL AVERAGE POPULATION | O57: FY2002 ANNUAL TOTAL MANDAYS
B58: 37073 | C58: 37104 | D58: 37135 | E58: 37165 | F58: 37196 | G58: 37226 | H58: 37258 | I58: 37289 | J58: 37317 | K58: 37348 | L58: 37378 | M58: 37409
A59: Community Residential Centers | B59: 680 | C59: 686 | D59: 693 | E59: 706 | F59: 703 | G59: 675 | H59: 669 | I59: 682 | J59: 693 | K59: 686 | L59: 707 | M59: 698 | N59: =SUM(B59:M59)/12 -> 689.83333 | O59: =N59*365 -> 251789.17
A61: COMMUNITY RESIDENTIAL CENTERS | B61: FY2001 AVERAGE YEAR TO DATE INMATE POPULATION | N61: ANNUAL AVERAGE POPULATION | O61: FY2001 ANNUAL TOTAL MANDAYS
B62: 36708 | C62: 36739 | D62: 36770 | E62: 36800 | F62: 36831 | G62: 36861 | H62: 36892 | I62: 36923 | J62: 36951 | K62: 36982 | L62: 37012 | M62: 37043
A63: Community Residential Centers | B63: 639 | C63: 633 | D63: 660 | E63: 675 | F63: 683 | G63: 653 | H63: 669 | I63: 675 | J63: 643 | K63: 669 | L63: 679 | M63: 662 | N63: =SUM(B63:M63)/12 -> 661.66667 | O63: =N63*365 -> 241508.33
A65: COMMUNITY RESIDENTIAL CENTERS | B65: FY2000 AVERAGE YEAR TO DATE INMATE POPULATION | N65: ANNUAL AVERAGE POPULATION | O65: FY2000 ANNUAL TOTAL MANDAYS
B66: 36342 | C66: 36373 | D66: 36404 | E66: 36434 | F66: 36465 | G66: 36495 | H66: 36526 | I66: 36557 | J66: 36586 | K66: 36617 | L66: 36647 | M66: 36678
A67: Community Residential Centers | B67: 618 | C67: 629 | D67: 677 | E67: 684 | F67: 683 | G67: 635 | H67: 630 | I67: 663 | J67: 669 | K67: 684 | L67: 662 | M67: 645 | N67: =SUM(B67:M67)/12 -> 656.58333 | O67: 239653
A69: COMMUNITY RESIDENTIAL CENTERS | B69: FY1999 AVERAGE YEAR TO DATE INMATE POPULATION | N69: ANNUAL AVERAGE DAILY POPULATION | O69: FY1999 ANNUAL TOTAL MANDAYS
B70: 35977 | C70: 36008 | D70: 36039 | E70: 36069 | F70: 36100 | G70: 36130 | H70: 36161 | I70: 36192 | J70: 36220 | K70: 36251 | L70: 36281 | M70: 36312
A71: Community Residential Centers | B71: 670 | C71: 626 | D71: 674 | E71: 634 | F71: 627 | G71: 625 | H71: 647 | I71: 657 | J71: 644 | K71: 658 | L71: 660 | M71: 617 | N71: =SUM(B71:M71)/12 -> 644.91667 | O71: =N71*365 -> 235394.58
A73: COMMUNITY RESIDENTIAL CENTERS | B73: FY1998 AVERAGE YEAR TO DATE INMATE POPULATION | N73: ANNUAL AVERAGE DAILY POPULATION | O73: FY1999 ANNUAL TOTAL MANDAYS
B74: 35612 | C74: 35643 | D74: 35674 | E74: 35704 | F74: 35735 | G74: 35765 | H74: 35796 | I74: 35827 | J74: 35855 | K74: 35886 | L74: 35916 | M74: 35947
A75: Community Residential Centers | B75: 543 | C75: 548 | D75: 574 | E75: 616 | F75: 623 | G75: 606 | H75: 621 | I75: 633 | J75: 640 | K75: 666 | L75: 671 | M75: 664 | N75: =SUM(B75:M75)/12 -> 617.08333 | O75: 225205

Sheet COC 2014-2017 COMPARISON
A1: Institutions | B1: 2002 COC | C1: Mandays | D1: Total | F1: 2003 COC | G1: Mandays | H1: Total | I1: 2004 COC | J1: Mandays | K1: Total | L1: 2005 COC | M1: Mandays | N1: Total | O1: 2006 COC | P1: Mandays | Q1: Total | R1: 2007 COC | S1: Mandays | T1: Total | U1: 2008 COC | V1: Mandays | W1: Total | X1: 2009 COC | Y1: Mandays | Z1: Total | AA1: 2010 COC | AB1: Mandays | AC1: Total | AD1: 2011 COC | AE1: Mandays | AF1: Total | AG1: 2012 COC | AH1: Mandays | AI1: Total | AJ1: 2013 COC | AK1: Mandays | AL1: Total | AM1: 2014 COC | AN1: Mandays | AO1: Total | AP1: 2015 COC | AQ1: Mandays | AR1: Total | AS1: 2016 COC | AT1: Mandays | AU1: Total | AV1: 2017 COC | AW1: Mandays | AX1: Total
A2: Anchorage Jail | B2: 4207448.5 | C2: 26754.5 | D2: 193.5088 | F2: 10007491 | G2: 144625.56 | H2: 106.85322 | I2: 10007491 | J2: 144540 | K2: 105.90032 | L2: 19164084 | M2: 297558 | N2: 99.915962 | O2: 19934909 | P2: 305007.38 | Q2: 95.644882 | R2: 22246649 | S2: 318750.85 | T2: 111.08691 | U2: 24224260 | V2: 353157 | W2: 109.64 | X2: 24473571 | Y2: 356416 | Z2: 109.02 | AA2: 24826079 | AB2: 311948 | AC2: 79.584031 | AD2: 25829995 | AE2: ='Qtrly''s-Cntsht Book'!X197+'Qtrly''s-Cntsht Book'!X199 -> 330692.43 | AF2: =AD2/AE2 -> 78.108816 | AG2: 26198323 | AH2: ='Qtrly''s-Cntsht Book'!X167+'Qtrly''s-Cntsht Book'!X169 -> 333964.35 | AI2: =AG2/AH2 -> 78.446466 | AJ2: 28150656 | AK2: ='Qtrly''s-Cntsht Book'!X138+'Qtrly''s-Cntsht Book'!X140 -> 331376.4 | AL2: =AJ2/AK2 -> 84.950697 | AM2: ='[1]BILLING RATE CALC'!C26 -> 29092189 | AN2: ='[1]Qtrly''s-Cntsht Book'!X5 -> 324755.71 | AO2: =AM2/AN2 -> 89.581763 | AP2: 29509517 | AQ2: 322976.94 | AR2: =AP2/AQ2 -> 91.367256 | AS2: 29681655 | AT2: 309788 | AU2: =AS2/AT2 -> 95.812797 | AV2: ='BILLING RATE CALC'!C26 -> 30526128 | AW2: ='BILLING RATE CALC'!D26 -> 301420.04 | AX2: =AV2/AW2 -> 101.27438
A3: Anvil Mt.CC | B3: 3827124.9 | C3: 36429.525 | D3: 141.30305 | F3: 3827124.9 | G3: 38165.586 | H3: 137.93421 | I3: 4077113.6 | J3: 38325 | K3: 143.0461 | L3: 4022696.3 | M3: 39162 | N3: 138.23081 | O3: 4453361.8 | P3: 40348.317 | Q3: 140.65903 | R3: 4921141.9 | S3: 42362.63 | T3: 157.46074 | U3: 5054874.1 | V3: 38831 | W3: 171.22 | X3: 5023661 | Y3: 42158 | Z3: 159.51 | AA3: 5044648.8 | AB3: 49993 | AC3: 100.9071 | AD3: 5649294.1 | AE3: ='Qtrly''s-Cntsht Book'!X198 -> 42563.258 | AF3: =AD3/AE3 -> 132.72701 | AG3: 5244350.9 | AH3: ='Qtrly''s-Cntsht Book'!X168 -> 41384.308 | AI3: =AG3/AH3 -> 126.72317 | AJ3: 6006266.8 | AK3: ='Qtrly''s-Cntsht Book'!X139 -> 44895.39 | AL3: =AJ3/AK3 -> 133.7836 | AM3: ='[1]BILLING RATE CALC'!$C$27 -> 6227254.8 | AN3: ='[1]Qtrly''s-Cntsht Book'!X6 -> 39533.454 | AO3: =AM3/AN3 -> 157.51861 | AP3: 6689614.8 | AQ3: 44782.458 | AR3: =AP3/AQ3 -> 149.38025 | AS3: 6383028.2 | AT3: 40920 | AU3: =AS3/AT3 -> 155.98798 | AV3: ='BILLING RATE CALC'!C27 -> 6451551 | AW3: ='BILLING RATE CALC'!D27 -> 40615.375 | AX3: =AV3/AW3 -> 158.84504
A4: Cook Inlet | B4: 9521144.6 | C4: 149163.33 | D4: 100.07779 | F4: 9472493.1 | G4: 139848.53 | H4: 105.3913 | I4: 9472493.1 | J4: 139795 | K4: 104.42302 | L4: * * * * * * * * * * * * | M4: * * * * * * * | N4: * * * * * * * | O4: * * * * * * * * * * * * | P4: * * * * * * * | Q4: * * * * * * * | R4: * * * * * * * * * * * * | S4: * * * * * * * | T4: * * * * * * * | U4: * * * * * * * * * * * * | V4: * * * * * * * | W4: * * * * * * * | X4: * * * * * * * * * * * * | Y4: * * * * * * * | Z4: * * * * * * * | AA4: * * * * * * * * * * * * | AB4: * * * * * * * | AC4: * * * * * * * | AD4: * * * * * * * * * * * * * * | AE4: * * * * * * * | AF4: * * * * * * * | AG4: * * * * * * * * * * * * | AH4: * * * * * * * * * * * * * * | AI4: * * * * * * * * * * * * * * | AJ4: * * * * * * * * * * * * * * | AK4: * * * * * * * * * * * * * | AM4: * * * * * * * * * * * * * * | AN4: * * * * * * * * * * * * * * | AP4: * * * * * * * * * * * * * * | AQ4: * * * * * * * * * * * * * * | AS4: * * * * * * * * * * * * * * | AT4: * * * * * * * * * * * * * * | AV4: * * * * * * * * * * * * * * | AW4: * * * * * * * * * * * * * *
A5: Fairbanks CC | B5: 6843374.9 | C5: 76108.583 | D5: 126.1634 | F5: 7166991.1 | G5: 76595.645 | H5: 131.22653 | I5: 7295965.3 | J5: 78110 | K5: 130.06943 | L5: 7181711 | M5: 77958 | N5: 127.63425 | O5: 8221892.4 | P5: 81829.35 | Q5: 130.76219 | R5: 8758697.8 | S5: 103600.08 | T5: 125.83703 | U5: 10231801 | V5: 101283 | W5: 142.06 | X5: 10195356 | Y5: 109736 | Z5: 133.26 | AA5: 9743301 | AB5: 94790 | AC5: 102.78828 | AD5: 10284011 | AE5: ='Qtrly''s-Cntsht Book'!X200 -> 107202.93 | AF5: =AD5/AE5 -> 95.930318 | AG5: 10008008 | AH5: ='Qtrly''s-Cntsht Book'!X170 -> 101125.68 | AI5: =AG5/AH5 -> 98.96604 | AJ5: 11263994 | AK5: ='Qtrly''s-Cntsht Book'!X141 -> 101981.63 | AL5: =AJ5/AK5 -> 110.45121 | AM5: ='[1]BILLING RATE CALC'!$C$28 -> 11724155 | AN5: ='[1]Qtrly''s-Cntsht Book'!X7 -> 103875.65 | AO5: =AM5/AN5 -> 112.86721 | AP5: 11577122 | AQ5: 100018.52 | AR5: =AP5/AQ5 -> 115.74978 | AS5: 11514594 | AT5: 98447 | AU5: =AS5/AT5 -> 116.96237 | AV5: ='BILLING RATE CALC'!C28 -> 11556642 | AW5: ='BILLING RATE CALC'!D28 -> 98918.042 | AX5: =AV5/AW5 -> 116.83048
A6: GCCC | U6: * * * * * * * * * * * * * * * * * * * * * * * * * * * * * * * * * * * * * * * * * * * * * * * * * * * * * * * * * * * * * * * * * * * * * * * * * * * * * * * * * * * * * * * * * * * * * * * * * * * * * * * * * * * * * * * * * * * * * * * * * * * * | X6: * * * * * * * * * * * * | Y6: * * * * * * * * * * * * | Z6: * * * * * * * * * * * * | AA6: * * * * * * * * * * * * | AB6: * * * * * * * * * * * * | AC6: * * * * * * * * * * * * | AD6: * * * * * * * * * * * * | AE6: * * * * * * * * * * * * | AF6: * * * * * * * * * * * * | AG6: * * * * * * * * * * * * | AH6: * * * * * * * * * * * * * * | AJ6: 0 | AK6: 0 | AL6: 0 | AM6: ='[1]BILLING RATE CALC'!C29 -> 25814893 | AN6: ='[1]Qtrly''s-Cntsht Book'!X8 -> 157039.43 | AO6: =AM6/AN6 -> 164.38479 | AP6: 46469735 | AQ6: 453733.33 | AR6: =AP6/AQ6 -> 102.4164 | AS6: 50543418 | AT6: 513138 | AU6: =AS6/AT6 -> 98.498684 | AV6: ='BILLING RATE CALC'!C29 -> 44848434 | AW6: ='BILLING RATE CALC'!D29 -> 459224.75 | AX6: =AV6/AW6 -> 97.661186
A7: Hiland Mt.CC | B7: 7142287.1 | C7: 105991.13 | D7: 103.63317 | F7: 7299380 | G7: 103376.09 | H7: 108.2673 | I7: 7299380 | J7: 103295 | K7: 107.32851 | L7: 7398555.7 | M7: 107970 | N7: 104.03561 | O7: 7697246.9 | P7: 113687.98 | Q7: 97.991127 | R7: 8564813.8 | S7: 122196.68 | T7: 111.38408 | U7: 9796565.5 | V7: 121011 | W7: 122 | X7: 9668374.5 | Y7: 140284 | Z7: 109.27 | AA7: 9905372.2 | AB7: 129251 | AC7: 76.636716 | AD7: 10581089 | AE7: ='Qtrly''s-Cntsht Book'!X201 -> 139120.66 | AF7: =AD7/AE7 -> 76.056916 | AG7: 10367304 | AH7: ='Qtrly''s-Cntsht Book'!X171 -> 146938.35 | AI7: =AG7/AH7 -> 70.555468 | AJ7: 11545267 | AK7: ='Qtrly''s-Cntsht Book'!X142 -> 151887.25 | AL7: =AJ7/AK7 -> 76.012088 | AM7: ='[1]BILLING RATE CALC'!$C$30 -> 12364905 | AN7: ='[1]Qtrly''s-Cntsht Book'!X9 -> 151855.21 | AO7: =AM7/AN7 -> 81.42562 | AP7: 12740802 | AQ7: 153873.96 | AR7: =AP7/AQ7 -> 82.800245 | AS7: 12664955 | AT7: 154684 | AU7: =AS7/AT7 -> 81.876311 | AV7: ='BILLING RATE CALC'!C30 -> 12729366 | AW7: ='BILLING RATE CALC'!D30 -> 135904.71 | AX7: =AV7/AW7 -> 93.663904
A8: Ketchikan CC | B8: 2759922.4 | C8: 20514.825 | D8: 170.78053 | F8: 2953749.7 | G8: 20327.367 | H8: 182.96637 | I8: 2953749.7 | J8: 20440 | K8: 181.17144 | L8: 2733184.2 | M8: 21594 | N8: 162.08289 | O8: 2914942.7 | P8: 23087.071 | Q8: 156.54477 | R8: 3148961.3 | S8: 23551.899 | T8: 174.99676 | U8: 3501265.6 | V8: 21658 | W8: 202.7 | X8: 3732359.2 | Y8: 21250 | Z8: 215.99 | AA8: 3618116.9 | AB8: 17189 | AC8: 210.49025 | AD8: 3935511.3 | AE8: ='Qtrly''s-Cntsht Book'!X202 -> 22008.04 | AF8: =AD8/AE8 -> 178.82153 | AG8: 4110405.2 | AH8: ='Qtrly''s-Cntsht Book'!X172 -> 23030.283 | AI8: =AG8/AH8 -> 178.47827 | AJ8: 4466229.4 | AK8: ='Qtrly''s-Cntsht Book'!X143 -> 23195.555 | AL8: =AJ8/AK8 -> 192.54678 | AM8: ='[1]BILLING RATE CALC'!$C$31 -> 4633129.2 | AN8: ='[1]Qtrly''s-Cntsht Book'!X10 -> 24554.462 | AO8: =AM8/AN8 -> 188.68787 | AP8: 4477204.5 | AQ8: 24480.246 | AR8: =AP8/AQ8 -> 182.8905 | AS8: 4520349.4 | AT8: 22995 | AU8: =AS8/AT8 -> 196.57967 | AV8: ='BILLING RATE CALC'!C31 -> 4646328.2 | AW8: ='BILLING RATE CALC'!D31 -> 19545.75 | AX8: =AV8/AW8 -> 237.71552
A9: Lemon Creek | B9: 5827761.4 | C9: 61079.708 | D9: 131.65986 | F9: 6041167.7 | G9: 60596.175 | H9: 137.35289 | I9: 6041167.7 | J9: 60590 | K9: 136.36883 | L9: 5955706.8 | M9: 61854 | N9: 131.79796 | O9: 6103915.2 | P9: 65060.946 | Q9: 124.10453 | R9: 6622278 | S9: 72068.946 | T9: 133.18178 | U9: 7491800.2 | V9: 70195 | W9: 147.77 | X9: 7881180.7 | Y9: 75821 | Z9: 144.29 | AA9: 7690593.2 | AB9: 73065 | AC9: 105.25687 | AD9: 8262094.6 | AE9: ='Qtrly''s-Cntsht Book'!X203 -> 77820.738 | AF9: =AD9/AE9 -> 106.16829 | AG9: 8336468.5 | AH9: ='Qtrly''s-Cntsht Book'!X173 -> 83881.562 | AI9: =AG9/AH9 -> 99.3838 | AJ9: 9182902.7 | AK9: ='Qtrly''s-Cntsht Book'!X144 -> 85682.125 | AL9: =AJ9/AK9 -> 107.17408 | AM9: ='[1]BILLING RATE CALC'!$C$32 -> 10184171 | AN9: ='[1]Qtrly''s-Cntsht Book'!X11 -> 87583.879 | AO9: =AM9/AN9 -> 116.27906 | AP9: 10195510 | AQ9: 87468.904 | AR9: =AP9/AQ9 -> 116.56154 | AS9: 10029719 | AT9: 86462 | AU9: =AS9/AT9 -> 116.00147 | AV9: ='BILLING RATE CALC'!C32 -> 9970901.7 | AW9: ='BILLING RATE CALC'!D32 -> 81647.458 | AX9: =AV9/AW9 -> 122.1214
A10: Mat-Su Pre-Trial | B10: 2699075.6 | C10: 30399.329 | D10: 125.03481 | F10: 2708207.8 | G10: 29603.234 | H10: 129.14087 | I10: 2708207.8 | J10: 29565 | K10: 128.26495 | L10: 2764083.2 | M10: 31842 | N10: 122.31763 | O10: 3048248.6 | P10: 34806.461 | Q10: 117.8632 | R10: 3317571.4 | S10: 36446.102 | T10: 132.32047 | U10: 3707178.2 | V10: 38410 | W10: 137.56 | X10: 3925122.1 | Y10: 41410 | Z10: 135.14 | AA10: 4091395.2 | AB10: 37712 | AC10: 108.49054 | AD10: 4241143.1 | AE10: ='Qtrly''s-Cntsht Book'!X204 -> 38900.118 | AF10: =AD10/AE10 -> 109.02648 | AG10: 4240361.4 | AH10: ='Qtrly''s-Cntsht Book'!X174 -> 37470.596 | AI10: =AG10/AH10 -> 113.16504 | AJ10: 4486136.9 | AK10: ='Qtrly''s-Cntsht Book'!X145 -> 35165.585 | AL10: =AJ10/AK10 -> 127.5718 | AM10: ='[1]BILLING RATE CALC'!$C$33 -> 4563023.1 | AN10: ='[1]Qtrly''s-Cntsht Book'!X12 -> 36967.504 | AO10: =AM10/AN10 -> 123.43336 | AP10: 4846980.1 | AQ10: 38009.275 | AR10: =AP10/AQ10 -> 127.52098 | AS10: 4898489.6 | AT10: 39000 | AU10: =AS10/AT10 -> 125.6023 | AV10: ='BILLING RATE CALC'!C33 -> 5095669.4 | AW10: ='BILLING RATE CALC'!D33 -> 36630.792 | AX10: =AV10/AW10 -> 139.10891
A11: Palmer CC | B11: 8207261.6 | C11: 143569.71 | D11: 93.413154 | F11: 8311351.2 | G11: 140173.08 | H11: 96.950848 | I11: 8311351.2 | J11: 140160 | K11: 95.96216 | L11: 8446993.7 | M11: 140544 | N11: 95.613558 | O11: 8922253.4 | P11: 143667.65 | Q11: 92.389534 | R11: 9956649.9 | S11: 148299.5 | T11: 108.43248 | U11: 10900064 | V11: 143253 | W11: 117.13 | X11: 11838881 | Y11: 152147 | Z11: 118.16 | AA11: 12051610 | AB11: 161728 | AC11: 74.517768 | AD11: 12507800 | AE11: ='Qtrly''s-Cntsht Book'!X205 -> 182553.53 | AF11: =AD11/AE11 -> 68.515795 | AG11: 12108369 | AH11: ='Qtrly''s-Cntsht Book'!X175 -> 183526.56 | AI11: =AG11/AH11 -> 65.97611 | AJ11: 13367393 | AK11: ='Qtrly''s-Cntsht Book'!X146 -> 183184.52 | AL11: =AJ11/AK11 -> 72.972282 | AM11: ='[1]BILLING RATE CALC'!$C$34 -> 13842070 | AN11: ='[1]Qtrly''s-Cntsht Book'!X13 -> 180001.88 | AO11: =AM11/AN11 -> 76.899587 | AP11: 13418699 | AQ11: 183310.91 | AR11: =AP11/AQ11 -> 73.201859 | AS11: 13350500 | AT11: 183534 | AU11: =AS11/AT11 -> 72.74129 | AV11: ='BILLING RATE CALC'!C34 -> 13075635 | AW11: ='BILLING RATE CALC'!D34 -> 180115.33 | AX11: =AV11/AW11 -> 72.595901
A12: Pt MacKenzie Farm | I12: 2330932.1 | J12: 34310 | K12: 104.60053 | L12: 2389598.3 | M12: 35136 | N12: 103.5214 | O12: 2644884.7 | P12: 35896.99 | Q12: 103.96595 | R12: 3089261.7 | S12: 35735.507 | T12: 127.74164 | U12: 3626206.7 | V12: 39250 | W12: 133.43 | X12: 3797182.2 | Y12: 44263 | Z12: 126.14 | AA12: 3906004.5 | AB12: 42940 | AC12: 90.964241 | AD12: 3769359.7 | AE12: ='Qtrly''s-Cntsht Book'!X206 -> 42361.596 | AF12: =AD12/AE12 -> 88.980588 | AG12: 3584193.9 | AH12: ='Qtrly''s-Cntsht Book'!X176 -> 43762.587 | AI12: =AG12/AH12 -> 81.900867 | AJ12: 3810247 | AK12: ='Qtrly''s-Cntsht Book'!X147 -> 40484.48 | AL12: =AJ12/AK12 -> 94.116238 | AM12: ='[1]BILLING RATE CALC'!$C$35 -> 2808343.9 | AN12: ='[1]Qtrly''s-Cntsht Book'!X14 -> 24092.129 | AO12: =AM12/AN12 -> 116.56686 | AP12: 3051517 | AQ12: 32252.008 | AR12: =AP12/AQ12 -> 94.61479 | AS12: 0 | AT12: 0 | AU12: 0 | AV12: ='BILLING RATE CALC'!C35 -> 206733.59 | AW12: ='BILLING RATE CALC'!D35 -> 1460 | AX12: 0
A13: Sixth Avenue | B13: 3419265.2 | C13: 31338.596 | D13: 145.35462 | F13: * * * * * * * * * * * | G13: * * * * * * * | H13: * * * * * * * | I13: * * * * * * * * * * * | J13: * * * * * * * | K13: * * * * * * * | L13: * * * * * * * * * * * | M13: * * * * * * * | N13: * * * * * * * | O13: * * * * * * * * * * * | P13: * * * * * * * | Q13: * * * * * * * | R13: * * * * * * * * * * * | S13: * * * * * * * | T13: * * * * * * * | U13: * * * * * * * * * * * | V13: * * * * * * * | W13: * * * * * * * | X13: * * * * * * * * * * * * | Y13: * * * * * * * | Z13: * * * * * * * | AA13: * * * * * * * * * * * * | AB13: * * * * * * * | AC13: * * * * * * * | AD13: * * * * * * * * * * * * | AE13: * * * * * * * | AF13: * * * * * * * | AG13: * * * * * * * * * * * * | AH13: * * * * * * * * * * * * * * | AI13: * * * * * * * | AJ13: * * * * * * * * * * * * | AK13: * * * * * * * | AL13: * * * * * * * | AM13: * * * * * * * * * * * * | AN13: * * * * * * * | AO13: * * * * * * * | AP13: * * * * * * * * * * * * | AQ13: * * * * * * * | AR13: * * * * * * * | AS13: * * * * * * * * * * * * | AT13: * * * * * * * | AU13: * * * * * * * | AV13: * * * * * * * * * * * * | AW13: * * * * * * * | AX13: * * * * * * *
A14: Spring Creek | B14: 13586190 | C14: 188029.75 | D14: 108.50299 | F14: 13814499 | G14: 174111.45 | H14: 117.00021 | I14: 13814499 | J14: 174105 | K14: 116.00893 | L14: 14201185 | M14: 177144 | N14: 115.67889 | O14: 15053553 | P14: 173736.05 | Q14: 116.93222 | R14: 16269860 | S14: 177677.44 | T14: 132.86333 | U14: 18421022 | V14: 172897 | W14: 147.59 | X14: 19526928 | Y14: 196419 | Z14: 139.76 | AA14: 19044803 | AB14: 195304 | AC14: 97.513637 | AD14: 20860193 | AE14: ='Qtrly''s-Cntsht Book'!X207 -> 200418.15 | AF14: =AD14/AE14 -> 104.08335 | AG14: 21259253 | AH14: ='Qtrly''s-Cntsht Book'!X177 -> 200520.05 | AI14: =AG14/AH14 -> 106.02058 | AJ14: 23701558 | AK14: ='Qtrly''s-Cntsht Book'!X148 -> 198029.48 | AL14: =AJ14/AK14 -> 119.68701 | AM14: ='[1]BILLING RATE CALC'!$C$36 -> 22076295 | AN14: ='[1]Qtrly''s-Cntsht Book'!X15 -> 126533.94 | AO14: =AM14/AN14 -> 174.46935 | AP14: 23895860 | AQ14: 168351.08 | AR14: =AP14/AQ14 -> 141.94064 | AS14: 21565442 | AT14: 192632 | AU14: =AS14/AT14 -> 111.9515 | AV14: ='BILLING RATE CALC'!C36 -> 22390189 | AW14: ='BILLING RATE CALC'!D36 -> 187704.29 | AX14: =AV14/AW14 -> 119.28437
A15: Wildwood CC | B15: 8134816.6 | C15: 130177.86 | D15: 98.73748 | F15: 8641325.7 | G15: 128241.29 | H15: 105.04069 | I15: 8641325.7 | J15: 128115 | K15: 104.11289 | L15: 8271519.8 | M15: 129930 | N15: 99.172782 | O15: 8861688.3 | P15: 129263.53 | Q15: 98.841315 | R15: 9695306.6 | S15: 134469.35 | T15: 113.39418 | U15: 10448269 | V15: 133648 | W15: 119.22 | X15: 10982562 | Y15: 136916 | Z15: 120.56 | AA15: 12067389 | AB15: 132834 | AC15: 90.845634 | AD15: 12779068 | AE15: ='Qtrly''s-Cntsht Book'!X208 -> 139381.94 | AF15: =AD15/AE15 -> 91.683817 | AG15: 12467852 | AH15: ='Qtrly''s-Cntsht Book'!X178 -> 146609.85 | AI15: =AG15/AH15 -> 85.04102 | AJ15: 14244441 | AK15: ='Qtrly''s-Cntsht Book'!X149 -> 157539.82 | AL15: =AJ15/AK15 -> 90.418036 | AM15: ='[1]BILLING RATE CALC'!$C$37 -> 15170339 | AN15: ='[1]Qtrly''s-Cntsht Book'!X16 -> 159604.77 | AO15: =AM15/AN15 -> 95.049412 | AP15: 15292805 | AQ15: 158056.86 | AR15: =AP15/AQ15 -> 96.755085 | AS15: 15360566 | AT15: 157342 | AU15: =AS15/AT15 -> 97.625341 | AV15: ='BILLING RATE CALC'!C37 -> 15004487 | AW15: ='BILLING RATE CALC'!D37 -> 146872.96 | AX15: =AV15/AW15 -> 102.15963
A16: YKCC | B16: 3868924.8 | C16: 35373.062 | D16: 145.62235 | F16: 4147309.4 | G16: 39512.345 | H16: 142.61973 | I16: 4147309.4 | J16: 39420 | K16: 141.87139 | L16: 4309167.8 | M16: 43920 | N16: 133.62545 | O16: 4247216.1 | P16: 41160.776 | Q16: 133.47211 | R16: 4428785.9 | S16: 42733.592 | T16: 144.93079 | U16: 4844664.5 | V16: 40962 | W16: 159.31 | X16: 5212389.8 | Y16: 39962 | Z16: 170.78 | AA16: 5636452.8 | AB16: 43264 | AC16: 130.28044 | AD16: 5676041.7 | AE16: ='Qtrly''s-Cntsht Book'!X209 -> 46919.837 | AF16: =AD16/AE16 -> 120.97317 | AG16: 5845332 | AH16: ='Qtrly''s-Cntsht Book'!X179 -> 57401.421 | AI16: =AG16/AH16 -> 101.83253 | AJ16: 7724430.6 | AK16: ='Qtrly''s-Cntsht Book'!X150 -> 56705.905 | AL16: =AJ16/AK16 -> 136.21916 | AM16: ='[1]BILLING RATE CALC'!$C$38 -> 8102930.7 | AN16: ='[1]Qtrly''s-Cntsht Book'!X17 -> 67399.683 | AO16: =AM16/AN16 -> 120.22209 | AP16: 8442685.9 | AQ16: 71491.029 | AR16: =AP16/AQ16 -> 118.09434 | AS16: 8305514 | AT16: 70503 | AU16: =AS16/AT16 -> 117.8037 | AV16: ='BILLING RATE CALC'!C38 -> 8415108.7 | AW16: ='BILLING RATE CALC'!D38 -> 67050.5 | AX16: =AV16/AW16 -> 125.50404
A17: Tents | B17: 165372.83 | C17: 5900.8333 | D17: 64.272798 | F17: 128974.18 | G17: 1520.8333 | H17: 122.4623 | I17: * * * * * * * * * * * | J17: * * * * * * * | K17: * * * * * * * | L17: * * * * * * * * * * * * | M17: * * * * * * * | N17: * * * * * * * | O17: * * * * * * * * * * * * | P17: * * * * * * * | Q17: * * * * * * * | R17: * * * * * * * * * * * * | S17: * * * * * * * | T17: * * * * * * * | U17: * * * * * * * * * * * * | V17: * * * * * * * | W17: * * * * * * * | X17: * * * * * * * * * * * * | Y17: * * * * * * * | Z17: * * * * * * * | AA17: * * * * * * * * * * * * | AB17: * * * * * * * | AC17: * * * * * * * | AD17: * * * * * * * * * * * * | AE17: * * * * * * * | AF17: * * * * * * * | AG17: * * * * * * * * * * * * | AH17: * * * * * * * * * * * * * * | AI17: * * * * * * * | AJ17: * * * * * * * * * * * * | AK17: * * * * * * * | AL17: * * * * * * * | AM17: * * * * * * * * * * * * | AN17: * * * * * * * | AO17: * * * * * * * | AP17: * * * * * * * * * * * * | AQ17: * * * * * * * | AR17: * * * * * * * | AS17: * * * * * * * * * * * * | AT17: * * * * * * * | AU17: * * * * * * * | AV17: * * * * * * * * * * * * | AW17: * * * * * * * | AX17: * * * * * * *
A18: Totals | B18: 80209970 | C18: 1040830.7 | D18: 113.31 | F18: 84520064 | G18: 1096697.2 | H18: 114.96 | I18: 87100985 | J18: 1130770 | K18: 113.69 | L18: 86838486 | M18: 1164612 | N18: 110.08 | O18: 92104112 | P18: 1187552.5 | Q18: 107.42 | R18: 1.0101998e+08 | S18: 1257892.6 | T18: 121.6 | U18: 1.1224797e+08 | V18: 1274555 | W18: 129.11 | X18: 1.1625757e+08 | Y18: 1356782 | Z18: 126.04 | AA18: 1.1762577e+08 | AB18: 1290018 | AC18: 134.21 | AD18: =SUM(AD2:AD17) -> 1.243756e+08 | AE18: =SUM(AE2:AE17) -> 1369943.2 | AF18: 136.44 | AG18: =SUM(AG2:AG17) -> 1.2377022e+08 | AH18: =SUM(AH2:AH17) -> 1399615.6 | AI18: 134.9 | AJ18: =SUM(AJ2:AJ17) -> 1.3794952e+08 | AK18: =SUM(AK2:AK17) -> 1410128.2 | AL18: 147.21 | AM18: =SUM(AM2:AM17) -> 1.666037e+08 | AN18: =SUM(AN2:AN17) -> 1483797.7 | AO18: ='[1]BILLING RATE CALC'!J39 -> 158.66602 | AP18: =SUM(AP2:AP17) -> 1.9060805e+08 | AQ18: =SUM(AQ2:AQ17) -> 1838805.5 | AR18: 142.66 | AS18: =SUM(AS2:AS17) -> 1.8881823e+08 | AT18: =SUM(AT2:AT17) -> 1869445 | AU18: 141.17 | AV18: =SUM(AV2:AV17) -> 1.8491717e+08 | AW18: =SUM(AW2:AW17) -> 1757110 | AX18: ='BILLING RATE CALC'!J39 -> 149.61929
AE19: 1369943 | AH19: 1399616 | AJ19: 1.3794952e+08 | AK19: 1410128 | AM19: ='[1]BILLING RATE CALC'!C39 -> 1.666037e+08 | AN19: ='[1]BILLING RATE CALC'!D39 -> 1483797.7 | AP19: 1.9060805e+08 | AQ19: 1838806 | AS19: 1.8881823e+08 | AT19: 1869445 | AV19: 1.8491717e+08 | AW19: 1757110
A21: The "Total Cost" columns only represent costs associated with the Institutions and does not include other costs. The "Total" column should reflect "Inst. Cost" rate shown on BILLING RATE CALC tab.
A25: Revised: 10/11/16 lj
AC42: ; | AF42: ;

Sheet Sheet1
